Workbook
Name \0: #REF!
Name \0: #REF!
Name \0: #REF!
Name \0: #REF!
Name \0: #REF!
Name \0: #REF!
Name \0: #REF!
Name \0: #REF!
Name \a: #REF!
Name \a: #REF!
Name \a: #REF!
Name \a: #REF!
Name \a: #REF!
Name \a: #REF!
Name \a: #REF!
Name \a: #REF!
Name \B: #REF!
Name \B: #REF!
Name \B: #REF!
Name \B: #REF!
Name \B: #REF!
Name \B: #REF!
Name \B: #REF!
Name \B: #REF!
Name \C: #REF!
Name \C: #REF!
Name \C: #REF!
Name \C: #REF!
Name \C: #REF!
Name \C: #REF!
Name \C: #REF!
Name \D: #REF!
Name \D: #REF!
Name \D: #REF!
Name \D: #REF!
Name \D: #REF!
Name \D: #REF!
Name \E: #REF!
Name \E: #REF!
Name \E: #REF!
Name \E: #REF!
Name \E: #REF!
Name \E: #REF!
Name \f: #N/A
Name \G: #REF!
Name \G: #REF!
Name \G: #REF!
Name \G: #REF!
Name \G: #REF!
Name \G: #REF!
Name \g_1: #N/A
Name \h: #REF!
Name \h: #REF!
Name \h: #REF!
Name \h: #REF!
Name \h: #REF!
Name \h: #REF!
Name \i: #N/A
Name \j: #REF!
Name \j: #REF!

Sheet Sobre_About the Data

Sheet DRE_Income Statement
B4: Os dados divulgados abaixo refletem as informações dos segmentos Locação e Indústria, conforme Nota Explicativa "Informações por segmento" das DFs. Resultados dos trimestres de 2024 foram reclassificados com os ajustes da cisão das Concessionárias. Maiores informações no Release de Resultados do 3T25 | C4: The data disclosed below reflect information from the Rental and Industry segments, as per the Explanatory Note "Information by segment" of the Financial Statements. The 2024 quarters results were reclassified with adjustments for the spin-off of the Dealers. More information avilable in the 1Q25 Earnings Release
G5: RECLASSIFICADO / RECLASSIFIED ** | L5: RECLASSIFICADO / RECLASSIFIED **
B6: DRE - VAMOS Consolidado (Operações Continuadas) - R$ milhões | C6: Income Statement - VAMOS (Continuing Operations) - R$ million | D6: 2020 | E6: 2021 | F6: 2022 | G6: 1Q23 | H6: 2Q23 | I6: 3Q23 | J6: 4Q23 | K6: 2023 | L6: 1Q24 | M6: 2Q24* | N6: 3Q24 | O6: 4Q24 | P6: 2024* | Q6: 1Q25 | R6: 2Q25 | S6: 3Q25 | T6: 4Q25 | U6: 2025 | V6: 1Q26 | W6: 2Q26
B8: DRE - VAMOS Consolidado (Operações Continuadas) - R$ milhões | C8: Income Statement - VAMOS (Continuing Operations) - R$ million
B9: Receita bruta com eliminações intercompany | C9: Gross revenue with accounting intercompany eliminations | D9: =D10+D13+D15 -> 900.654 | E9: =E10+E13+E15 -> 1329.626 | F9: =F10+F13+F15 -> 2478.635 | G9: =G10+G13+G15 -> 1066.1438 | H9: =H10+H13+H15 -> 1034.7118 | I9: =I10+I13+I15 -> 1104.8852 | J9: =J10+J13+J15 -> 852.19503 | K9: =SUM(G9:J9) -> 4057.9359 | L9: =L10+L13+L15 -> 1227.461 | M9: =M10+M13+M15 -> 1356.5049 | N9: =N10+N13+N15 -> 1368.0811 | O9: =O10+O13+O15 -> 1331.4736 | P9: =SUM(L9:O9) -> 5283.5206 | Q9: =Q10+Q13+Q15 -> 1464.774 | R9: =R10+R13+R15 -> 1562.064 | S9: =S10+S13+S15 -> 1682.101 | T9: =T10+T13+T15 -> 1648.299 | U9: =U10+U13+U15 -> 6357.2347 | V9: =V10+V13+V15 -> 1779.8239 | W9: =W10+W13+W15 -> 1726.6181
B10: Locação | C10: Leasing | D10: =SUM(D11:D12) -> 900.654 | E10: =SUM(E11:E12) -> 1278.883 | F10: =SUM(F11:F12) -> 2186.583 | G10: =SUM(G11:G12) -> 919.03314 | H10: =SUM(H11:H12) -> 920.83086 | I10: =SUM(I11:I12) -> 1025.289 | J10: =SUM(J11:J12) -> 1030.025 | K10: =SUM(G10:J10) -> 3895.178 | L10: =SUM(L11:L12) -> 1117.614 | M10: =SUM(M11:M12) -> 1229.781 | N10: =SUM(N11:N12) -> 1261.141 | O10: =SUM(O11:O12) -> 1240.5469 | P10: =SUM(L10:O10) -> 4849.0829 | Q10: =SUM(Q11:Q12) -> 1362.0512 | R10: =SUM(R11:R12) -> 1453.8316 | S10: =SUM(S11:S12) -> 1554.8078 | T10: =SUM(T11:T12) -> 1535.0717 | U10: =SUM(U11:U12) -> 5905.7623 | V10: =SUM(V11:V12) -> 1637.1521 | W10: =SUM(W11:W12) -> 1582.818
B11: Receita bruta com a prestação de serviços | C11: Gross revenue from services | D11: 726.267 | E11: 1140.606 | F11: 1809.865 | G11: 663.90152 | H11: 729.91248 | I11: 781.104 | J11: 865.62064 | K11: =SUM(G11:J11) -> 3040.5386 | L11: 939.684 | M11: 1026.108 | N11: 1037.617 | O11: 1068.3358 | P11: =SUM(L11:O11) -> 4071.7448 | Q11: 1064.7457 | R11: =R71 -> 1120.5906 | S11: =S71 -> 1148.2086 | T11: =T71 -> 1189.8362 | U11: =U71 -> 4523.381 | V11: =V71 -> 1166.4273 | W11: =W71 -> 1205.8267
B12: Receita bruta com a venda de ativos (Seminovos + CPC-06) | C12: Gross revenue from asset sales (Used assets + CPC-06/IFRS-16) | D12: 174.387 | E12: 138.277 | F12: 376.718 | G12: 255.13162 | H12: 190.91838 | I12: 244.185 | J12: 164.40435 | K12: =SUM(G12:J12) -> 854.63935 | L12: 177.93 | M12: 203.673 | N12: 223.524 | O12: 172.21106 | P12: =SUM(L12:O12) -> 777.33806 | Q12: 297.30551 | R12: =R72 -> 333.24096 | S12: =S72 -> 406.59924 | T12: =T72 -> 345.23552 | U12: =U72 -> 1382.3812 | V12: =V72+V73 -> 470.72478 | W12: =W72+W73 -> 376.99126
B13: Indústria | C13: Industry | D13: 0 | E13: 50.743 | F13: 292.052 | G13: 158.89909 | H13: 176.17291 | I13: 149.652 | J13: 136.25691 | K13: =SUM(G13:J13) -> 620.98091 | L13: 153.371 | M13: 146.1 | N13: 125.772 | O13: 104.03489 | P13: =SUM(L13:O13) -> 529.27789 | Q13: 106.79 | R13: =R117 -> 110.74923 | S13: =S117 -> 133.64923 | T13: =T117 -> 141.9692 | U13: =U117 -> 493.15442 | V13: =V117 -> 187.14411 | W13: =W117 -> 146.71933
K14: =SUM(G14:J14) -> 0 | P14: =SUM(L14:O14) -> 0
B15: Eliminações intercompany | C15: Accounting intercompany eliminations | D15: 0 | E15: 0 | F15: 0 | G15: -11.788428 | H15: -62.29195 | I15: -70.05575 | J15: -314.08687 | K15: =SUM(G15:J15) -> -458.223 | L15: -43.52397 | M15: -19.376113 | N15: -18.831917 | O15: -13.108204 | P15: =SUM(L15:O15) -> -94.840204 | Q15: -4.0672023 | R15: -2.5168199 | S15: -6.356068 | T15: -28.74191 | U15: -41.682001 | V15: -44.472346 | W15: -2.9192038
B17: Deduções Totais | C17: Total Deductions | D17: =SUM(D18:D19) -> -78.547 | E17: =SUM(E18:E19) -> -136.853 | F17: =SUM(F18:F19) -> -264.31429 | G17: =SUM(G18:G19) -> -120.72115 | H17: =SUM(H18:H19) -> -121.88685 | I17: =SUM(I18:I19) -> -120.426 | J17: =SUM(J18:J19) -> -146.23511 | K17: =SUM(G17:J17) -> -509.26911 | L17: =SUM(L18:L19) -> -149.532 | M17: =SUM(M18:M19) -> -149.405 | N17: =SUM(N18:N19) -> -146.986 | O17: =SUM(O18:O19) -> -138.28566 | P17: =SUM(L17:O17) -> -584.20866 | Q17: =SUM(Q18:Q19) -> -132.75489 | R17: =SUM(R18:R19) -> -150.39806 | S17: =SUM(S18:S19) -> -153.09374 | T17: =SUM(T18:T19) -> -165.27601 | U17: =SUM(U18:U19) -> -601.52269 | V17: =SUM(V18:V19) -> -159.53403 | W17: =SUM(W18:W19) -> -162.31297
B18: Deduções da Receita de prestação de serviços | C18: Deductions from Service Revenue | D18: -76.291 | E18: -134.239 | F18: -252.05251 | G18: -97.607145 | H18: -107.05085 | I18: -110.658 | J18: -118.88841 | K18: =SUM(G18:J18) -> -434.20441 | L18: -131.279 | M18: -134.328 | N18: -134.174 | O18: -130.83462 | P18: =SUM(L18:O18) -> -530.61562 | Q18: -125.94089 | R18: =R75+R122 -> -141.44021 | S18: =S75+S122 -> -141.44205 | T18: =T75+T122 -> -146.96932 | U18: =U75+U122 -> -555.79247 | V18: =V75+V122 -> -147.1019 | W18: =W75+W122 -> -150.30731
B19: Deduções da Receita de venda de ativos | C19: Deductions from Revenue from sale of assets | D19: -2.256 | E19: -2.614 | F19: -12.261775 | G19: -23.114 | H19: -14.836 | I19: -9.768 | J19: -27.346705 | K19: =SUM(G19:J19) -> -75.064705 | L19: -18.253 | M19: -15.077 | N19: -12.812 | O19: -7.451046 | P19: =SUM(L19:O19) -> -53.593046 | Q19: -6.814 | R19: =R76 -> -8.957849 | S19: =S76 -> -11.651686 | T19: =T76 -> -18.306692 | U19: =U76 -> -45.730227 | V19: =V76 -> -12.432135 | W19: =W76 -> -12.005655
B21: Receita líquida com eliminações intercompany | C21: Net revenue with accounting intercompany eliminations | D21: =D22+D25+D27 -> 822.107 | E21: =E22+E25+E27 -> 1192.573 | F21: =F22+F25+F27 -> 2214.321 | G21: =G22+G25+G27 -> 945.32265 | H21: =H22+H25+H27 -> 912.72497 | I21: =I22+I25+I27 -> 984.45925 | J21: =J22+J25+J27 -> 705.9099 | K21: =SUM(G21:J21) -> 3548.4168 | L21: =L22+L25+L27 -> 1077.929 | M21: =M22+M25+M27 -> 1207.0999 | N21: =N22+N25+N27 -> 1221.0947 | O21: =O22+O25+O27 -> 1193.1883 | P21: =SUM(L21:O21) -> 4699.3119 | Q21: =Q22+Q25+Q27 -> 1332.0158 | R21: =R22+R25+R27 -> 1411.6659 | S21: =S22+S25+S27 -> 1529.0072 | T21: =T22+T25+T27 -> 1483.023 | U21: =U22+U25+U27 -> 5755.712 | V21: =V22+V25+V27 -> 1620.2898 | W21: =W22+W25+W27 -> 1564.3052
B22: Locação | C22: Leasing | D22: =SUM(D23:D24) -> 822.107 | E22: =SUM(E23:E24) -> 1154.164 | F22: =SUM(F23:F24) -> 1982.146 | G22: =SUM(G23:G24) -> 827.71195 | H22: =SUM(H23:H24) -> 833.27405 | I22: =SUM(I23:I24) -> 934.958 | J22: =SUM(J23:J24) -> 910.6506 | K22: =SUM(G22:J22) -> 3506.5946 | L22: =SUM(L23:L24) -> 998.055 | M22: =SUM(M23:M24) -> 1110.306 | N22: =SUM(N23:N24) -> 1138.35 | O22: =SUM(O23:O24) -> 1126.8157 | P22: =SUM(L22:O22) -> 4373.5267 | Q22: =SUM(Q23:Q24) -> 1251.1049 | R22: =SUM(R23:R24) -> 1326.4132 | S22: =SUM(S23:S24) -> 1433.639 | T22: =SUM(T23:T24) -> 1398.5119 | U22: =SUM(U23:U24) -> 5409.669 | V22: =SUM(V23:V24) -> 1512.6741 | W22: =SUM(W23:W24) -> 1452.8624
B23: Receita líquida com a prestação de serviços | C23: Net revenue from services | D23: 649.976 | E23: 1018.701 | F23: 1617.69 | G23: 595.69433 | H23: 656.33667 | I23: 700.141 | J23: 773.89296 | K23: =SUM(G23:J23) -> 2726.065 | L23: 838.378 | M23: 921.71 | N23: 927.638 | O23: 962.05572 | P23: =SUM(L23:O23) -> 3649.7817 | Q23: 960.61334 | R23: =R79 -> 1002.1301 | S23: =S79 -> 1038.6915 | T23: =T79 -> 1071.5831 | U23: =U79 -> 4073.018 | V23: =V79 -> 1054.3815 | W23: =W79 -> 1087.8768
B24: Receita líquida com a venda de ativos (Seminovos + CPC-06) | C24: Net revenue from asset sales (Used assets + CPC-06/IFRS-16) | D24: 172.131 | E24: 135.463 | F24: 364.456 | G24: 232.01762 | H24: 176.93738 | I24: 234.817 | J24: 136.75764 | K24: =SUM(G24:J24) -> 780.52964 | L24: 159.677 | M24: 188.596 | N24: 210.712 | O24: 164.76001 | P24: =SUM(L24:O24) -> 723.74501 | Q24: 290.49151 | R24: =R80 -> 324.28311 | S24: =S80 -> 394.94756 | T24: =T80 -> 326.92882 | U24: =U80 -> 1336.651 | V24: =V80+V81 -> 458.29265 | W24: =W80+W81 -> 364.9856
B25: Indústria | C25: Industry | D25: 0 | E25: 38.409 | F25: 232.175 | G25: 129.39913 | H25: 141.74287 | I25: 119.557 | J25: 109.34618 | K25: =SUM(G25:J25) -> 500.04518 | L25: 123.398 | M25: 116.17 | N25: 101.577 | O25: 79.480393 | P25: =SUM(L25:O25) -> 420.62539 | Q25: 84.978186 | R25: =R125 -> 87.769559 | S25: =S125 -> 101.72426 | T25: =T125 -> 113.25299 | U25: =U125 -> 387.725 | V25: =V125 -> 152.08804 | W25: =W125 -> 114.36196
B27: Eliminações intercompany | C27: Accounting intercompany eliminations | D27: 0 | E27: 0 | F27: 0 | G27: -11.788428 | H27: -62.29195 | I27: -70.05575 | J27: -314.08687 | K27: =SUM(G27:J27) -> -458.223 | L27: -43.52397 | M27: -19.376113 | N27: -18.832258 | O27: -13.107863 | P27: =SUM(L27:O27) -> -94.840204 | Q27: -4.0672023 | R27: -2.5168199 | S27: -6.356068 | T27: -28.74191 | U27: -41.682001 | V27: -44.472346 | W27: -2.9192038
B29: Custo com eliminações intercompany | C29: Costs with accounting intercompany eliminations | D29: =SUM(D30:D32,D34) -> -448.03651 | E29: =SUM(E30:E32,E34) -> -505.876 | F29: =SUM(F30:F32,F34) -> -747.52073 | G29: =SUM(G30:G32,G34) -> -352.49069 | H29: =SUM(H30:H32,H34) -> -285.97196 | I29: =SUM(I30:I32,I34) -> -324.49025 | J29: =SUM(J30:J32,J34) -> -221.60416 | K29: =SUM(G29:J29) -> -1184.5571 | L29: =SUM(L30:L32,L34) -> -359.575 | M29: =SUM(M30:M32,M34) -> -423.58196 | N29: =SUM(N30:N32,N34) -> -466.21923 | O29: =SUM(O30:O32,O34) -> -444.56758 | P29: =SUM(L29:O29) -> -1693.9438 | Q29: =SUM(Q30:Q32,Q34) -> -601.85386 | R29: =SUM(R30:R32,R34) -> -657.76537 | S29: =SUM(S30:S32,S34) -> -788.9392 | T29: =SUM(T30:T32,T34) -> -689.549 | U29: =SUM(U30:U32,U34) -> -2738.1074 | V29: =SUM(V30:V32,V34) -> -855.43577 | W29: =SUM(W30:W32,W34) -> -777.34654
B30: Custo ex-depreciação | C30: Cost ex-depreciation | D30: -52.28051 | E30: -146.49578 | F30: -186.62996 | G30: -70.056333 | H30: -114.3267 | I30: -110.525 | J30: -138.24093 | K30: =SUM(G30:J30) -> -433.14896 | L30: -120.436 | M30: -120.952 | N30: -120.491 | O30: -116.2359 | P30: =SUM(L30:O30) -> -478.1149 | Q30: -95.976517 | R30: =R83+R130 -> -106.84484 | S30: =S83+S130 -> -132.75127 | T30: =T83+T130 -> -136.85555 | U30: =U83+U130 -> -472.396 | V30: =V83+V130 -> -160.35262 | W30: =W83+W130 -> -128.62587
B31: Depreciação | C31: Depreciation | D31: -238.707 | E31: -260.59022 | F31: -286.34034 | G31: -98.973567 | H31: -98.226433 | I31: -96.673 | J31: -92.328344 | K31: =SUM(G31:J31) -> -386.20134 | L31: -158.142 | M31: -176.018 | N31: -190.412 | O31: -206.11669 | P31: =SUM(L31:O31) -> -730.68869 | Q31: -239.07545 | R31: =R131+R84 -> -252.39848 | S31: =S131+S84 -> -267.60033 | T31: =T131+T84 -> -258.30856 | U31: =U131+U84 -> -1017.415 | V31: =V131+V84 -> -289.49903 | W31: =W131+W84 -> -290.01198
B32: Custo de venda de ativos (Seminovos + CPC-06) | C32: Cost of assets sold (Used assets + CPC-06/IFRS-16) | D32: -157.049 | E32: -98.79 | F32: -274.55043 | G32: -195.24922 | H32: -135.71078 | I32: -187.348 | J32: -90.315933 | K32: =SUM(G32:J32) -> -608.62393 | L32: -123.954 | M32: -145.264 | N32: -173.325 | O32: -135.04167 | P32: =SUM(L32:O32) -> -577.58467 | Q32: -269.47266 | R32: =R85 -> -300.13068 | S32: =S85 -> -393.70297 | T32: =T85 -> -322.99004 | U32: =U85 -> -1286.2963 | V32: =V85+V86 -> -449.91629 | W32: =W85+W86 -> -361.48666
B34: Eliminações intercompany | C34: Accounting intercompany eliminations | D34: 0 | E34: 0 | F34: 0 | G34: 11.788428 | H34: 62.29195 | I34: 70.05575 | J34: 99.281049 | K34: =SUM(G34:J34) -> 243.41718 | L34: 42.957 | M34: 18.652035 | N34: 18.008766 | O34: 12.826675 | P34: =SUM(L34:O34) -> 92.444477 | Q34: 2.6707769 | R34: 1.6086246 | S34: 5.1153674 | T34: 28.605145 | U34: 37.999914 | V34: 44.332171 | W34: 2.7779622
B36: Lucro bruto | C36: Gross profit | D36: =D21+D29 -> 374.07049 | E36: =E21+E29 -> 686.697 | F36: =F21+F29 -> 1466.8003 | G36: =G21+G29 -> 592.83196 | H36: =H21+H29 -> 626.75301 | I36: =I21+I29 -> 659.969 | J36: =J21+J29 -> 484.30574 | K36: =K21+K29 -> 2363.8597 | ... W36: =W21+W29 -> 786.95862
B37: Margem bruta | C37: Gross margin | D37: =D36/D21 -> 0.45501436 | E37: =E36/E21 -> 0.57581129 | F37: =F36/F21 -> 0.66241537 | G37: =G36/G21 -> 0.62712129 | H37: =H36/H21 -> 0.68668332 | I37: =I36/I21 -> 0.67038732 | J37: =J36/J21 -> 0.68607303 | K37: =K36/K21 -> 0.66617307 | ... W37: =W36/W21 -> 0.50307232
B39: Despesas | C39: Expenses | D39: =SUM(D40:D43,D45) -> -59.887 | E39: =SUM(E40:E43,E45) -> -113.478 | F39: =SUM(F40:F43,F45) -> -234.36658 | G39: =SUM(G40:G43,G45) -> -77.903297 | H39: =SUM(H40:H43,H45) -> -79.446421 | I39: =SUM(I40:I43,I45) -> -88.30567 | J39: =SUM(J40:J43,J45) -> -89.164406 | K39: =SUM(K40:K43,K45) -> -334.81979 | ... W39: =SUM(W40:W43,W45) -> -111.22251
B40: Despesas gerais e administrativas ex-depreciação | C40: General and administrative expenses (ex-depreciation) | D40: -64.455 | E40: -109.673 | F40: -227.5022 | G40: -70.693204 | H40: -58.236234 | I40: -64.958 | J40: -76.954551 | K40: =SUM(G40:J40) -> -270.84199 | L40: -76.855 | M40: -162.19 | N40: -78.786 | O40: -110.16461 | P40: =SUM(L40:O40) -> -427.99561 | Q40: -86.631335 | R40: =R95+R137 -> -111.77482 | S40: =S95+S137 -> -109.62239 | T40: =T95+T137 -> -104.80528 | U40: =U95+U137 -> -413.6994 | V40: =V95+V137 -> -106.39733 | W40: =W95+W137 -> -109.20253
B41: Depreciação | C41: Depreciation | D41: -2.099 | E41: -5.142 | F41: -14.375871 | G41: -38.357674 | H41: -38.719326 | I41: -43.261 | J41: -39.564743 | K41: =SUM(G41:J41) -> -159.90274 | L41: -6.545 | M41: -3.915 | N41: -4.757 | O41: -4.7072186 | P41: =SUM(L41:O41) -> -19.924219 | Q41: -4.4985623 | R41: =R96+R138 -> -4.7908968 | S41: =S96+S138 -> -5.5313828 | T41: =T96+T138 -> -5.5951581 | U41: =U96+U138 -> -20.416 | V41: =V96+V138 -> -5.8430417 | W41: =W96+W138 -> -5.7832849
B42: Outras despesas e receitas | C42: Other expenses/revenues | D42: 6.667 | E42: 1.337 | F42: 7.511491 | G42: 1.4570179 | H42: -0.53901788 | I42: 2.23 | J42: -3.1451119 | K42: =SUM(G42:J42) -> 0.00288807 | L42: 4.925 | M42: 1.65 | N42: -4.025 | O42: 0.64613212 | P42: =SUM(L42:O42) -> 3.1961321 | Q42: 2.7324716 | R42: =R97+R139 -> 15.639806 | S42: =S97+S139 -> -4.254597 | T42: =T97+T139 -> 9.7956589 | U42: =U97+U139 -> 24.778405 | V42: =V97+V139 -> 3.2492551 | W42: =W97+W139 -> 3.6225108
B43: Efeitos extraordinários/não recorrentes | C43: Extraordinary effects (weather events in Rio Grande do Sul + one-off increase in the bad debt provision)* | D43: 0 | E43: 0 | F43: 0 | G43: 0 | H43: 0 | I43: 0 | J43: 0 | L43: 0 | M43: 82.282838 | N43: 0 | O43: 0 | P43: =SUM(L43:O43) -> 82.282838 | Q43: 0 | R43: =R98 -> -14.819736 | S43: =S98 -> 0 | T43: =T98 -> 0 | U43: -14.819736 | V43: =V98 -> 0 | W43: =W98 -> 0
B45: Eliminações intercompany | C45: Accounting intercompany eliminations | D45: 0 | E45: 0 | F45: 0 | G45: 29.690562 | H45: 18.048158 | I45: 17.68333 | J45: 30.5 | K45: =SUM(G45:J45) -> 95.92205 | L45: 0.568499 | M45: 0.72254832 | N45: 0.82349198 | O45: 0.28144691 | P45: =SUM(L45:O45) -> 2.3959862 | Q45: 1.3964253 | R45: 0.90819524 | S45: 1.2407006 | T45: 0.1396788 | U45: 3.685 | V45: 0.140175 | W45: 0.14079973
B47: EBIT | C47: EBIT | D47: =D36+D39 -> 314.18349 | E47: =E36+E39 -> 573.219 | F47: =F36+F39 -> 1232.4337 | G47: =G36+G39 -> 514.92866 | H47: =H36+H39 -> 547.30659 | I47: =I36+I39 -> 571.66333 | J47: =J36+J39 -> 395.14134 | K47: =K36+K39 -> 2029.0399 | ... W47: =W36+W39 -> 675.73611
B48: Margem EBIT | C48: EBIT Margin | D48: =D47/D21 -> 0.38216861 | E48: =E47/E21 -> 0.48065737 | F48: =F47/F21 -> 0.55657409 | G48: =G47/G21 -> 0.54471207 | H48: =H47/H21 -> 0.59964021 | I48: =I47/I21 -> 0.58068765 | J48: =J47/J21 -> 0.55976171 | K48: =K47/K21 -> 0.57181556 | ... W48: =W47/W21 -> 0.43197205
B50: Despesas financeiras líquidas | C50: Financial Result | D50: =SUM(D51:D52) -> -103.895 | E50: =SUM(E51:E52) -> -163.807 | F50: =SUM(F51:F52) -> -759.03974 | G50: =SUM(G51:G52) -> -338.28026 | H50: =SUM(H51:H52) -> -412.75674 | I50: =SUM(I51:I52) -> -405.046 | J50: =SUM(J51:J52) -> -324.3432 | K50: =SUM(K51:K52) -> -1480.4262 | ... W50: =SUM(W51:W52) -> -547.39076
B51: Receita financeira | C51: Financial revenue | D51: 17.245 | E51: 103.285 | F51: 357.65331 | G51: 31.827258 | H51: 42.577742 | I51: 44.411 | J51: 34.205115 | K51: =SUM(G51:J51) -> 153.02111 | L51: 64.982 | M51: 70.206936 | N51: 99.644 | O51: 74.078883 | P51: =SUM(L51:O51) -> 308.91182 | Q51: 91.248669 | R51: 130.80259 | S51: 147.77795 | T51: 200.73414 | U51: 570.56335 | V51: 152.964 | W51: 220.96206
B52: Despesa financeira | C52: Financial expenses | D52: -121.14 | E52: -267.092 | F52: -1116.6931 | G52: -370.10751 | H52: -455.33449 | I52: -449.457 | J52: -358.54832 | K52: =SUM(G52:J52) -> -1633.4473 | L52: -436.414 | M52: -459.32094 | N52: -515.113 | O52: -518.49523 | P52: =SUM(L52:O52) -> -1929.3432 | Q52: -584.471 | R52: -662.37165 | S52: -709.91458 | T52: -792.35311 | U52: -2749.1103 | V52: -694.39627 | W52: -768.35282
B54: Lucro antes do Imposto de Renda e Contribuição Social | C54: EBT | D54: =D47+D50 -> 210.28849 | E54: =E47+E50 -> 409.412 | F54: =F47+F50 -> 473.39395 | G54: =G47+G50 -> 176.6484 | H54: =H47+H50 -> 134.54985 | I54: =I47+I50 -> 166.61733 | J54: =J47+J50 -> 70.798134 | K54: =K47+K50 -> 548.61372 | ... W54: =W47+W50 -> 128.34535
B55: Despesas de IR e CS | C55: Income tax and social contribution | D55: -62.015 | E55: -126.594 | F55: -74.242913 | G55: -30.987987 | H55: -9.3460128 | I55: -5.162 | J55: -5.5404104 | K55: =SUM(G55:J55) -> -51.03641 | L55: -70.83434 | M55: -52.56166 | N55: -67.992 | O55: -26.292903 | P55: =SUM(L55:O55) -> -217.6809 | Q55: -42.108708 | R55: -29.547583 | S55: -9.3177087 | T55: -23.727 | U55: -104.701 | V55: -27.932281 | W55: -27.276783
B56: IR - efeitos extraordinários/não recorrentes | C56: Income tax - extraordinary effects | D56: 0 | E56: 0 | F56: 0 | G56: 0 | H56: 0 | I56: 0 | J56: 0 | L56: 0 | M56: -27.976165 | N56: 0 | O56: 0 | P56: =SUM(L56:O56) -> -27.976165 | Q56: 0 | R56: =-R43*0.34 -> 5.0387103 | U56: 5.0387103
B57: Alíquota efetiva recorrente de IR | D57: =(D55+D56)/D54 -> -0.2949044 | E57: =(E55+E56)/E54 -> -0.30920931 | F57: =(F55+F56)/F54 -> -0.15683114 | G57: =(G55+G56)/G54 -> -0.17542184 | H57: =(H55+H56)/H54 -> -0.06946134 | I57: =(I55+I56)/I54 -> -0.030981171 | J57: =(J55+J56)/J54 -> -0.078256446 | K57: =(K55+K56)/K54 -> -0.093027952 | ... W57: =(W55+W56)/W54 -> -0.21252646
B59: Lucro Líquido/(Prejuízo) - Operações Continuadas | C59: Net Income /Loss (Continuing Operations) | D59: =D54+D55 -> 148.27349 | E59: =E54+E55 -> 282.818 | F59: =F54+F55 -> 399.15104 | G59: =G54+G55 -> 145.66042 | H59: =H54+H55 -> 125.20384 | I59: =I54+I55 -> 161.45533 | J59: =J54+J55 -> 65.257724 | K59: =K54+K55 -> 497.57731 | L59: =L54+L55 -> 198.18119 | M59: =M54+M55+M56 -> 232.41648 | N59: =N54+N55 -> 184.67 | O59: =O54+O55 -> 163.96718 | P59: =P54+P55+P56 -> 779.23485 | Q59: =Q54+Q55 -> 107.82994 | R59: =R54+R55+R56 -> 82.985167 | S59: =S54+S55+S56 -> 50.446011 | T59: =T54+T55+T56 -> 77.662934 | U59: =U54+U55+U56 -> 318.92354 | V59: =V54+V55+V56 -> 86.638583 | W59: =W54+W55+W56 -> 101.06857
B60: Margem líquida total | C60: Total net margin | D60: =D59/D21 -> 0.1803579 | E60: =E59/E21 -> 0.23714942 | F60: =F59/F21 -> 0.18025889 | G60: =G59/G21 -> 0.1540854 | H60: =H59/H21 -> 0.13717586 | I60: =I59/I21 -> 0.16400408 | J60: =J59/J21 -> 0.092444834 | K60: =K59/K21 -> 0.14022516 | ... W60: =W59/W21 -> 0.064609239
B62: EBITDA (Operações Continuadas) | C62: EBITDA (Continued Operations) | D62: =D47-D41-D31 -> 554.98949 | E62: =E47-E41-E31 -> 838.95122 | F62: =F47-F41-F31 -> 1533.1499 | G62: =G47-G41-G31 -> 652.2599 | H62: =H47-H41-H31 -> 684.25235 | I62: =I47-I41-I31 -> 711.59733 | J62: =J47-J41-J31 -> 527.03442 | K62: =K47-K41-K31 -> 2575.144 | ... W62: =W47-W41-W31 -> 971.53138
B63: Margem EBITDA | C63: EBITDA margin | D63: =D62/D21 -> 0.67508182 | E63: =E62/E21 -> 0.70347998 | F63: =F62/F21 -> 0.69237924 | G63: =G62/G21 -> 0.68998654 | H63: =H62/H21 -> 0.74968076 | I63: =I62/I21 -> 0.72283066 | J63: =J62/J21 -> 0.74660296 | K63: =K62/K21 -> 0.72571633 | ... W63: =W62/W21 -> 0.62106257
B65: Lucro Líquido/(Prejuízo) - Operações Descontinuadas | C65: Net Income /Loss (Discontinuing Operations) | D65: 30.928192 | E65: 119.532 | F65: 269.28667 | G65: 61.943489 | H65: 13.790179 | I65: -23.933668 | J65: 37.58494 | K65: =SUM(G65:J65) -> 89.38494 | L65: -15.164 | M65: -37.263001 | N65: -9.6092726 | O65: -281.91902 | P65: =SUM(L65:O65) -> -343.95529 | Q65: 0 | R65: 0 | S65: 0 | T65: 0 | U65: 0 | V65: 0 | W65: 0
K66: =K65-SUM(G65:J65) -> 0
B67: Lucro Líquido/(Prejuízo) - Consolidado com operações descontinuadas | C67: Net Income /Loss (Consolidated with Discontinuing Operations) | D67: =D59+D65 -> 179.20168 | E67: =E59+E65 -> 402.35 | F67: =F59+F65 -> 668.43771 | G67: =G59+G65 -> 207.60391 | H67: =H59+H65 -> 138.99401 | I67: =I59+I65 -> 137.52166 | J67: =J59+J65 -> 102.84266 | K67: =K59+K65 -> 586.96225 | ... W67: =W59+W65 -> 101.06857
K68: =K67-SUM(G67:J67) -> 0
B69: DRE - Locação e Venda de Ativos | C69: Income Statement - Leasing and Assets Sales
B70: Receita bruta | C70: Gross revenue | D70: =SUM(D71:D72) -> 900.654 | E70: =SUM(E71:E72) -> 1278.883 | F70: =SUM(F71:F72) -> 2186.583 | G70: =SUM(G71:G72) -> 919.03314 | H70: =SUM(H71:H72) -> 920.83086 | I70: =SUM(I71:I72) -> 1025.289 | J70: =SUM(J71:J72) -> 1030.025 | K70: =SUM(G70:J70) -> 3895.178 | L70: =SUM(L71:L72) -> 1117.614 | M70: =SUM(M71:M72) -> 1229.7815 | N70: =SUM(N71:N72) -> 1261.141 | O70: =SUM(O71:O72) -> 1240.5469 | P70: =SUM(L70:O70) -> 4849.0834 | Q70: =SUM(Q71:Q72) -> 1362.0512 | R70: =SUM(R71:R72) -> 1453.8316 | S70: =SUM(S71:S72) -> 1554.8078 | T70: =SUM(T71:T72) -> 1535.0717 | U70: =SUM(U71:U72) -> 5905.7623 | V70: =SUM(V71:V73) -> 1637.1521 | W70: =SUM(W71:W73) -> 1582.818
B71: Receita bruta com a prestação de serviços | C71: Gross revenue from services | D71: 726.267 | E71: 1140.606 | F71: 1809.865 | G71: 663.90152 | H71: 729.91248 | I71: 781.104 | J71: 865.62064 | K71: =SUM(G71:J71) -> 3040.5386 | L71: 939.684 | M71: 1026.1082 | N71: 1037.617 | O71: 1068.3358 | P71: =SUM(L71:O71) -> 4071.7451 | Q71: 1064.7457 | R71: 1120.5906 | S71: 1148.2086 | T71: 1189.8362 | U71: 4523.381 | V71: 1166.4273 | W71: 1205.8267
B72: Receita bruta com a venda de ativos | C72: Gross revenue from asset sales | D72: 174.387 | E72: 138.277 | F72: 376.718 | G72: 255.13162 | H72: 190.91838 | I72: 244.185 | J72: 164.40435 | K72: =SUM(G72:J72) -> 854.63935 | L72: 177.93 | M72: 203.67324 | N72: 223.524 | O72: 172.21106 | P72: =SUM(L72:O72) -> 777.3383 | Q72: 297.30551 | R72: 333.24096 | S72: 406.59924 | T72: 345.23552 | U72: 1382.3812 | V72: 338.50894 | W72: 370.74754
B73: Receita bruta de venda de ativos CPC-06 | C73: Gross revenue from asset sales CPC-06/IFRS-16 | V73: 132.21584 | W73: 6.2437162
B74: Deduções Totais | C74: Total Deductions | D74: =SUM(D75:D76) -> -78.547 | E74: =SUM(E75:E76) -> -124.719 | F74: =SUM(F75:F76) -> -204.437 | G74: =SUM(G75:G76) -> -91.221185 | H74: =SUM(H75:H76) -> -87.456815 | I74: =SUM(I75:I76) -> -90.331 | J74: =SUM(J75:J76) -> -119.47439 | K74: =SUM(K75:K76) -> -388.48339 | ... W74: =SUM(W75:W76) -> -129.95559
B75: Deduções da Receita de prestação de serviços | C75: Deductions from Service Revenue | D75: -76.291 | E75: -121.905 | F75: -192.175 | G75: -68.107185 | H75: -73.475815 | I75: -80.563 | J75: -92.12768 | K75: =SUM(G75:J75) -> -314.27368 | L75: -101.306 | M75: =M79-M71 -> -104.39784 | N75: -109.979 | O75: -106.28012 | P75: =SUM(L75:O75) -> -421.96295 | Q75: =Q79-Q71 -> -104.13232 | R75: =R79-R71 -> -118.46054 | S75: =S79-S71 -> -109.51708 | T75: =T79-T71 -> -118.2531 | U75: =U79-U71 -> -450.36305 | V75: =V79-V71 -> -112.04583 | W75: =W79-W71 -> -117.94993
B76: Deduções da Receita de venda de ativos | C76: Deductions from Revenue from sale of assets | D76: -2.256 | E76: -2.814 | F76: -12.262 | G76: -23.114 | H76: -13.981 | I76: -9.768 | J76: -27.346705 | K76: =SUM(G76:J76) -> -74.209705 | L76: -18.253 | M76: =M80-M72 -> -15.077146 | N76: -12.812 | O76: -7.451046 | P76: =SUM(L76:O76) -> -53.593192 | Q76: =Q80-Q72 -> -6.814 | R76: =R80-R72 -> -8.957849 | S76: =S80-S72 -> -11.651686 | T76: =T80-T72 -> -18.306692 | U76: =U80-U72 -> -45.730227 | V76: =V80-V72 -> -12.432135 | W76: =W80-W72 -> -12.005655
B77: Deduções da Receita de venda de ativos CPC-06 | C77: Deductions from Revenue from sale of assets CPC-06/IFRS-16 | V77: =V81-V73 -> 0 | W77: =W81-W73 -> 0
B78: Receita Líquida | C78: Net Revenue | D78: =SUM(D79:D80) -> 822.107 | E78: =SUM(E79:E80) -> 1154.164 | F78: =SUM(F79:F80) -> 1982.146 | G78: =SUM(G79:G80) -> 827.71195 | H78: =SUM(H79:H80) -> 833.27405 | I78: =SUM(I79:I80) -> 934.958 | J78: =SUM(J79:J80) -> 910.6506 | K78: =SUM(G78:J78) -> 3506.5946 | L78: =SUM(L79:L80) -> 998.055 | M78: =SUM(M79:M80) -> 1110.3065 | N78: =SUM(N79:N80) -> 1138.35 | O78: =SUM(O79:O80) -> 1126.8157 | P78: =SUM(L78:O78) -> 4373.5272 | Q78: =SUM(Q79:Q80) -> 1251.1049 | R78: =R79+R80 -> 1326.4132 | S78: =S79+S80 -> 1433.639 | T78: =T79+T80 -> 1398.5119 | U78: =U79+U80 -> 5409.669 | V78: =V79+V80+V81 -> 1512.6741 | W78: =W79+W80+W81 -> 1452.8624
B79: Receita líquida com a prestação de serviços | C79: Net revenue from services | D79: 649.976 | E79: 1018.701 | F79: 1617.69 | G79: 595.69433 | H79: 656.33667 | I79: 700.141 | J79: 773.89296 | K79: =SUM(G79:J79) -> 2726.065 | L79: 838.378 | M79: 921.71039 | N79: 927.638 | O79: 962.05572 | P79: =SUM(L79:O79) -> 3649.7821 | Q79: 960.61334 | R79: 1002.1301 | S79: 1038.6915 | T79: 1071.5831 | U79: 4073.018 | V79: 1054.3815 | W79: 1087.8768
B80: Receita líquida com a venda de ativos | C80: Net revenue from asset sales | D80: 172.131 | E80: 135.463 | F80: 364.456 | G80: 232.01762 | H80: 176.93738 | I80: 234.817 | J80: 136.75764 | K80: =SUM(G80:J80) -> 780.52964 | L80: 159.677 | M80: 188.5961 | N80: 210.712 | O80: 164.76001 | P80: =SUM(L80:O80) -> 723.74511 | Q80: 290.49151 | R80: 324.28311 | S80: 394.94756 | T80: 326.92882 | U80: 1336.651 | V80: 326.07681 | W80: 358.74189
B81: Receita liquida de venda de ativos CPC-06 | C81: Net revenue from asset sales CPC-06/IFRS-16 | V81: 132.21584 | W81: 6.2437162
B82: Custo | C82: Costs | D82: =SUM(D83:D85) -> -448.03651 | E82: =SUM(E83:E85) -> -481.92 | F82: =SUM(F83:F85) -> -652.789 | G82: =SUM(G83:G85) -> -314.33787 | H82: =SUM(H83:H85) -> -253.90813 | I82: =SUM(I83:I85) -> -291.857 | J82: =SUM(J83:J85) -> -217.73842 | K82: =SUM(G82:J82) -> -1077.8414 | L82: =SUM(L83:L85) -> -296.669 | M82: =SUM(M83:M85) -> -347.93914 | N82: =SUM(N83:N85) -> -401.538 | O82: =SUM(O83:O85) -> -374.45016 | P82: =SUM(L82:O82) -> -1420.5963 | Q82: =SUM(Q83:Q85) -> -536.56213 | R82: =SUM(R83:R85) -> -587.52685 | S82: =SUM(S83:S85) -> -706.32086 | T82: =SUM(T83:T85) -> -603.0845 | U82: =SUM(U83:U85) -> -2433.4943 | V82: =SUM(V83:V86) -> -774.01639 | W82: =SUM(W83:W86) -> -691.7514
B83: Custo ex-depreciação | C83: Cost ex-depreciation | D83: -52.28051 | E83: -122.167 | F83: -92.202 | G83: -23.940955 | H83: -23.672045 | I83: -10.759 | J83: -38.229031 | K83: =SUM(G83:J83) -> -96.601031 | L83: -17.857 | M83: -30.322358 | N83: -42.161 | O83: -37.954558 | P83: =SUM(L83:O83) -> -128.29492 | Q83: -33.090101 | R83: -41.030416 | S83: -50.875365 | T83: -27.853118 | U83: -152.849 | V83: -40.475086 | W83: -43.811052
B84: Depreciação | C84: Depreciation | D84: -238.707 | E84: -260.775 | F84: -285.978 | G84: -95.155223 | H84: -94.723777 | I84: -93.765 | J84: -89.233241 | K84: =SUM(G84:J84) -> -372.87724 | L84: -154.858 | M84: -172.35325 | N84: -186.052 | O84: -201.45393 | P84: =SUM(L84:O84) -> -714.71718 | Q84: -233.99937 | R84: -246.36576 | S84: -261.74252 | T84: -252.24135 | U84: -994.349 | V84: -283.62502 | W84: -286.4537
B85: Custo da venda de ativos | C85: Cost of assets sold | D85: -157.049 | E85: -98.978 | F85: -274.609 | G85: -195.24169 | H85: -135.51231 | I85: -187.333 | J85: -90.276149 | K85: =SUM(G85:J85) -> -608.36315 | L85: -123.954 | M85: -145.26354 | N85: -173.325 | O85: -135.04167 | P85: =SUM(L85:O85) -> -577.58421 | Q85: -269.47266 | R85: -300.13068 | S85: -393.70297 | T85: -322.99004 | U85: -1286.2963 | V85: -325.82371 | W85: -355.60391
B86: Custo da venda de ativos CPC-06 | C86: Cost of assets sold CPC-06/IFRS-16 | V86: -124.09258 | W86: -5.8827504
B87: Lucro Bruto | C87: Gross Profit | D87: =D78+D82 -> 374.07049 | E87: =E78+E82 -> 672.244 | F87: =F78+F82 -> 1329.357 | G87: =G78+G82 -> 513.37408 | H87: =H78+H82 -> 579.36592 | I87: =I78+I82 -> 643.101 | J87: =J78+J82 -> 692.91218 | K87: =K78+K82 -> 2428.7532 | ... W87: =W78+W82 -> 761.11101
B88: Lucro Bruto de serviços | C88: Gross Profit from services | D88: =D79+D83+D84 -> 358.98849 | E88: =E79+E83+E84 -> 635.759 | F88: =F79+F83+F84 -> 1239.51 | G88: =G79+G83+G84 -> 476.59816 | H88: =H79+H83+H84 -> 537.94084 | I88: =I79+I83+I84 -> 595.617 | J88: =J79+J83+J84 -> 646.43069 | K88: =K79+K83+K84 -> 2256.5867 | ... W88: =W79+W83+W84 -> 757.61206
B89: Margem bruta de serviços | C89: Gross margin from services | D89: =D88/D79 -> 0.55231038 | E89: =E88/E79 -> 0.62408793 | F89: =F88/F79 -> 0.76622221 | G89: =G88/G79 -> 0.80007166 | H89: =H88/H79 -> 0.81961114 | I89: =I88/I79 -> 0.85071007 | J89: =J88/J79 -> 0.83529728 | K89: =K88/K79 -> 0.8277817 | ... W89: =W88/W79 -> 0.69641347
B90: Lucro Bruto de venda de ativos | C90: Gross Profit from asset sales | D90: =D80+D85 -> 15.082 | E90: =E80+E85 -> 36.485 | F90: =F80+F85 -> 89.847 | G90: =G80+G85 -> 36.77593 | H90: =H80+H85 -> 41.42507 | I90: =I80+I85 -> 47.484 | J90: =J80+J85 -> 46.481491 | K90: =K80+K85 -> 172.16649 | ... W90: =W80+W85 -> 3.137983
B91: Margem bruta de venda de ativos | C91: Gross margin from asset sales | D91: =D90/D80 -> 0.087619313 | E91: =E90/E80 -> 0.26933554 | F91: =F90/F80 -> 0.24652359 | G91: =G90/G80 -> 0.1585049 | H91: =H90/H80 -> 0.23412277 | I91: =I90/I80 -> 0.20221705 | J91: =J90/J80 -> 0.33988222 | K91: =K90/K80 -> 0.22057649 | ... W91: =W90/W80 -> 0.0087471886
B92: Lucro Bruto de venda de ativos CPC-06 | C92: Gross Profit from asset sales CPC-06/IFRS-16 | V92: =V81+V86 -> 8.1232608 | W92: =W81+W86 -> 0.36096587
B93: Margem bruta de venda de ativos CPC-06 | C93: Gross margin from asset sales CPC-06/IFRS-16 | V93: =V92/V81 -> 0.061439392 | W93: =W92/W81 -> 0.057812664
B94: Despesas | C94: Expenses | D94: =SUM(D95:D98) -> -59.887 | E94: =SUM(E95:E98) -> -104.05 | F94: =SUM(F95:F98) -> -187.318 | G94: =SUM(G95:G98) -> -55.641773 | H94: =SUM(H95:H98) -> -53.223227 | I94: =SUM(I95:I98) -> -58.117 | J94: =SUM(J95:J98) -> -73.362341 | K94: =SUM(G94:J94) -> -240.34434 | L94: =SUM(L95:L98) -> -65.280118 | M94: =SUM(M95:M98) -> -69.793643 | N94: =SUM(N95:N98) -> -69.131364 | O94: =SUM(O95:O98) -> -100.16097 | P94: =SUM(L94:O94) -> -304.36609 | Q94: =SUM(Q95:Q98) -> -75.213096 | R94: =SUM(R95:R98) -> -102.61741 | S94: =SUM(S95:S98) -> -104.59264 | T94: =SUM(T95:T98) -> -84.18859 | U94: =SUM(U95:U98) -> -366.61174 | V94: =SUM(V95:V98) -> -92.822715 | W94: =SUM(W95:W98) -> -91.904482
B95: Despesas gerais e administrativas ex-depreciação | C95: General and administrative expenses ex-depreciation | D95: -64.455 | E95: -101.1 | F95: -178.481 | G95: -53.127744 | H95: -44.526256 | I95: -56.113 | J95: -63.504933 | K95: =SUM(G95:J95) -> -217.27193 | L95: -63.058423 | M95: -145.99345 | N95: -68.194984 | O95: -93.843894 | P95: =SUM(L95:O95) -> -371.09075 | Q95: -74.090936 | R95: -96.289677 | S95: -94.07312 | T95: -86.464672 | U95: -350.9184 | V95: -89.643712 | W95: -89.023382
B96: Depreciação | C96: Depreciation | D96: -2.099 | E96: -4.222 | F96: -6.613 | G96: -2.2294328 | H96: -2.5685672 | I96: -3.128 | J96: -3.4329238 | K96: =SUM(G96:J96) -> -11.358924 | L96: -5.326 | M96: -2.6589678 | N96: -4.071 | O96: -4.210228 | P96: =SUM(L96:O96) -> -16.266196 | Q96: -3.9210754 | R96: -4.220884 | S96: -4.9844256 | T96: -5.002615 | U96: -18.129 | V96: -5.2475072 | W96: -5.2277018
B97: Outras despesas e receitas | C97: Others | D97: 6.667 | E97: 1.272 | F97: -2.224 | G97: -0.28459582 | H97: -6.1284042 | I97: 1.124 | J97: -6.4244836 | K97: =SUM(G97:J97) -> -11.713484 | L97: 3.1043051 | M97: -3.4240635 | N97: 3.1346197 | O97: -2.1068457 | P97: =SUM(L97:O97) -> 0.70801556 | Q97: 2.7989154 | R97: 12.712885 | S97: -5.5350925 | T97: 7.2786965 | U97: 17.255405 | V97: 2.0685041 | W97: 2.3466019
B98: Efeitos extraordinários/não recorrentes (PDD + eventos climáticos) | C98: Non recurring effects | D98: 0 | E98: 0 | F98: 0 | G98: 0 | H98: 0 | I98: 0 | J98: 0 | K98: =SUM(G98:J98) -> 0 | L98: 0 | M98: =M43 -> 82.282838 | N98: 0 | O98: 0 | P98: =SUM(L98:O98) -> 82.282838 | Q98: 0 | R98: -14.819736 | U98: -14.819736
B100: EBIT | C100: EBIT | D100: =D87+D94 -> 314.18349 | E100: =E87+E94 -> 568.194 | F100: =F87+F94 -> 1142.039 | G100: =G87+G94 -> 457.73231 | H100: =H87+H94 -> 526.14269 | I100: =I87+I94 -> 584.984 | J100: =J87+J94 -> 619.54984 | K100: =K87+K94 -> 2188.4088 | ... W100: =W87+W94 -> 669.20653
B101: Margem EBIT de locação | C101: Consolidated EBIT Margin | D101: =D100/D78 -> 0.38216861 | E101: =E100/E78 -> 0.49229919 | F101: =F100/F78 -> 0.57616291 | G101: =G100/G78 -> 0.55300919 | H101: =H100/H78 -> 0.63141615 | I101: =I100/I78 -> 0.62567944 | J101: =J100/J78 -> 0.68033759 | K101: =K100/K78 -> 0.62408379 | ... W101: =W100/W78 -> 0.46061246
B102: EBIT de serviços | C102: Services EBIT | D102: =D100-D90 -> 299.10149 | E102: =E100-E90 -> 531.709 | F102: =F100-F90 -> 1052.192 | G102: =G100-G90 -> 420.95638 | H102: =H100-H90 -> 484.71762 | I102: =I100-I90 -> 537.5 | J102: =J100-J90 -> 573.06835 | K102: =K100-K90 -> 2016.2423 | ... U102: =U100-U90 -> 2559.2083 | V102: =V88+V94 -> 637.45867 | W102: =W88+W94 -> 665.70758
B103: Margem EBIT de serviços | C103: Services EBIT Margin | D103: =D102/D79 -> 0.46017313 | E103: =E102/E79 -> 0.52194805 | F103: =F102/F79 -> 0.6504287 | G103: =G102/G79 -> 0.70666508 | H103: =H102/H79 -> 0.73851979 | I103: =I102/I79 -> 0.76770251 | J103: =J102/J79 -> 0.74050079 | K103: =K102/K79 -> 0.7396164 | ... W103: =W102/W79 -> 0.61193287
B104: EBIT de venda de ativos | C104: Assets sales EBIT | D104: =D90 -> 15.082 | E104: =E90 -> 36.485 | F104: =F90 -> 89.847 | G104: =G90 -> 36.77593 | H104: =H90 -> 41.42507 | I104: =I90 -> 47.484 | J104: =J90 -> 46.481491 | K104: =K90 -> 172.16649 | ... W104: =W90 -> 3.137983
B105: Margem EBIT de venda de ativos | C105: Assets sales EBIT Margin | D105: =D104/D80 -> 0.087619313 | E105: =E104/E80 -> 0.26933554 | F105: =F104/F80 -> 0.24652359 | G105: =G104/G80 -> 0.1585049 | H105: =H104/H80 -> 0.23412277 | I105: =I104/I80 -> 0.20221705 | J105: =J104/J80 -> 0.33988222 | K105: =K104/K80 -> 0.22057649 | ... W105: =W104/W80 -> 0.0087471886
B106: EBIT de venda de ativos CPC-06 | C106: Assets sales EBIT CPC-06/IFRS-16 | V106: =V92 -> 8.1232608 | W106: =W92 -> 0.36096587
B107: Margem EBIT de venda de ativos CPC-06 | C107: Assets sales EBIT Margin CPC-06/IFRS-16 | V107: =V106/V81 -> 0.061439392 | W107: =W106/W81 -> 0.057812664
B108: EBITDA | C108: EBITDA | D108: =D100-D96-D84 -> 554.98949 | E108: =E100-E96-E84 -> 833.191 | F108: =F100-F96-F84 -> 1434.63 | G108: =G100-G96-G84 -> 555.11697 | H108: =H100-H96-H84 -> 623.43503 | I108: =I100-I96-I84 -> 681.877 | J108: =J100-J96-J84 -> 712.216 | K108: =K100-K96-K84 -> 2572.645 | ... W108: =W100-W96-W84 -> 960.88793
B109: Margem EBITDA Consolidada | C109: Consolidated EBITDA Margin | D109: =D108/D78 -> 0.67508182 | E109: =E108/E78 -> 0.72190001 | F109: =F108/F78 -> 0.72377615 | G109: =G108/G78 -> 0.67066443 | H109: =H108/H78 -> 0.74817526 | I109: =I108/I78 -> 0.72931297 | J109: =J108/J78 -> 0.78209579 | K109: =K108/K78 -> 0.73365909 | ... W109: =W108/W78 -> 0.66137572
B110: EBITDA de serviços | C110: Services EBITDA | D110: =D108-D90 -> 539.90749 | E110: =E108-E90 -> 796.706 | F110: =F108-F90 -> 1344.783 | G110: =G108-G90 -> 518.34104 | H110: =H108-H90 -> 582.00996 | I110: =I108-I90 -> 634.393 | J110: =J108-J90 -> 665.73451 | K110: =K108-K90 -> 2400.4785 | ... U110: =U108-U90 -> 3571.6863 | V110: =V102-V96-V84 -> 926.3312 | W110: =W102-W96-W84 -> 957.38898
B111: Margem EBITDA de serviços | C111: Services EBITDA Margin | D111: =D110/D79 -> 0.83065758 | E111: =E110/E79 -> 0.78208032 | F111: =F110/F79 -> 0.83129833 | G111: =G110/G79 -> 0.870146 | H111: =H110/H79 -> 0.88675521 | I111: =I110/I79 -> 0.9060932 | J111: =J110/J79 -> 0.86024108 | K111: =K110/K79 -> 0.88056541 | ... W111: =W110/W79 -> 0.88005275
B112: EBITDA de venda de ativos | C112: Assets sales EBITDA | D112: =D90 -> 15.082 | E112: =E90 -> 36.485 | F112: =F90 -> 89.847 | G112: =G90 -> 36.77593 | H112: =H90 -> 41.42507 | I112: =I90 -> 47.484 | J112: =J90 -> 46.481491 | K112: =K90 -> 172.16649 | ... W112: =W90 -> 3.137983
B113: Margem EBITDA de venda de ativos | C113: Assets sales EBITDA Margin | D113: =D112/D80 -> 0.087619313 | E113: =E112/E80 -> 0.26933554 | F113: =F112/F80 -> 0.24652359 | G113: =G112/G80 -> 0.1585049 | H113: =H112/H80 -> 0.23412277 | I113: =I112/I80 -> 0.20221705 | J113: =J112/J80 -> 0.33988222 | K113: =K112/K80 -> 0.22057649 | ... W113: =W112/W80 -> 0.0087471886
B114: EBITDA de venda de ativos CPC-06 | C114: Assets sales EBITDA CPC-06/IFRS-16 | V114: =V92 -> 8.1232608 | W114: =W92 -> 0.36096587
B115: Margem EBITDA de venda de ativos CPC-06 | C115: Assets sales EBITDA Margin CPC-06/IFRS-16 | V115: =V114/V81 -> 0.061439392 | W115: =W114/W81 -> 0.057812664
B116: DRE - Indústria/Customização | C116: Income Satatement - Industry/Customization
B117: Receita bruta | C117: Gross revenue | D117: =SUM(D118:D119) -> 0 | E117: =SUM(E118:E119) -> 50.743 | F117: =SUM(F118:F119) -> 292.052 | G117: =SUM(G118:G119) -> 158.89909 | H117: =SUM(H118:H119) -> 176.17291 | I117: =SUM(I118:I119) -> 149.652 | J117: =SUM(J118:J119) -> 136.25691 | K117: =SUM(G117:J117) -> 620.98091 | L117: =SUM(L118:L119) -> 153.371 | M117: =SUM(M118:M119) -> 146.09976 | N117: =SUM(N118:N119) -> 125.772 | O117: =SUM(O118:O119) -> 104.03489 | P117: =SUM(L117:O117) -> 529.27765 | Q117: =SUM(Q118:Q119) -> 106.78675 | R117: =SUM(R118:R119) -> 110.74923 | S117: =SUM(S118:S119) -> 133.64923 | T117: =SUM(T118:T119) -> 141.9692 | U117: =SUM(U118:U119) -> 493.15442 | V117: =SUM(V118:V119) -> 187.14411 | W117: =SUM(W118:W119) -> 146.71933
B118: Receita bruta com a prestação de serviços | C118: Gross revenue from services | D118: 0 | E118: 50.743 | F118: 292.052 | G118: 152.97434 | H118: 173.88766 | I118: 149.652 | J118: 136.2569 | K118: =SUM(G118:J118) -> 612.7709 | L118: 153.371 | M118: 146.09976 | N118: 125.772 | O118: 104.03489 | P118: =SUM(L118:O118) -> 529.27765 | Q118: 106.78675 | R118: 110.74923 | S118: 133.64923 | T118: 141.9692 | U118: 493.15442 | V118: 187.14411 | W118: 146.71933
B119: Receita bruta com a venda de ativos | C119: Gross revenue from asset sales | D119: 0 | E119: 0 | F119: 0 | G119: 5.92475 | H119: 2.28525 | I119: 0 | J119: 1e-05 | K119: =SUM(G119:J119) -> 8.21001 | L119: 0 | M119: 0 | N119: 0 | O119: 0 | P119: =SUM(L119:O119) -> 0 | Q119: 0 | R119: 0 | S119: 0 | T119: 0 | U119: 0 | V119: 0 | W119: 0
...

Sheet BP_Balance Sheet
B4: Informações financeiras não auditadas, exceto dez/2024. | C4: Unaudited financial information, except for dec/2024.
B5: Balanço Patrimonial - VAMOS (Operações Continuadas) - R$ milhões | C5: Balance Sheet - VAMOS (Continuing Operations) - R$ million | D5: Dec/2020 | E5: Dec/2021 | F5: Dec/2022 | G5: Mar/2023 | H5: Jun/2023 | I5: Sep/2023 | J5: Dec/2023 | K5: Mar/2024 | L5: Jun/2024 | M5: Sep/2024 | N5: Dec/2024 | O5: Mar/2025 | P5: Jun/2025 | Q5: Sep/2025 | R5: Dec/2025 | S5: Mar/2026 | T5: Jun/2026
B8: Ativo circulante | C8: Current assets
B9: Caixa e equivalentes de caixa | C9: Cash and cash equivalents | D9: 13.43 | E9: 128.178 | F9: 60.347 | G9: 1219.149 | H9: 141.116 | I9: 316.311 | J9: 73.517 | K9: 254.746 | L9: 221.294 | M9: 241.396 | N9: 152.938 | O9: 75.60925 | P9: 104.067 | Q9: 147.23 | R9: 325.423 | S9: 174.845 | T9: 185.221
B10: Títulos, valores mobiliários e aplicações financeiras | C10: Marketable securities and financial instruments | D10: 668.444 | E10: 3613.327 | F10: 1361.474 | G10: 847.69 | H10: 862.817 | I10: 973.218 | J10: 1599.3452 | K10: 1490.667 | L10: 1234.37 | M10: 3289.258 | N10: 2635.29 | O10: 4406.3077 | P10: 3963.868 | Q10: 4450.335 | R10: 4392.585 | S10: 4620.097 | T10: 4221.786
B11: Instrumentos financeiros derivativos | C11: Derivative financial instruments | D11: 0 | E11: 0 | F11: 0 | G11: 0 | H11: 0 | I11: 2.694 | J11: 2.769 | K11: 0 | L11: 7.476 | M11: 2.079 | N11: 0 | O11: 0 | P11: 0 | Q11: 0 | R11: 55.455 | S11: 56.004 | T11: 39.119
B12: Contas a receber | C12: Trade receivables | D12: 161.65801 | E12: 257.435 | F12: 561.60882 | G12: 748.416 | H12: 714.487 | I12: 821.324 | J12: 653.95108 | K12: 713.799 | L12: 530.954 | M12: 481.14 | N12: 540.228 | O12: 574.30299 | P12: 800.255 | Q12: 999.089 | R12: 667.582 | S12: 758.486 | T12: 970.098
B13: Estoques | C13: Inventories | D13: 1.815 | E13: 57.235 | F13: 141.682 | G13: 120.871 | H13: 120.042 | I13: 122.654 | J13: 112.496 | K13: 102.667 | L13: 108.077 | M13: 103.471 | N13: 103.894 | O13: 94.039422 | P13: 91.461 | Q13: 120.274 | R13: 130.585 | S13: 105.225 | T13: 106.608
B14: Tributos a recuperar | C14: Taxes Recoverable | D14: 1.379 | E14: 2.421 | F14: 25.67 | G14: 29.965 | H14: 47.179 | I14: 55.772 | J14: 62.053 | K14: 63.363 | L14: 62.891 | M14: 27.009 | N14: 33.517 | O14: 34.704841 | P14: 70.489 | Q14: 57.103 | R14: 57.846 | S14: 51.211 | T14: 46.544
B15: Imposto de renda e contribuição social a recuperar | C15: Income tax and social contribution receivable | D15: 27.591 | E15: 62.503 | F15: 145.551 | G15: 155.371 | H15: 161.289 | I15: 161.317 | J15: 169.815 | K15: 153.103 | L15: 160.665 | M15: 178.131 | N15: 194.322 | O15: 220.71216 | P15: 253.497 | Q15: 259.094 | R15: 253.296 | S15: 240.556 | T15: 232.223
B16: Ativos circulantes mantidos para venda | C16: Current assets held for sale | D16: 33.329 | E16: 40.891 | F16: 171.121 | G16: 191.264 | H16: 251.325 | I16: 307.122 | J16: 343.297 | K16: 400.724 | L16: 596.487 | M16: 681.102 | N16: 427.756 | O16: 412.0526 | P16: 500.44 | Q16: 523.113 | R16: 502.821 | S16: 454.737 | T16: 474.023
B17: Despesas antecipadas | C17: Prepaid Expenses | D17: 24.333 | E17: 10.303 | F17: 19.643 | G17: 67.83 | H17: 58.489 | I17: 31.962 | J17: 10.929 | K17: 69.063 | L17: 64.504 | M17: 44.099 | N17: 13.526 | O17: 68.209447 | P17: 55.211 | Q17: 37.432 | R17: 15.483 | S17: 90.079 | T17: 61.884
B18: Adiantamento a terceiros | C18: Advances to third parties | D18: 2.21 | E18: 8.495 | F18: 11.43 | G18: 4.979 | H18: 19.152 | I18: 13.441 | J18: 26.453 | K18: 33.584 | L18: 19.459 | M18: 27.034 | N18: 27.074 | O18: 17.038815 | P18: 14.855 | Q18: 20.222 | R18: 15.934 | S18: 16.157 | T18: 14.816
B19: Outros créditos | C19: Other credits | D19: 11.167 | E19: 1.138 | F19: 3.7814077 | G19: 7.159 | H19: 5.269 | I19: 4.443 | J19: 0.00012419 | K19: 4.413 | L19: 6.358 | M19: 6.125 | N19: 15.966 | O19: 11.838147 | P19: 13.254 | Q19: 17.209 | R19: 14.147 | S19: 13.066 | T19: 25.437
B20: Total do ativo circulante | C20: Total current assets | D20: =SUM(D9:D19) -> 945.35601 | E20: =SUM(E9:E19) -> 4181.926 | F20: =SUM(F9:F19) -> 2502.3082 | G20: =SUM(G9:G19) -> 3392.694 | H20: =SUM(H9:H19) -> 2381.165 | I20: =SUM(I9:I19) -> 2810.258 | J20: =SUM(J9:J19) -> 3054.6255 | K20: =SUM(K9:K19) -> 3286.129 | ... N20: =SUM(N9:N19) -> 4144.511 | O20: 5914.8154 | P20: =SUM(P9:P19) -> 5867.397 | Q20: =SUM(Q9:Q19) -> 6631.101 | R20: =SUM(R9:R19) -> 6431.157 | S20: =SUM(S9:S19) -> 6580.463 | T20: =SUM(T9:T19) -> 6377.759
B22: Ativo não circulante | C22: Non-current assets
B23: Realizável a longo prazo | C23: Long-term
B24: Títulos, valores mobiliários e aplicações financeiras | C24: Marketable securities and financial investments | D24: 6.206 | E24: 7.112 | F24: 18.452 | G24: 18.335 | H24: 18.769 | I24: 13.04 | J24: 10.521 | K24: 10.78 | L24: 10.519 | M24: 0 | N24: 0 | O24: 0 | P24: 0 | Q24: 0 | R24: 0 | S24: 0 | T24: 0
B25: Instrumentos financeiros derivativos | C25: Derivative financial instruments | D25: 98.5 | E25: 9.371 | F25: 12.871 | G25: 11.747 | H25: 252.724 | I25: 86.148 | J25: 506.091 | K25: 431.338 | L25: 334.462 | M25: 261.326 | N25: 111.285 | O25: 110.81979 | P25: 224.424 | Q25: 103.011 | R25: 236.145 | S25: 158.33 | T25: 150.204
B26: Contas a receber | C26: Trade receivables | D26: 11.166 | E26: 20.138 | F26: 23.754 | G26: 26.835 | H26: 25.264 | I26: 11.327 | J26: 46.226 | K26: 73.639 | L26: 73.981 | M26: 65.694 | N26: 32.455 | O26: 28.613827 | P26: 26.414 | Q26: 27.084 | R26: 23.213 | S26: 137.12 | T26: 139.815
B27: Tributos a recuperar | C27: Taxes recoverable | D27: 0 | E27: 0.015 | F27: 0.015 | G27: 0 | H27: 0 | I27: 0 | J27: 0 | K27: 0 | L27: 0 | M27: 35.598 | N27: 37.694 | O27: 37.693968 | P27: 0 | Q27: 0 | R27: 0 | S27: 0 | T27: 0
B28: Imposto de renda e contribuição social diferidos | C28: Deferred Income tax and social contribution | D28: 0 | E28: 5.871 | F28: 16.295 | G28: 25.918 | H28: 34.009 | I28: 39.165 | J28: 45.531 | K28: 48.525 | L28: 51.552 | M28: 52.465 | N28: 60.789 | O28: 60.433827 | P28: 61.139 | Q28: 63.02 | R28: 68.13 | S28: 72.819 | T28: 73.447
B29: Ativo de indenização | C29: Indemnification assets | D29: 0 | E29: 8.74 | F29: 45.045 | G29: 45.045 | H29: 45.045 | I29: 53.033 | J29: 45.045 | K29: 46.018 | L29: 46.956 | M29: 47.936 | N29: 36.883 | O29: 37.718459 | P29: 38.65 | Q29: 39.683 | R29: 18.454 | S29: 19.405 | T29: 20.331
B30: Depósitos judiciais | C30: Judicial deposits | D30: 0.311 | E30: 0.361 | F30: 0.956 | G30: 0.974 | H30: 1.031 | I30: 1.133 | J30: 1.083 | K30: 1.362 | L30: 1.368 | M30: 1.627 | N30: 1.825 | O30: 2.319481 | P30: 1.839 | Q30: 2.082 | R30: 1.799 | S30: 2.065 | T30: 2.349
B31: Créditos com partes relacionadas | C31: Receivables from related parties | D31: 0 | E31: 0 | F31: 0 | G31: 0 | H31: 0 | I31: 0 | J31: 0 | K31: 0 | L31: 0 | M31: 0 | N31: 0 | O31: 0 | P31: 0 | Q31: 0 | R31: 0 | S31: 0 | T31: 0
B32: Outros créditos | C32: Other credits | D32: 0.878 | E32: 0.884 | F32: 0.087 | G32: 0.105 | H32: 0.104 | I32: 0.101 | J32: 0.23 | K32: 6.164 | L32: 2.854 | M32: 1.877 | N32: 2.147 | O32: 4.428627 | P32: 3.531 | Q32: 6.198 | R32: 3.367 | S32: 2.045 | T32: 4.489
B33: Total do Realizável a Longo Prazo | C33: Total Non-current assets | D33: =SUM(D24:D32) -> 117.061 | E33: =SUM(E24:E32) -> 52.492 | F33: =SUM(F24:F32) -> 117.475 | G33: =SUM(G24:G32) -> 128.959 | H33: =SUM(H24:H32) -> 376.946 | I33: =SUM(I24:I32) -> 203.947 | J33: =SUM(J24:J32) -> 654.727 | K33: =SUM(K24:K32) -> 617.826 | ... N33: =SUM(N24:N32) -> 283.078 | O33: 282.02798 | P33: =SUM(P24:P32) -> 355.997 | Q33: =SUM(Q24:Q32) -> 241.078 | R33: =SUM(R24:R32) -> 351.108 | S33: =SUM(S24:S32) -> 391.784 | T33: =SUM(T24:T32) -> 390.635
B35: Investimentos | C35: Investments | D35: 0 | E35: 0 | F35: 0 | G35: 0 | H35: 0 | I35: 0 | J35: 0 | K35: 0 | L35: 0 | M35: 0 | N35: 0 | O35: 0 | P35: 0 | Q35: 9.201 | R35: 10.076 | S35: 10.381 | T35: 14.993
B36: Imobilizado | C36: Property and equipment | D36: 2424.234 | E36: 4812.389 | F36: 11640.012 | G36: 11982.996 | H36: 12346.939 | I36: 12414.357 | J36: 13040.476 | K36: 14338.017 | L36: 14990.663 | M36: 15184.56 | N36: 15669.649 | O36: 16029.484 | P36: 16041.82 | Q36: 15962.512 | R36: 15995.284 | S36: 15822.606 | T36: 15813.085
B37: Intangível | C37: Intangible | D37: 85.437 | E37: 141.916 | F37: 66.936 | G37: 62.571 | H37: 144.291 | I37: 140.678 | J37: 137.059 | K37: 228.963 | L37: 132.651 | M37: 130.492 | N37: 179.789 | O37: 178.22882 | P37: 178.23 | Q37: 177.743 | R37: 176.962 | S37: 176.602 | T37: 176.33
B39: Total do ativo não circulante | C39: Total Non-current assets | D39: =D33+D36+D37 -> 2626.732 | E39: =E33+E36+E37 -> 5006.797 | F39: =F33+F36+F37 -> 11824.423 | G39: =G33+G36+G37 -> 12174.526 | H39: =H33+H36+H37 -> 12868.176 | I39: =I33+I36+I37 -> 12758.982 | J39: =J33+J36+J37 -> 13832.262 | K39: =K33+K36+K37 -> 15184.806 | ... N39: =N33+N36+N37 -> 16132.516 | O39: 16489.741 | P39: =SUM(P33,P35:P37) -> 16576.047 | Q39: =SUM(Q33,Q35:Q37) -> 16390.534 | R39: =SUM(R33,R35:R37) -> 16533.43 | S39: =SUM(S33,S35:S37) -> 16401.373 | T39: =SUM(T33,T35:T37) -> 16395.043
B41: Total do ativo | C41: Total Assets | D41: =D39+D20 -> 3572.088 | E41: =E39+E20 -> 9188.723 | F41: =F39+F20 -> 14326.731 | G41: =G39+G20 -> 15567.22 | H41: =H39+H20 -> 15249.341 | I41: =I39+I20 -> 15569.24 | J41: =J39+J20 -> 16886.887 | K41: =K39+K20 -> 18470.935 | ... N41: =N39+N20 -> 20277.027 | O41: 22404.556 | P41: =SUM(P20,P39) -> 22443.444 | Q41: =SUM(Q20,Q39) -> 23021.635 | R41: =SUM(R20,R39) -> 22964.587 | S41: =SUM(S20,S39) -> 22981.836 | T41: =SUM(T20,T39) -> 22772.802
B43: Passivo circulante | C43: Current liabilities
B44: Fornecedores | C44: Trade payables | D44: 440.65201 | E44: 522.625 | F44: 2405.7945 | G44: 1153.721 | H44: 229.987 | I44: 302.3 | J44: 523.586 | K44: 1004.13 | L44: 1041.121 | M44: 863.45 | N44: 650.291 | O44: 990.748 | P44: 708.555 | Q44: 778.826 | R44: 696.798 | S44: 589.523 | T44: 889.89
B45: Risco sacado a pagar | C45: Supplier financing | D45: 0 | E45: 0 | F45: 31.319 | G45: 26.422 | H45: 37.503 | I45: 65.204 | J45: 53.289 | K45: 5.24 | L45: 0 | M45: 0 | N45: 0 | O45: 0 | P45: 0 | Q45: 0 | R45: 0 | S45: 0 | T45: 0
B46: Empréstimos, financiamentos e debêntures | C46: Loans, borrowings and debentures | D46: 295.853 | E46: 203.964 | F46: 541.786 | G46: 694.298 | H46: 633.911 | I46: 940.857 | J46: 846.806 | K46: 1453.021 | L46: 1561.07 | M46: 1051.197 | N46: 942.379 | O46: 1187.759 | P46: 1471.37 | Q46: 1694.605 | R46: 1669.708 | S46: 1766.598 | T46: 1807.861
B47: Arrendamentos por direito de uso | C47: Leasing payable | D47: 1.713 | E47: 2.474 | F47: 6.033 | G47: 7.592 | H47: 10.253 | I47: 10.629 | J47: 13.368 | K47: 15.361 | L47: 13.614 | M47: 14.443 | N47: 14.923 | O47: 19.722 | P47: 20.915 | Q47: 20.082 | R47: 20.684 | S47: 20.471 | T47: 20.339
B48: Arrendamentos a pagar | C48: Right-of-use leases | D48: 5.197 | E48: 0 | F48: 0 | G48: 0 | H48: 0 | I48: 0 | J48: 0 | K48: 0 | L48: 0 | M48: 0 | N48: 0 | O48: 0 | P48: 0 | Q48: 0 | R48: 0 | S48: 0 | T48: 0
B49: Cessão de direitos creditórios | C49: Assignment of receivables | D49: 6.043 | E49: 21.834 | F49: 304.539 | G49: 558.754 | H49: 579.478 | I49: 431.209 | J49: 343.328 | K49: 326.9 | L49: 413.269 | M49: 531.392 | N49: 556.847 | O49: 491.169 | P49: 754.529 | Q49: 597.218 | R49: 666.483 | S49: 634.415 | T49: 487.241
B50: Instrumentos Financeiros Derivativos | C50: Derivative financial instruments | D50: 0 | E50: 0 | F50: 0 | G50: 0 | H50: 0 | I50: 0 | J50: 214.27 | K50: 240.492 | L50: 150.64 | M50: 163.622 | N50: 0 | O50: 0 | P50: 0 | Q50: 0 | R50: 69.001 | S50: 248.873 | T50: 281.647
B51: Obrigações trabalhistas | C51: Labor liabilities | D51: 9.357 | E51: 17.554 | F51: 39.086 | G51: 46.973 | H51: 47.384 | I51: 53.836 | J51: 38.286 | K51: 41.544 | L51: 43.02 | M51: 44.794 | N51: 34.818 | O51: 42.166 | P51: 49.31 | Q51: 54.557 | R51: 48.591 | S51: 50.977 | T51: 56.932
B52: Imposto de renda e contribuição social a pagar | C52: Income tax and Social Contribution payable | D52: 0.274 | E52: 3.518 | F52: 2.1 | G52: 1.952 | H52: 1.583 | I52: 1.671 | J52: 0.531 | K52: 1.039 | L52: 3.02 | M52: 4.644 | N52: 0 | O52: 0.071 | P52: 0.419 | Q52: 0 | R52: 0 | S52: 0 | T52: 0
B53: Tributos a recolher | C53: Tax liabilities | D53: 3.08 | E53: 6.577 | F53: 43.304 | G53: 2.699 | H53: 4.805 | I53: 6.36 | J53: 15.432 | K53: 18.433 | L53: 22.562 | M53: 22.942 | N53: 24.502 | O53: 17.192 | P53: 20.25 | Q53: 20.425 | R53: 51.482 | S53: 22.554 | T53: 25.273
B54: Adiantamentos de clientes | C54: Advances from customers | D54: 28.542 | E54: 15.99 | F54: 48.776 | G54: 41.989 | H54: 18.147 | I54: 43.283 | J54: 58.232 | K54: 55.372 | L54: 47.764 | M54: 75.456 | N54: 71.562 | O54: 42.624 | P54: 79.921 | Q54: 112.223 | R54: 64.488 | S54: 115.182 | T54: 110.316
B55: Dividendos e juros sobre o capital próprio a pagar | C55: Dividends payable | D55: 0 | E55: 0 | F55: 246.92485 | G55: 246.925 | H55: 17.6 | I55: 0 | J55: 302.443 | K55: 301.317 | L55: 0 | M55: 0 | N55: 249.606 | O55: 249.606 | P55: 0.519 | Q55: 0.501 | R55: 132.628 | S55: 129.265 | T55: 0.501
... B58: Outras contas a pagar | C58: Other payables | D58: 42.401 | E58: 24.322 | F58: 26.926698 | G58: 20.761 | H58: 57.636 | I58: 46.909 | J58: 43.287949 | K58: 56.98 | L58: 39.249 | M58: 48.116 | N58: 82.285 | O58: 64.753 | P58: 69.926 | Q58: 58.264 | R58: 47.162 | S58: 61.275 | T58: 51.68
B59: Total do passivo circulante | C59: Total current liabilities | D59: =SUM(D44:D58) -> 833.11201 | E59: =SUM(E44:E58) -> 857.507 | F59: =SUM(F44:F58) -> 3727.8191 | G59: =SUM(G44:G58) -> 2835.607 | H59: =SUM(H44:H58) -> 1672.863 | I59: =SUM(I44:I58) -> 1934.821 | J59: =SUM(J44:J58) -> 2506.0642 | K59: =SUM(K44:K58) -> 3671.512 | ... N59: =SUM(N44:N58) -> 2729.224 | O59: 3186.577 | P59: =SUM(P44:P58) -> 3264.131 | Q59: =SUM(Q44:Q58) -> 3428.292 | R59: =SUM(R44:R58) -> 3552.723 | S59: =SUM(S44:S58) -> 3724.287 | T59: =SUM(T44:T58) -> 3816.282
B61: Passivo não circulante | C61: Non-current liabilities
B62: Fornecedores | C62: Trade payables | D62: 0 | E62: 0 | F62: 0 | G62: 0 | H62: 0 | I62: 0 | J62: 0 | K62: 0 | L62: 0 | M62: 31.61 | N62: 32.744 | O62: 33.724 | P62: 34.846 | Q62: 36.137 | R62: 37.434 | S62: 38.708 | T62: 39.993
B63: Empréstimos, financiamentos e debêntures | C63: Loans, financing and debentures | D63: 2462.406 | E63: 5803.464 | F63: 6528.824 | G63: 8268.15 | H63: 9436.858 | I63: 9028.566 | J63: 10381.596 | K63: 10687.81 | L63: 11099.168 | M63: 13610.989 | N63: 13461.714 | O63: 15094.261 | P63: 14915.108 | Q63: 14710.247 | R63: 14928.953 | S63: 14787.479 | T63: 13785.515
B64: Arrendamento por direito de uso | C64: Leasing payable LT | D64: 17.823 | E64: 20.357 | F64: 37.968 | G64: 35.959 | H64: 45.453 | I64: 45.971 | J64: 73.614 | K64: 72.682 | L64: 71.093 | M64: 68.824 | N64: 74.149 | O64: 77.279 | P64: 77.032 | Q64: 82.163 | R64: 70.869 | S64: 66.411 | T64: 63.857
B65: Arrendamentos a pagar | C65: Right-of-use leases | D65: 0.078 | E65: 0 | F65: 0 | G65: 0 | H65: 0 | I65: 0 | J65: 0 | K65: 0 | L65: 0 | M65: 0 | N65: 0 | O65: 0 | P65: 0 | Q65: 0 | R65: 0 | S65: 0 | T65: 0
B66: Imposto de renda e contribuição social diferidos | C66: Deferred income tax and Social Contribution | D66: 133.255 | E66: 263.385 | F66: 324.939 | G66: 360.403 | H66: 378.756 | I66: 381.642 | J66: 397.08 | K66: 467.017 | L66: 526.775 | M66: 596.851 | N66: 862.041 | O66: 898.032 | P66: 945.162 | Q66: 943.749 | R66: 973.954 | S66: 981.845 | T66: 1004.962
B67: Provisão para demandas judiciais e administrativas | C67: Provision for judicial and administrative litigation | D67: 0.105 | E67: 11.415 | F67: 48.771 | G67: 48.826 | H67: 49.2 | I67: 57.331 | J67: 49.792 | K67: 51.029 | L67: 51.732 | M67: 52.82 | N67: 40.236 | O67: 40.282 | P67: 42.159 | Q67: 45.932 | R67: 25.474 | S67: 26.311 | T67: 28.801
B68: Cessão de direitos creditórios | C68: Assignment of receivables | D68: 6.043 | E68: 31.13 | F68: 1001.29 | G68: 1355.668 | H68: 1412.027 | I68: 1292.927 | J68: 1033.419 | K68: 905.392 | L68: 685.347 | M68: 589.334 | N68: 499.048 | O68: 411.927 | P68: 319.651 | Q68: 864.19 | R68: 637.736 | S68: 518.717 | T68: 424.762
B69: Instrumentos financeiros derivativos | C69: Derivative financial instruments | D69: 0 | E69: 135.509 | F69: 278.976 | G69: 224.934 | H69: 176.022 | I69: 133.257 | J69: 69.545 | K69: 12.268 | L69: 18.72 | M69: 18.04 | N69: 100.473 | O69: 129.305 | P69: 218.225 | Q69: 255.629 | R69: 149.955 | S69: 205.411 | T69: 282.368
B70: Obrigações a pagar por aquisição de empresas | C70: Payables for the acquisition of companies | D70: 0 | E70: 15.249 | F70: 120.473 | G70: 116.715 | H70: 114.018 | I70: 113.97 | J70: 78.713 | K70: 78.728 | L70: 80.653 | M70: 82.78 | N70: 19.829 | O70: 42.057 | P70: 21.1 | Q70: 21.881 | R70: 22.667 | S70: 23.44 | T70: 24.261
B71: Outras contas a pagar | C71: Other payables | D71: 0.089 | E71: 2.75 | F71: 1.651 | G71: 1.88 | H71: 2.592 | I71: 2.419 | J71: 13.103 | K71: 15.442 | L71: 14.711 | M71: 15.215 | N71: 15.196 | O71: 2.867 | P71: 1.806 | Q71: 2.82 | R71: 2.746 | S71: 4.527 | T71: 3.528
B72: Total do passivo não circulante | C72: Total Non-current liabilities | D72: =SUM(D62:D71) -> 2619.799 | E72: =SUM(E62:E71) -> 6283.259 | F72: =SUM(F62:F71) -> 8342.892 | G72: =SUM(G62:G71) -> 10412.535 | H72: =SUM(H62:H71) -> 11614.926 | I72: =SUM(I62:I71) -> 11056.083 | J72: =SUM(J62:J71) -> 12096.862 | K72: =SUM(K62:K71) -> 12290.368 | ... N72: =SUM(N62:N71) -> 15105.43 | O72: 16729.734 | P72: =SUM(P62:P71) -> 16575.089 | Q72: =SUM(Q62:Q71) -> 16962.748 | R72: =SUM(R62:R71) -> 16849.788 | S72: =SUM(S62:S71) -> 16652.849 | T72: =SUM(T62:T71) -> 15658.047
B74: Patrimônio líquido | C74: Shareholders' equity | D74: 119.177 | E74: 2047.957 | F74: 2256.02 | G74: 2319.078 | H74: 1961.552 | I74: 2578.336 | J74: 2283.961 | K74: 2509.055 | L74: 2623.527 | M74: 2826.786 | N74: 2442.373 | O74: 2488.245 | P74: 2604.224 | Q74: 2630.595 | R74: 2562.076 | S74: 2604.7 | T74: 3298.473
B76: Total do passivo e patrimônio líquido | C76: Total liabilities and shareholders' equity | D76: =D74+D72+D59 -> 3572.088 | E76: =E74+E72+E59 -> 9188.723 | F76: =F74+F72+F59 -> 14326.731 | G76: =G74+G72+G59 -> 15567.22 | H76: =H74+H72+H59 -> 15249.341 | I76: =I74+I72+I59 -> 15569.24 | J76: =J74+J72+J59 -> 16886.887 | K76: =K74+K72+K59 -> 18470.935 | ... N76: =N74+N72+N59 -> 20277.027 | O76: 22404.556 | P76: =SUM(P59,P72,P74) -> 22443.444 | Q76: =SUM(Q59,Q72,Q74) -> 23021.635 | R76: =SUM(R59,R72,R74) -> 22964.587 | S76: =SUM(S59,S72,S74) -> 22981.836 | T76: =SUM(T59,T72,T74) -> 22772.802

Sheet Fluxo de Caixa_Cash Flow
B5: Fluxo de Caixa - VAMOS (Operações Continuadas) - (R$ milhões) | C5: Cash Flow - VAMOS (Continuing Operations) - R$ million | D5: Dec/2023 YTD | E5: Dec/2024 YTD | F5: Mar/2025 YTD | G5: Jun/2025 YTD | H5: Sep/2025 YTD | I5: Dec/2025 YTD | J5: Mar/2026 YTD | K5: Jun/2026 YTD
B8: Fluxo de caixa das atividades operacionais | C8: Cash flow from operating activities
B9: Lucro antes do imposto de renda e da contribuição da social | C9: Profit before income tax and social contribution | D9: 548.591 | E9: 942.61 | F9: 149.939 | G9: 272.252 | H9: 332.016 | I9: 433.403 | J9: 114.57047 | K9: 242.915
B10: Ajustes para: | C10: Adjustments to:
B11: Depreciação e amortização | C11: Depreciation and amortization | D11: 547.118 | E11: 750.61259 | F11: 243.606 | G11: 500.795 | H11: 773.927 | I11: 1037.831 | J11: 295.342 | K11: 591.137
B12: Resultado de equivalência patrimonial | C12: Equity in earnings of subsidiaries | K12: -0.109
B13: Custo de venda de ativos desmobilizados | C13: Cost of sale of decommissioned assets | D13: 608.424 | E13: 577.585 | F13: 269.473 | G13: 569.603 | H13: 963.306 | I13: 1283.967 | J13: 449.916 | K13: 811.403
B14: Provisão (reversão) para demandas judiciais e administrativas | C14: Provision (reversal) for judicial and administrative litigation | D14: 0.99 | E14: -1.3567454 | F14: -0.79 | G14: 0.155 | H14: 2.892 | I14: 3.666 | J14: -0.104 | K14: 1.68
B15: Provisão para perdas esperadas (impairment) de contas a receber | C15: Estimated losses (impairment) of trade receivables | D15: 84.671 | E15: 184.612 | F15: 29.019 | G15: 65.283 | H15: 82.095 | I15: 91.315 | J15: 26.776 | K15: 53.293
B16: Custo na venda de outros ativos imobilizados | C16: Cost of sale of other property and equipment | D16: 26.347 | E16: 24.416 | F16: 1.257 | G16: 0 | H16: 0 | I16: 0 | J16: 0 | K16: 0
B17: Provisão para perdas em estoques | C17: Allowance for inventory losses | D17: -1.436 | E17: 1.79 | F17: 0 | G17: 0 | H17: 0 | I17: 0 | J17: 0 | K17: 0
B18: Provisão para perda de valor recuperável de ativos não financeiros (Impairment) - ativos circulantes mantidos para venda | C18: Estimated impairment losses of non-financial assets (impairment) - current assets held for sale | D18: 0 | E18: 2.158 | F18: 0 | G18: 0 | H18: 0 | I18: 0 | J18: 0 | K18: 0
B19: Remuneração com base em ações | C19: Share-based payments | D19: 0 | E19: 0 | F19: 0 | G19: 0 | H19: 0 | I19: 0 | J19: 0 | K19: 0
B20: Créditos de impostos extemporâneos | C20: Out-of-period tax credits | D20: 0 | E20: 0 | F20: 0 | G20: 0 | H20: 0 | I20: 0 | J20: 0 | K20: 0
B21: Baixa de outros ativos imobilizados e intangíveis | C21: Write-off of other property and equipment and intangible assets | G21: 9.892 | H21: 14.553 | I21: 18.552 | J21: 3.435 | K21: 15.72
B22: Resultado nas operações de derivativos (hedge) | C22: Gains (losses) on derivative transactions | D22: 246.017 | E22: -41.702 | F22: 61 | G22: 293.011 | H22: 447.713 | I22: 437.869 | J22: 267.016 | K22: 396.429
B23: Juros sobre venda de participação societária | C23: Interest on the sale of shareholdings | D23: 0 | E23: 0 | F23: 0 | G23: 0 | H23: 0 | I23: 0 | J23: 0 | K23: 0
B24: Juros sobre compra de ações a termo | C24: Interest on forward purchase of shares | D24: 0 | E24: 5.891 | F24: 0 | G24: 0 | H24: 0 | I24: 0 | J24: 0 | K24: 0
B25: Despesa com captação de empréstimos e financiamentos | C25: Expenses with loans and financing | D25: 23.818 | E25: 27.016 | F25: 10.142 | G25: 17.643 | H25: 27.259 | I25: 47.893 | J25: 13.416 | K25: 26.787
B26: Juros sobre desconto de recebíveis | C26: Interest received from customers | D26: 10.761 | E26: 19.163 | F26: 4.144 | G26: 8.917 | H26: 9.851 | I26: 9.851 | J26: 0.164 | K26: 0.259
B27: Imposto de renda e contribuição social pagos | C27: Income tax and social contribution paid | G27: 0 | H27: 0 | I27: 0 | J27: 0 | K27: 0
B28: Juros pagos sobre empréstimos, financiamentos e debêntures e arrendamentos | C28: Interest paid on loans, borrowings and debentures, supplier financing and leases | F28: -249.362 | I28: 0 | J28: 0 | K28: 0
B29: Juros e variações monetárias e cambiais sobre empréstimos, financiamentos e debêntures, arrendamentos e outros passivos financeiros | C29: Interest paid on loans, borrowings and debentures, supplier financing and leases | D29: 0 | E29: 0 | F29: 0 | G29: 0 | H29: 0 | I29: 2130.544 | J29: 398.804 | K29: 968.182
B30: Apropriação de juros conforme CPC-06 (R2) | C30: Interest accrual in accordance with CPC-06 (R2) | J30: -2.392 | K30: -10.99
B31: Compra de ativo imobilizado operacional para locação | C31: Acquisition of operational property and equipment for leasing | D31: 0 | E31: 0 | F31: -839.104 | G31: 0 | H31: 0 | I31: 0 | J31: 0 | K31: 0
B32: Resgate de (investimento em) títulos, valores mobiliários e aplicações financeiras | C32: Redemption of (investments in) marketable securities and financial investments | D32: 0 | E32: 0 | F32: 0 | G32: 0 | H32: 0 | I32: 0 | J32: 0 | K32: 0
B33: Total fluxo de caixa das atividades operacionais | C33: Total cash flow from operating activities | D33: =SUM(D9:D32) -> 2095.301 | E33: =SUM(E9:E32) -> 2492.7948 | F33: =SUM(F9:F32) -> -320.676 | G33: =SUM(G9:G32) -> 1737.551 | H33: =SUM(H9:H32) -> 2653.612 | I33: =SUM(I9:I32) -> 5494.891 | J33: =SUM(J9:J32) -> 1566.9435 | K33: =SUM(K9:K32) -> 3096.706
B34: Variações no capital circulante líquido operacional | C34: Changes in operating assets/liabilities
B35: Resgate de (investimento em) títulos, valores mobiliários e aplicações financeiras | C35: Redemption of (investments in) marketable securities and financial investments | D35: 0 | E35: 0 | F35: 0 | G35: 0 | H35: 0 | I35: 0 | J35: 0 | K35: 0
B36: Contas a receber | C36: Trade receivables | D36: -334.806 | E36: -299.32012 | F36: -127.931 | G36: -154.688 | H36: -231.232 | I36: -582.787 | J36: -229.359 | K36: -461.68
B37: Estoques | C37: Inventories | D37: 28.988 | E37: 28.873 | F37: 9.855 | G37: 12.433 | H37: -16.38 | I37: -26.691 | J37: 25.36 | K37: 23.977
B38: Tributos a recuperar | C38: Taxes recoverable | D38: -39.316 | E38: -54.063 | F38: -1.188 | G38: 0.722 | H38: 14.108 | I38: 13.365 | J38: 6.635 | K38: 11.302
B39: Fornecedores | C39: Trade payables | D39: -1953.599 | E39: 122.857 | F39: 341.437 | G39: 60.366 | H39: 131.928 | I39: 51.197 | J39: -50.512 | K39: -53.699
B40: Floor Plan | C40: Floor plan | D40: 0.001 | E40: 193.979 | F40: 0 | G40: 0 | H40: 0 | I40: 0 | J40: 0 | K40: 0
B41: Obrigações trabalhistas e tributos a recolher | C41: Labor and tax liabilities | D41: -28.611 | E41: 20.019 | F41: 0.038 | G41: 10.24 | H41: 15.662 | I41: 19.517 | J41: -26.542 | K41: -17.868
B42: Juros pagos sobre empréstimos, financiamentos e debêntures e arrendamentos | C42: Interest paid on loans, borrowings and debentures, supplier financing and leases | D42: 0 | E42: 0 | F42: 0 | G42: -884.733 | H42: -1144.158 | I42: 0 | J42: 0 | K42: 0
B43: Imposto de renda e contribuição social pagos | C43: Income tax and social contribution paid | D43: 0 | E43: 0 | F43: 0 | G43: -0.67 | H43: -2.785 | I43: 0 | J43: 0 | K43: 0
B44: Compra de ativo imobilizado operacional para locação | C44: Acquisition of operational property and equipment for leasing | D44: 0 | E44: 0 | F44: 0 | G44: -1488.121 | H44: -2071.209 | I44: 0 | J44: 0 | K44: 0
B45: Outros ativos e passivos circulantes e não circulantes | C45: Other current and non-current assets and liabilities | D45: 35.877 | E45: -111.86201 | F45: -129.333 | G45: -105.141 | H45: -60.673 | I45: -49.062 | J45: -1.342 | K45: 3.087
B46: Variações no capital circulante líquido operacional | C46: Changes in operating assets and liabilities | D46: =SUM(D35:D45) -> -2291.466 | E46: =SUM(E35:E45) -> -99.517134 | F46: =SUM(F35:F45) -> 92.878 | G46: =SUM(G35:G45) -> -2549.592 | H46: =SUM(H35:H45) -> -3364.739 | I46: =SUM(I35:I45) -> -574.461 | J46: =SUM(J35:J45) -> -275.76 | K46: =SUM(K35:K45) -> -494.881
B47: Caixa (utilizado nas) gerado pelas atividades operacionais | C47: Cash (used in) generated by operating activities | D47: =D46+D33 -> -196.165 | E47: =E46+E33 -> 2393.2777 | F47: =F46+F33 -> -227.798 | G47: =G46+G33 -> -812.041 | H47: =H46+H33 -> -711.127 | I47: =I46+I33 -> 4920.43 | J47: =J46+J33 -> 1291.1835 | K47: =K46+K33 -> 2601.825
B48: Imposto de renda e contribuição social pagos | C48: Income tax and social contribution paid | D48: -5.282 | E48: -5.356 | F48: 0 | G48: 0 | H48: 0 | I48: -1.041 | J48: -0.79 | K48: -0.708
B49: Juros pagos sobre empréstimos, financiamentos e debêntures, risco sacado e arrendamentos | C49: Interest paid on loans, borrowings and debentures, supplier financing and leases | D49: -833.032 | E49: -1214.526 | F49: 0 | G49: 0 | H49: 0 | I49: -1824.34 | J49: -325.418 | K49: -796.493
B50: Compra de ativo imobilizado operacional para locação | C50: Acquisition of operational property and equipment for leasing | D50: -1975.444 | E50: -2883.0788 | F50: 0 | G50: 0 | H50: 0 | I50: -2232.077 | J50: -504.307 | K50: -856.202
B51: Resgate de (investimento em) títulos, valores mobiliários e aplicações financeiras | C51: Redemption of (investments in) marketable securities and financial investments | D51: -231.645 | E51: -975.908 | F51: 0 | G51: 0 | H51: 0 | I51: -1757.295 | J51: -227.512 | K51: 170.799
B52: Juros recebidos de clientes | C52: Interest received from customers | D52: 0 | E52: -17.227 | F52: 0 | G52: 0 | H52: 0 | I52: 0 | J52: 0 | K52: 0
B53: Fluxo de caixa líquido (utilizado nas) gerado pelas atividades operacionais | C53: Net cash (used in) generated by operating activities | D53: =SUM(D47:D52) -> -3241.568 | E53: =SUM(E47:E52) -> -2702.8181 | F53: =SUM(F47:F52) -> -227.798 | G53: =SUM(G47:G52) -> -812.041 | H53: =SUM(H47:H52) -> -711.127 | I53: =SUM(I47:I52) -> -894.323 | J53: =SUM(J47:J52) -> 233.15647 | K53: =SUM(K47:K52) -> 1119.221
B54: Fluxo de caixa das atividades de investimentos | C54: Cash flow from investing activities
B55: Aquisição de empresas, líquido de caixa no consolidado | C55: Acquisition of companies, net of cash on consolidation | D55: 0 | E55: 0 | F55: 0 | G55: 0 | H55: 0 | I55: 0 | J55: 0 | K55: 0
B56: Aumento de capital em controladas e coligadas | C56: Capital increase in subsidiaries | D56: 0 | E56: 0 | F56: 0 | G56: 0 | H56: -9.201 | I56: -9.201 | J56: -0.305 | K56: -4.808
B57: Adiantamento para futuro aumento de capital | C57: Advance for Future Capital Increase | D57: 0 | E57: 0 | F57: 0 | G57: 0 | H57: 0 | I57: -0.875 | J57: 0 | K57: 0
B58: Reestruturação societária de controlada | C58: Restructuring of subsidiary | D58: 0 | E58: 0 | F58: 0 | G58: 0 | H58: 0 | I58: 0 | J58: 0 | K58: 0
B59: Adições ao imobilizado | C59: Acquisition of property and equipment | D59: 0.481 | E59: -32.040527 | F59: -3.443 | G59: -11.954 | H59: -32.71 | I59: -20.137 | J59: -2.425 | K59: -21.182
B60: Adições ao intangível | C60: Acquisition of intangible assets | D60: -0.842 | E60: -0.217 | F60: 0 | G60: -1.566 | H60: -2.691 | I60: -3.612 | J60: -0.965 | K60: -1.866
B61: Compra de ações a termo | C61: Purchase of forward shares | D61: 0 | E61: 0 | F61: 0 | G61: 0 | H61: 0 | I61: 0 | J61: 0 | K61: 0
B62: Recebimentos por venda de participação societária | C62: Receipts from the sale of shareholding | D62: 0 | E62: 0 | F62: 0 | G62: 0 | H62: 0 | I62: 0 | J62: 0 | K62: 0
B63: Caixa líquido decorrente da absorção da cisão | C63: Net cash from spin-off absorption | D63: 0 | E63: -68.691 | F63: 0 | G63: 0 | H63: 0 | I63: 0 | J63: 0 | K63: 0
B64: Investimento em aplicações financeiras | C64: Investments (redemptions) in marketable securities and financial investments | D64: 0 | E64: 0 | F64: -1771.018 | G64: -1328.578 | H64: -1815.045 | I64: 0 | J64: 0 | K64: 0
B65: Caixa líquido utilizado nas atividades de investimento | C65: Net cash (used in) investing activities | D65: =SUM(D55:D64) -> -0.361 | E65: =SUM(E55:E64) -> -100.94853 | F65: =SUM(F55:F64) -> -1774.461 | G65: =SUM(G55:G64) -> -1342.098 | H65: =SUM(H55:H64) -> -1859.647 | I65: =SUM(I55:I64) -> -33.825 | J65: =SUM(J55:J64) -> -3.695 | K65: =SUM(K55:K64) -> -27.856
B66: Fluxo de caixa das atividades de financiamentos | C66: Cash flow from financing activities
B67: Dividendos e juros sobre capital próprio pagos | C67: Dividends and interest on capital paid | D67: -246.924 | E67: -340.568 | F67: 0 | G67: -249.087 | H67: -249.105 | I67: -249.104 | J67: 0 | K67: -132.128
B68: Pagamento de derivativos contratados para fins de hedge | C68: Payment of contracted derivatives for hedge purposes | D68: -361.423 | E68: -328.817 | F68: -20.466 | G68: -86.84 | H68: -191.295 | I68: -367.832 | J68: -81.133 | K68: -151.514
B69: Recebimento (pagamento) por opção de compra de taxa IDI | C69: Proceeds from contracting IDI option | D69: 10.484 | E69: 2.769 | F69: 0 | G69: 0 | H69: 0 | I69: 0 | J69: 0 | K69: 0
B70: Aumento de capital via oferta inicial de ações (IPO), líquido de custos de captação | C70: Capital increase through initial public offering of shares (IPO), net of funding costs | D70: 0 | E70: 0 | F70: 0 | G70: 0 | H70: 0 | I70: 0 | J70: 0 | K70: 0
B71: Aumento de capital via oferta subsequente de ações (Follow-on), líquido de custos de captação | C71: Capital increase through subsequent public offering of shares (Follow-on), net of funding costs | D71: 106.051 | E71: 0 | F71: 0 | G71: 0 | H71: 0 | I71: 0 | J71: 0 | K71: 0
B72: Recompra de ações em tesouraria | C72: Repurchase of treasury shares | D72: 0 | E72: -100.971 | F72: -50.66 | G72: -61.809 | H72: -61.809 | I72: -62.422 | J72: 0 | K72: -0.256
B73: Captação de empréstimos, financiamentos e debêntures | C73: Loans, borrowings and debentures and supplier financing | D73: 3030.426 | E73: 2638.122 | F73: 2120.363 | G73: 2635.197 | H73: 4133.202 | I73: 6143.976 | J73: 74.57 | K73: 569.81
B74: Pagamentos de empréstimos, financiamentos e debêntures e arrendamentos | C74: Payment of loans, borrowings and debentures, supplier financing and leases | D74: -566.504 | E74: -707.997 | F74: -499.735 | G74: -806.663 | H74: -2484.476 | I74: -4799.659 | J74: -174.754 | K74: -1632.26
B75: Juros e variações monetárias e cambiais sobre empréstimos, financiamentos e debêntures, arrendamentos e outros passivos financeiros | C75: Interest/ indexation accruals and foreign exchange gains/losses on loans, borrowings and debentures, leases payable and other financial liabilities | D75: 1353.27 | E75: 1977.431 | F75: 501.453 | G75: 910.962 | H75: 1438.205 | I75: 0 | J75: 0 | K75: 0
B76: Novas cessões de direitos creditórios | C76: Assignments of receivables | D76: 678.426 | E76: 200.949 | F76: 62.479 | G76: 416.487 | H76: 1085.791 | I76: 1439.882 | J76: 79.987 | K76: 79.987
B77: Pagamento de cessão de direitos creditórios | C77: Payment of assignment of receivables | D77: -860.391 | E77: -697.525 | F77: -253.038 | G77: -466.06 | H77: -782.875 | I77: -1362.036 | J77: -278.709 | K77: -561.476
B78: Pagamento de parcelamento de aquisição de empresa | C78: Payment of installment for company acquisition | D78: -39.111 | E78: -97.928 | F78: 0 | G78: -12.323 | H78: -8.368 | I78: -5.681 | J78: 0 | K78: 0
... B81: Venda de recebíveis | C81: Sale of receivables | D81: 0 | E81: 0 | F81: 64.534 | G81: -174.596 | H81: -314.204 | I81: 363.509 | J81: 0 | K81: 0
B82: Integralização de Capital | C82: Capital contribution | K82: 600
B83: Custos de emissão de ações | C83: Share issuance costs | K83: -3.73
B84: Caixa líquido gerado pelas atividades de financiamento | C84: Net cash generated by financing activities | D84: =SUM(D66:D80) -> 3254.661 | E84: =SUM(E66:E80) -> 2858.9361 | F84: =SUM(F67:F81) -> 1924.93 | G84: =SUM(G66:G81) -> 2105.268 | H84: =SUM(H66:H81) -> 2565.066 | I84: =SUM(I66:I81) -> 1100.633 | J84: =SUM(J66:J81) -> -380.039 | K84: =SUM(K66:K83) -> -1231.567
B85: Aumento líquido de caixa e equivalentes de caixa | C85: Net increase in cash and cash equivalents | D85: =D84+D65+D53 -> 12.732 | E85: =E84+E65+E53 -> 55.169546 | F85: =F84+F65+F53 -> -77.329 | G85: =G84+G65+G53 -> -48.871 | H85: =H84+H65+H53 -> -5.708 | I85: =I84+I65+I53 -> 172.485 | J85: =J84+J65+J53 -> -150.57753 | K85: =K84+K65+K53 -> -140.202
B86: Caixa e equivalentes de caixa | C86: Cash and cash equivalents
B87: No início do período | C87: At the beginning of the period | D87: 60.786 | E87: 97.768 | F87: 152.938 | G87: 152.938 | H87: 152.938 | I87: 152.938 | J87: 325.423 | K87: 325.423
B88: No final do período | C88: At the end of the period | D88: 73.517 | E88: 152.938 | F88: 75.60925 | G88: 104.06742 | H88: 147.23 | I88: 325.423 | J88: 174.845 | K88: 185.221
B89: Aumento líquido de caixa e equivalentes de caixa | C89: Net increase in cash and cash equivalents | D89: =D88-D87 -> 12.731 | E89: =E88-E87 -> 55.17 | F89: =F88-F87 -> -77.32875 | G89: =G88-G87 -> -48.870576 | H89: =H88-H87 -> -5.708 | I89: =I88-I87 -> 172.485 | J89: =J88-J87 -> -150.578 | K89: =K88-K87 -> -140.202
B90: Principais transações que não afetaram o caixa, registradas no balanço | C90: Main non-cash transactions recognized in the balance sheet
B91: Captação de financiamentos para aquisição de imobilizado | C91: Raising finance to acquire fixed assets | D91: -584.242 | E91: -1151.183 | F91: 0 | G91: 0 | H91: 0 | I91: -459.816 | J91: -74.83 | K91: 0
B92: Adição de direito de uso (IFRS 16) | C92: Additions to right-of-use leases | D92: -59.947 | E92: -67.489709 | F92: 12.781 | G92: 20.311 | H92: 30.822 | I92: -459.816 | J92: -0.545 | K92: -74.83
B93: Variação no saldo de fornecedores de imobilizados e montadoras de veículos | C93: Change in the balance of fixed asset suppliers and vehicle assembly companies | D93: 0 | E93: 0 | F93: 0 | G93: 0 | H93: 0 | I93: 0 | J93: 0 | K93: 0

Sheet ROIC_ROE
B4: Informações financeiras não auditadas referente aos segmentos de locação + indústria | C4: Unaudited financial information below refers to the leasing + industry segments
B5: (R$ milhões) | C5: (R$ million) | D5: Dec/2020 LTM | E5: Dec/2021 LTM | F5: Dec/2022 LTM | G5: Dec/2023 LTM | H5: Mar/2024 LTM | I5: Jun/2024 LTM** | J5: Sep/2024 LTM** | K5: Dec/2024 LTM** | L5: Mar/2025 LTM | M5: Jun/2025 LTM | N5: Sep/2025 LTM | O5: Dec/2025 LTM** | P5: Mar/2026 LTM | Q5: Jun/2026 LTM
B7: ROIC - VAMOS (Operações Continuadas) | C7: ROIC - VAMOS (Continuing Operations)
B8: EBIT | C8: EBIT | D8: ='DRE_Income Statement'!D47 -> 314.18349 | E8: ='DRE_Income Statement'!E47 -> 573.219 | F8: ='DRE_Income Statement'!F47 -> 1232.4337 | G8: ='DRE_Income Statement'!K47 -> 2029.0399 | H8: 2193.1997 | I8: 2393.8949 | J8: 2523.1335 | K8: ='DRE_Income Statement'!P47 -> 2645.3233 | L8: 2648.0316 | M8: 2585.031 | N8: 2538.8007 | O8: ='DRE_Income Statement'!U47 -> 2597.1328 | P8: 2609.9739 | Q8: 2646.6485
B9: Despesas financeiras líquidas | C9: Net financial expenses | D9: ='DRE_Income Statement'!D50 -> -103.895 | E9: ='DRE_Income Statement'!E50 -> -163.807 | F9: ='DRE_Income Statement'!F50 -> -759.03974 | G9: ='DRE_Income Statement'!K50 -> -1480.4262 | H9: -1537 | I9: -1525 | J9: -1545 | K9: ='DRE_Income Statement'!P50 -> -1620.4313 | L9: ='DRE_Income Statement'!Q50+SUM('DRE_Income Statement'!M50:O50) -> -1742.2217 | M9: ='DRE_Income Statement'!R50+'DRE_Income Statement'!Q50+'DRE_Income Statement'!O50+'DRE_Income Statement'!N50 -> -1884.6767 | N9: ='DRE_Income Statement'!S50+'DRE_Income Statement'!R50+'DRE_Income Statement'!Q50+'DRE_Income Statement'!O50 -> -2031.3444 | O9: ='DRE_Income Statement'!U50 -> -2178.547 | P9: -2226.7569 | Q9: ='DRE_Income Statement'!W50+'DRE_Income Statement'!V50+'DRE_Income Statement'!T50+'DRE_Income Statement'!S50 -> -2242.5786
B10: EBT | C10: EBT | D10: =D8+D9 -> 210.28849 | E10: =E8+E9 -> 409.412 | F10: =F8+F9 -> 473.39395 | G10: =G8+G9 -> 548.61372 | H10: =H8+H9 -> 656.19969 | I10: =I8+I9 -> 868.89485 | J10: =J8+J9 -> 978.13352 | K10: =K8+K9 -> 1024.8919 | ... Q10: =Q8+Q9 -> 404.06987
B11: Impostos | C11: Taxes | D11: -62.015 | E11: -126.594 | F11: -79.966071 | G11: -51.035 | H11: -91.120246 | I11: -162.07185 | J11: -224.90142 | K11: -245.65533 | L11: -216.92969 | M11: -160.90248 | N11: -102.22819 | O11: -99.663477 | P11: -85.48704 | Q11: -88.253773
B12: Alíquota efetiva | C12: Effective rate | D12: =D11/D10 -> -0.2949044 | E12: =E11/E10 -> -0.30920931 | F12: =F11/F10 -> -0.16892077 | G12: -0.093029404 | H12: -0.13876911 | I12: -0.18643019 | J12: -0.22997484 | K12: -0.2396902 | L12: -0.23948699 | M12: -0.22974441 | N12: -0.2014522 | O12: -0.23809632 | P12: -0.22307748 | Q12: -0.21841216
B13: NOPAT | C13: NOPAT | D13: =(D8+(D8*D12)) -> 221.5294 | E13: =(E8+(E8*E12)) -> 395.97435 | F13: =(F8+(F8*F12)) -> 1024.25 | G13: =(G8+(G8*G12)) -> 1840.2795 | H13: =(H8+(H8*H12)) -> 1888.8513 | I13: =(I8+(I8*I12)) -> 1947.6006 | J13: =(J8+(J8*J12)) -> 1942.8763 | K13: =(K8+(K8*K12)) -> 2011.2652 | ... Q13: =(Q8+(Q8*Q12)) -> 2068.5883
B14: Dívida líquida média | C14: Average net debt | D14: 1767.2195 | E14: 2180.9515 | F14: 4156.355 | G14: 7650.512 | H14: 8664.0915 | I14: 10015.173 | J14: 9913.131 | K14: 10489.158 | L14: 11014.944 | M14: 11666.91 | N14: 11504.847 | O14: 11706.53 | P14: 11908.837 | Q14: =AVERAGE(Endividamento_Indebtedness!T28,Endividamento_Indebtedness!P28) -> 11936.702
B15: Patrimônio líquido médio | C15: Average shareholders´ equity | D15: 131.4115 | E15: 1083.567 | F15: 2151.9885 | G15: 2269.9905 | H15: 2414.0665 | I15: 2292.5395 | J15: 2702.561 | K15: 2363.167 | L15: 2498.65 | M15: 2613.8755 | N15: 2728.6909 | O15: 2502.2247 | P15: 2546.4725 | Q15: =AVERAGE('BP_Balance Sheet'!T74,'BP_Balance Sheet'!P74) -> 2951.3485
B16: Capital investido médio | C16: Average invested capital | D16: 1898.631 | E16: 3264.5185 | F16: 6308.3435 | G16: 9920.5025 | H16: 11078.158 | I16: 12307.712 | J16: 12615.692 | K16: 12852.325 | L16: 13513.594 | M16: 14280.786 | N16: 14233.538 | O16: 14208.755 | P16: 14455.309 | Q16: =SUM(Q14:Q15) -> 14888.051
B17: ROIC | C17: ROIC | D17: =D13/D16 -> 0.11667849 | E17: =E13/E16 -> 0.1212964 | F17: =F13/F16 -> 0.16236434 | G17: =G13/G16 -> 0.18550265 | H17: =H13/H16 -> 0.17050229 | I17: =I13/I16 -> 0.15824229 | J17: =J13/J16 -> 0.15400473 | K17: =K13/K16 -> 0.15649038 | ... Q17: =Q13/Q16 -> 0.13894285
B20: ROE - VAMOS (Operações Continuadas) | C20: ROE- VAMOS (Continuing Operations)
B21: Lucro líquido | C21: Net Income | D21: 148.11081 | E21: 282.59083 | F21: 421.08592 | G21: 497.555 | H21: 591.09595 | I21: 737.6954 | J21: 796.58101 | K21: 779.23147 | L21: 688.88022 | M21: 539.45181 | N21: 405.22813 | O21: 318.92123 | P21: 297.73269 | Q21: =SUM('DRE_Income Statement'!W59,'DRE_Income Statement'!V59,'DRE_Income Statement'!T59,'DRE_Income Statement'!S59) -> 315.81609
B22: Patrimônio líquido médio* | C22: Average shareholders´ equity | D22: 131.4115 | E22: 1083.567 | F22: 2151.9885 | G22: 2269.9905 | H22: 2414.0665 | I22: 2292.5395 | J22: 2702.561 | K22: 2363.167 | L22: 2498.65 | M22: 2613.8755 | N22: 2728.6909 | O22: 2502.2247 | P22: 2546.4725 | Q22: =Q15 -> 2951.3485
B23: ROE | C23: ROE | D23: =D21/D22 -> 1.1270765 | E23: =E21/E22 -> 0.26079682 | F23: =F21/F22 -> 0.19567294 | G23: =G21/G22 -> 0.21918814 | H23: =H21/H22 -> 0.24485487 | I23: =I21/I22 -> 0.32178089 | J23: =J21/J22 -> 0.29475043 | K23: =K21/K22 -> 0.32974033 | ... Q23: =Q21/Q22 -> 0.10700739
B26: *Considera saldo anterior mais saldo atual dividido por 2. | C26: *Considers previous balance plus current balance divided by 2.
B27: ** Considera o resultado ajustado excluindo os efeitos extraordinários/ não recorrentes | C27: ** Considers the adjusted result excluding extraordinary/non-recurring effects
B29: LTM (Last Twelve Months) significa últimos doze meses findos nos respectivos períodos. | C29: LTM (Last Twelve Months) means the last twelve months ending in the respective periods.

Sheet Cronograma dívida_Debt Schedule
B5: Cronograma de amortização de dívidas - (R$ milhões)
B7: Dívida (30/06/2026) | C7: Emissão | D7: Vencimento | E7: Estrutura | F7: 2026 | G7: 2027 | H7: 2028 | I7: 2029 | J7: 2030 | K7: 2031 | L7: >2032 | M7: Total
B8: Finame | C8: 44816 | D8: 47041 | E8: SELIC + 1,73% | F8: 49.790527 | G8: 100.34666 | H8: 69.00836 | I8: 0 | J8: 0 | K8: 0 | L8: 0 | M8: =SUM(F8:L8) -> 219.14555
B9: Finame | C9: 44991 | D9: 47284 | E9: IPCA + 6,65% | F9: 281.49863 | G9: 888.41266 | H9: 854.31908 | I9: 295.92946 | J9: 19.105158 | K9: 0 | L9: 0 | M9: =SUM(F9:L9) -> 2339.265
B10: 2ª Debênture | C10: 20/08/2019 | D10: 46254 | E10: CDI + 1,81% | F10: 64.84083 | G10: 0 | H10: 0 | I10: 0 | J10: 0 | K10: 0 | L10: 0 | M10: =SUM(F10:L10) -> 64.84083
B11: 3ª Debênture | C11: 44385 | D11: 48015 | E11: SWAP 131,75% CDI | CDI+2,53% | IPCA+6,36% | F11: 0 | G11: 103.9299 | H11: 103.93005 | I11: 384.09814 | J11: 280.16851 | K11: 280.16851 | L11: 0 | M11: =SUM(F11:L11) -> 1152.2951
B12: 4ª Debênture | C12: 44512 | D12: 48136 | E12: SWAP 127,50% | CDI+2,60% | IPCA+7,68% | F12: 308.79815 | G12: 308.79842 | H12: 294.45742 | I12: 371.34843 | J12: 371.34893 | K12: 333.45149 | L12: 0 | M12: =SUM(F12:L12) -> 1988.2029
B13: 7ª Debênture | C13: 45093 | D13: 46919 | E13: CDI + 2,17% | F13: 0 | G13: 0 | H13: 8.304 | I13: 0 | J13: 0 | K13: 0 | L13: 0 | M13: =SUM(F13:L13) -> 8.304
B14: 9ª Debênture | C14: 45288 | D14: 47107 | E14: CDI + 2,35% | F14: 0 | G14: 125 | H14: 125 | I14: 0 | J14: 0 | K14: 0 | L14: 0 | M14: =SUM(F14:L14) -> 250
B15: 10ª Debênture | C15: 45345 | D15: 47170 | E15: CDI + 2,35% | F15: 0 | G15: 0 | H15: 250 | I15: 250 | J15: 0 | K15: 0 | L15: 0 | M15: =SUM(F15:L15) -> 500
B16: 11ª Debênture | C16: 45485 | D16: 47294 | E16: CDI + 2,35% | F16: 0 | G16: 0 | H16: 351.75 | I16: 351.75 | J16: 0 | K16: 0 | L16: 0 | M16: =SUM(F16:L16) -> 703.5
B17: 13ª Debênture | C17: 45932 | D17: 47746 | E17: CDI+2,25% | F17: 0 | G17: 0 | H17: 0 | I17: 0 | J17: 600 | K17: 0 | L17: 0 | M17: =SUM(F17:L17) -> 600
B18: 14° Debenture | C18: 46006 | D18: 48233 | E18: SWAP Pré 15,72% l CDI + 3,66% | F18: 0 | G18: 0 | H18: 0 | I18: 0 | J18: 0 | K18: 0 | L18: 0 | M18: =SUM(F18:L18) -> 0
B19: 15ª Debênture | C19: 46104 | D19: 48111 | E19: CDI + 2,17% | F19: 0 | G19: 0 | H19: 0 | I19: 0 | J19: 250 | K19: 250 | L19: 0 | M19: =SUM(F19:L19) -> 500
B20: CRA 2 | C20: 43825 | D20: 46342 | E20: SWAP 133,80% CDI | Pré 8,0% | F20: 18.76371 | G20: 0 | H20: 0 | I20: 0 | J20: 0 | K20: 0 | L20: 0 | M20: =SUM(F20:L20) -> 18.76371
B21: CRA 3 | C21: 43998 | D21: 46553 | E21: SWAP 165,00% CDI | IPCA+5,70% | F21: 0 | G21: 238.6496 | H21: 0 | I21: 0 | J21: 0 | K21: 0 | L21: 0 | M21: =SUM(F21:L21) -> 238.6496
B22: CRA 4 | C22: 44161 | D22: 47805 | E22: SWAP 133,60% CDI | IPCA+5,73% | F22: 0 | G22: 0 | H22: 186.99956 | I22: 186.99984 | J22: 186.99984 | K22: 0 | L22: 0 | M22: =SUM(F22:L22) -> 560.99923
... B31: Bond | C31: 45932 | D31: 47874 | E31: SWAP CDI+ 3,68 l USD+9,20% | F31: 0 | G31: 0 | H31: 0 | I31: 0 | J31: 0 | K31: 1551.51 | L31: 0 | M31: =SUM(F31:L31) -> 1551.51
B32: Juros líquidos incorridos, custos de captação e swap | M32: 39.912721
B33: Caixa e equivalentes de caixa | M33: =Endividamento_Indebtedness!T26 -> -4407.007
B34: Dívida Líquida | F34: =SUM(F8:F31) -> 734.84634 | G34: =SUM(G8:G31) -> 1870.9133 | H34: =SUM(H8:H31) -> 4266.7066 | I34: =SUM(I8:I31) -> 2160.3781 | J34: =SUM(J8:J31) -> 2811.0034 | K34: =SUM(K8:K31) -> 3528.9644 | L34: =SUM(L8:L31) -> 555.34422 | M34: =SUM(M8:M33) -> 11561.062
B37: Debt amortization schedule - (R$ million)
B39: Debt (06/30/2026) | C39: Issuance | D39: Due date | E39: Structure | F39: 2026 | G39: 2027 | H39: 2028 | I39: 2029 | J39: 2030 | K39: 2031 | L39: >2032 | M39: Total
B40: Finame | C40: 44904 | D40: 10/15/2028 | E40: =E8 -> SELIC + 1,73% | F40: =F8 -> 49.790527 | G40: =G8 -> 100.34666 | H40: =H8 -> 69.00836 | I40: =I8 -> 0 | J40: =J8 -> 0 | K40: =K8 -> 0 | L40: =L8 -> 0 | M40: =SUM(F40:L40) -> 219.14555
B41: Finame | C41: 45080 | D41: 06/15/2029 | E41: =E9 -> IPCA + 6,65% | F41: =F9 -> 281.49863 | G41: =G9 -> 888.41266 | H41: =H9 -> 854.31908 | I41: =I9 -> 295.92946 | J41: =J9 -> 19.105158 | K41: =K9 -> 0 | L41: =L9 -> 0 | M41: =SUM(F41:L41) -> 2339.265
B42: 2nd Debenture | C42: 08/20/2019 | D42: 08/20/2026 | E42: =E10 -> CDI + 1,81% | F42: =F10 -> 64.84083 | G42: =G10 -> 0 | H42: =H10 -> 0 | I42: =I10 -> 0 | J42: =J10 -> 0 | K42: =K10 -> 0 | L42: =L10 -> 0 | M42: =SUM(F42:L42) -> 64.84083
B43: 3rd Debenture | C43: 44415 | D43: 06/16/2031 | E43: =E11 -> SWAP 131,75% CDI | CDI+2,53% | IPCA+6,36% | F43: =F11 -> 0 | G43: =G11 -> 103.9299 | H43: =H11 -> 103.93005 | I43: =I11 -> 384.09814 | J43: =J11 -> 280.16851 | K43: =K11 -> 280.16851 | L43: =L11 -> 0 | M43: =SUM(F43:L43) -> 1152.2951
B44: 4th Debenture | C44: 10/15/2021 | D44: 10/15/2031 | E44: =E12 -> SWAP 127,50% | CDI+2,60% | IPCA+7,68% | F44: =F12 -> 308.79815 | G44: =G12 -> 308.79842 | H44: =H12 -> 294.45742 | I44: =I12 -> 371.34843 | J44: =J12 -> 371.34893 | K44: =K12 -> 333.45149 | L44: =L12 -> 0 | M44: =SUM(F44:L44) -> 1988.2029
B45: 7th Debenture | C45: 06/16/2023 | D45: 06/15/2028 | E45: =E13 -> CDI + 2,17% | F45: =F13 -> 0 | G45: =G13 -> 0 | H45: =H13 -> 8.304 | I45: =I13 -> 0 | J45: =J13 -> 0 | K45: =K13 -> 0 | L45: =L13 -> 0 | M45: =SUM(F45:L45) -> 8.304
B46: 9th Debenture | C46: 12/20/2023 | D46: 12/20/2028 | E46: =E14 -> CDI + 2,35% | F46: =F14 -> 0 | G46: =G14 -> 125 | H46: =H14 -> 125 | I46: =I14 -> 0 | J46: =J14 -> 0 | K46: =K14 -> 0 | L46: =L14 -> 0 | M46: =SUM(F46:L46) -> 250
B47: 10th Debenture | C47: 02/23/2024 | D47: 02/21/2029 | E47: =E15 -> CDI + 2,35% | F47: =F15 -> 0 | G47: =G15 -> 0 | H47: =H15 -> 250 | I47: =I15 -> 250 | J47: =J15 -> 0 | K47: =K15 -> 0 | L47: =L15 -> 0 | M47: =SUM(F47:L47) -> 500
B48: 11th Debenture | C48: 45633 | D48: 06/25/2029 | E48: =E16 -> CDI + 2,35% | F48: =F16 -> 0 | G48: =G16 -> 0 | H48: =H16 -> 351.75 | I48: =I16 -> 351.75 | J48: =J16 -> 0 | K48: =K16 -> 0 | L48: =L16 -> 0 | M48: =SUM(F48:L48) -> 703.5
B49: 13th Debenture | C49: 45698 | D49: 09/20/2030 | E49: =E17 -> CDI+2,25% | F49: =F17 -> 0 | G49: =G17 -> 0 | H49: =H17 -> 0 | I49: =I17 -> 0 | J49: =J17 -> 600 | K49: =K17 -> 0 | L49: =L17 -> 0 | M49: =SUM(F49:L49) -> 600
B50: 14th Debenture | C50: 12/15/2025 | D50: 01/20/2032 | E50: =E18 -> SWAP Pré 15,72% l CDI + 3,66% | F50: =F18 -> 0 | G50: =G18 -> 0 | H50: =H18 -> 0 | I50: =I18 -> 0 | J50: =J18 -> 0 | K50: =K18 -> 0 | L50: =L18 -> 0 | M50: =SUM(F50:L50) -> 0
B51: 15th Debenture | C51: 03/23/2026 | D51: 09/20/2031 | E51: =E19 -> CDI + 2,17% | F51: =F19 -> 0 | G51: =G19 -> 0 | H51: =H19 -> 0 | I51: =I19 -> 0 | J51: =J19 -> 250 | K51: =K19 -> 250 | L51: =L19 -> 0 | M51: =SUM(F51:L51) -> 500
B52: CRA 2 | C52: 11/15/2019 | D52: 11/13/2026 | E52: =E20 -> SWAP 133,80% CDI | Pré 8,0% | F52: =F20 -> 18.76371 | G52: =G20 -> 0 | H52: =H20 -> 0 | I52: =I20 -> 0 | J52: =J20 -> 0 | K52: =K20 -> 0 | L52: =L20 -> 0 | M52: =SUM(F52:L52) -> 18.76371
B53: CRA 3 | C53: 44171 | D53: 06/14/2027 | E53: =E21 -> SWAP 165,00% CDI | IPCA+5,70% | F53: =F21 -> 0 | G53: =G21 -> 238.6496 | H53: =H21 -> 0 | I53: =I21 -> 0 | J53: =J21 -> 0 | K53: =K21 -> 0 | L53: =L21 -> 0 | M53: =SUM(F53:L53) -> 238.6496
B54: CRA 4 | C54: 11/26/2020 | D54: 11/18/2030 | E54: =E22 -> SWAP 133,60% CDI | IPCA+5,73% | F54: =F22 -> 0 | G54: =G22 -> 0 | H54: =H22 -> 186.99956 | I54: =I22 -> 186.99984 | J54: =J22 -> 186.99984 | K54: =K22 -> 0 | L54: =L22 -> 0 | M54: =SUM(F54:L54) -> 560.99923
B55: CRA 5 | C55: 44598 | D55: 05/15/2037 | E55: =E23 -> SWAP 112,65% CDI | IPCA+6,68% | F55: =F23 -> 0 | G55: =G23 -> 0 | H55: =H23 -> 0 | I55: =I23 -> 0 | J55: =J23 -> 121.01444 | K55: =K23 -> 121.01462 | L55: =L23 -> 475.34932 | M55: =SUM(F55:L55) -> 717.37837
B56: CRA 6 | C56: 44987 | D56: 01/14/2030 | E56: =E24 -> CDI + 1,05% | IPCA + 7,16% | F56: =F24 -> 0 | G56: =G24 -> 0 | H56: =H24 -> 233.535 | I56: =I24 -> 0 | J56: =J24 -> 595.67596 | K56: =K24 -> 0 | L56: =L24 -> 0 | M56: =SUM(F56:L56) -> 829.21096
B57: CRA 7 | C57: 11/16/2023 | D57: 11/16/2033 | E57: =E25 -> Pré 12,05% + IPCA + 6,69% | F57: =F25 -> 0 | G57: =G25 -> 0 | H57: =H25 -> 0 | I57: =I25 -> 298.08781 | J57: =J25 -> 339.52609 | K57: =K25 -> 27.497453 | L57: =L25 -> 54.994907 | M57: =SUM(F57:L57) -> 720.10626
B58: CDCA | C58: 09/16/2024 | D58: 09/15/2031 | E58: =E26 -> Pré 13,62% + IPCA + 7,91% | F58: =F26 -> 0 | G58: =G26 -> 0 | H58: =H26 -> 0 | I58: =I26 -> 0 | J58: =J26 -> 0 | K58: =K26 -> 893.15786 | L58: =L26 -> 0 | M58: =SUM(F58:L58) -> 893.15786
B59: Commercial Note | C59: 04/17/2026 | D59: 48491 | E59: =E27 -> 101,00% CDI | F59: =F27 -> 0 | G59: =G27 -> 0 | H59: =H27 -> 0 | I59: =I27 -> 0 | J59: =J27 -> 25 | K59: =K27 -> 50 | L59: =L27 -> 25 | M59: =SUM(F59:L59) -> 100
B60: Commercial Note | C60: 44748 | D60: 46940 | E60: =E28 -> 114,00% CDI | F60: =F28 -> 0 | G60: =G28 -> 83.333375 | H60: =H28 -> 83.333375 | I60: =I28 -> 0 | J60: =J28 -> 0 | K60: =K28 -> 0 | L60: =L28 -> 0 | M60: =SUM(F60:L60) -> 166.66675
B61: IDB | C61: 01/21/2025 | D61: 12/15/2031 | E61: =E29 -> US$30MM | SWAP CDI+1,90% | SOFR+3,11% | F61: =F29 -> 11.092714 | G61: =G29 -> 22.174929 | H61: =H29 -> 22.164429 | I61: =I29 -> 22.164429 | J61: =J29 -> 22.164429 | K61: =K29 -> 22.164429 | L61: =L29 -> 0 | M61: =SUM(F61:L61) -> 121.92536
B62: Loan | C62: 03/25/2025 | D62: 03/25/2028 | E62: =E30 -> US$ 275MM | SWAP CDI+ 0,67% | Pré 7,23% | F62: =F30 -> 0.06176752 | G62: =G30 -> 0.26773757 | H62: =H30 -> 1683.9053 | I62: =I30 -> 0 | J62: =J30 -> 0 | K62: =K30 -> 0 | L62: =L30 -> 0 | M62: =SUM(F62:L62) -> 1684.2349
B63: Bond | C63: 45698 | D63: 01/26/2031 | E63: =E31 -> SWAP CDI+ 3,68 l USD+9,20% | F63: =F31 -> 0 | G63: =G31 -> 0 | H63: =H31 -> 0 | I63: =I31 -> 0 | J63: =J31 -> 0 | K63: =K31 -> 1551.51 | L63: =L31 -> 0 | M63: =SUM(F63:L63) -> 1551.51
B64: Net interest incurred and funding costs | M64: =M32 -> 39.912721
B65: Cash, cash equivalents, and swap | M65: =M33 -> -4407.007
B66: Net Debt | F66: =SUM(F40:F63) -> 734.84634 | G66: =SUM(G40:G63) -> 1870.9133 | H66: =SUM(H40:H63) -> 4266.7066 | I66: =SUM(I40:I63) -> 2160.3781 | J66: =SUM(J40:J63) -> 2811.0034 | K66: =SUM(K40:K63) -> 3528.9644 | L66: =SUM(L40:L63) -> 555.34422 | M66: =SUM(M40:M65) -> 11561.062

Sheet Endividamento_Indebtedness
B4: Informações financeiras não auditadas, exceto dez/2024. | C4: Unaudited financial information, except for dec/2024.
B5: Endividamento - VAMOS (Operações Continuadas) - R$ milhões | C5: Indebtedness - VAMOS (Continuing Operations) - R$ million | D5: Dec/2020 | E5: Dec/2021 | F5: Dec/2022 | G5: Mar/2023 | H5: Jun/2023 | I5: Sep/2023 | J5: Dec/2023 | K5: Mar/2024 | L5: Jun/2024 | M5: Sep/2024 | N5: Dec/2024 | O5: Mar/2025 | P5: Jun/2025 | Q5: Sep/2025 | R5: Dec/2025 | S5: Mar/2026 | T5: Jun/2026
B8: Dívida Bruta | C8: Gross Debt
B9: Empréstimos, financiamentos e debêntures CP | C9: Loans, financing and debentures ST | D9: ='BP_Balance Sheet'!D46 -> 295.853 | E9: ='BP_Balance Sheet'!E46 -> 203.964 | F9: ='BP_Balance Sheet'!F46 -> 541.786 | G9: ='BP_Balance Sheet'!G46 -> 694.298 | H9: ='BP_Balance Sheet'!H46 -> 633.911 | I9: ='BP_Balance Sheet'!I46 -> 940.857 | J9: ='BP_Balance Sheet'!J46 -> 846.806 | K9: ='BP_Balance Sheet'!K46 -> 1453.021 | ... T9: ='BP_Balance Sheet'!T46 -> 1807.861
B10: Arrendamento financeiro a pagar CP | C10: Leasing payable ST | D10: ='BP_Balance Sheet'!D48 -> 5.197 | E10: 0 | F10: 0 | G10: 0 | H10: 0 | I10: 0 | J10: 0 | K10: 0 | L10: 0 | M10: 0 | N10: 0 | O10: 0 | P10: 0 | Q10: 0 | R10: 0 | S10: 0 | T10: 0
B11: Risco sacado a pagar | C11: Confirming payable | D11: ='BP_Balance Sheet'!D45 -> 0 | E11: ='BP_Balance Sheet'!E45 -> 0 | F11: ='BP_Balance Sheet'!F45 -> 31.319 | G11: ='BP_Balance Sheet'!G45 -> 26.422 | H11: ='BP_Balance Sheet'!H45 -> 37.503 | I11: ='BP_Balance Sheet'!I45 -> 65.204 | J11: ='BP_Balance Sheet'!J45 -> 53.289 | K11: ='BP_Balance Sheet'!K45 -> 5.24 | ... T11: ='BP_Balance Sheet'!T45 -> 0
B12: Fornecedores CP | D12: ='BP_Balance Sheet'!D44 -> 440.65201 | E12: ='BP_Balance Sheet'!E44 -> 522.625 | F12: ='BP_Balance Sheet'!F44 -> 2405.7945 | G12: ='BP_Balance Sheet'!G44 -> 1153.721 | H12: ='BP_Balance Sheet'!H44 -> 229.987 | I12: ='BP_Balance Sheet'!I44 -> 302.3 | J12: ='BP_Balance Sheet'!J44 -> 523.586 | K12: ='BP_Balance Sheet'!K44 -> 1004.13 | ... T12: ='BP_Balance Sheet'!T44 -> 889.89
B13: Fornecedores LP | D13: ='BP_Balance Sheet'!D62 -> 0 | E13: ='BP_Balance Sheet'!E62 -> 0 | F13: ='BP_Balance Sheet'!F62 -> 0 | G13: ='BP_Balance Sheet'!G62 -> 0 | H13: ='BP_Balance Sheet'!H62 -> 0 | I13: ='BP_Balance Sheet'!I62 -> 0 | J13: ='BP_Balance Sheet'!J62 -> 0 | K13: ='BP_Balance Sheet'!K62 -> 0 | ... T13: ='BP_Balance Sheet'!T62 -> 39.993
B14: Empréstimos, financiamentos e debêntures LP | C14: Loans, borrowings and debentures LT | D14: ='BP_Balance Sheet'!D63 -> 2462.406 | E14: ='BP_Balance Sheet'!E63 -> 5803.464 | F14: ='BP_Balance Sheet'!F63 -> 6528.824 | G14: ='BP_Balance Sheet'!G63 -> 8268.15 | H14: ='BP_Balance Sheet'!H63 -> 9436.858 | I14: ='BP_Balance Sheet'!I63 -> 9028.566 | J14: ='BP_Balance Sheet'!J63 -> 10381.596 | K14: ='BP_Balance Sheet'!K63 -> 10687.81 | ... T14: ='BP_Balance Sheet'!T63 -> 13785.515
B15: Arrendamento financeiro a pagar LP | C15: Leasing payable LT | D15: ='BP_Balance Sheet'!D65 -> 0.078 | E15: ='BP_Balance Sheet'!E65 -> 0 | F15: ='BP_Balance Sheet'!F65 -> 0 | G15: ='BP_Balance Sheet'!G65 -> 0 | H15: 0 | I15: 0 | J15: 0 | K15: 0 | L15: 0 | M15: 0 | N15: 0 | O15: 0 | P15: 0 | Q15: 0 | R15: 0 | S15: 0 | T15: 0
B16: Instrumentos financeiros derivativos - Passivo CP | C16: Derivative financial instruments - Liabilities ST | D16: ='BP_Balance Sheet'!D50 -> 0 | E16: ='BP_Balance Sheet'!E50 -> 0 | F16: ='BP_Balance Sheet'!F50 -> 0 | G16: ='BP_Balance Sheet'!G50 -> 0 | H16: ='BP_Balance Sheet'!H50 -> 0 | I16: ='BP_Balance Sheet'!I50 -> 0 | J16: ='BP_Balance Sheet'!J50 -> 214.27 | K16: ='BP_Balance Sheet'!K50 -> 240.492 | ... T16: ='BP_Balance Sheet'!T50 -> 281.647
B17: Instrumentos financeiros derivativos - Passivo LP | C17: Derivative financial instruments - Liabilities LT | D17: ='BP_Balance Sheet'!D69 -> 0 | E17: ='BP_Balance Sheet'!E69 -> 135.509 | F17: ='BP_Balance Sheet'!F69 -> 278.976 | G17: ='BP_Balance Sheet'!G69 -> 224.934 | H17: ='BP_Balance Sheet'!H69 -> 176.022 | I17: ='BP_Balance Sheet'!I69 -> 133.257 | J17: ='BP_Balance Sheet'!J69 -> 69.545 | K17: ='BP_Balance Sheet'!K69 -> 12.268 | ... T17: ='BP_Balance Sheet'!T69 -> 282.368
B18: Instrumentos financeiros derivativos - Ativo CP | C18: Derivative financial instruments - Assets ST | D18: =-'BP_Balance Sheet'!D11 -> 0 | E18: =-'BP_Balance Sheet'!E11 -> 0 | F18: =-'BP_Balance Sheet'!F11 -> 0 | G18: =-'BP_Balance Sheet'!G11 -> 0 | H18: =-'BP_Balance Sheet'!H11 -> 0 | I18: =-'BP_Balance Sheet'!I11 -> -2.694 | J18: =-'BP_Balance Sheet'!J11 -> -2.769 | K18: =-'BP_Balance Sheet'!K11 -> 0 | ... T18: =-'BP_Balance Sheet'!T11 -> -39.119
B19: Instrumentos financeiros derivativos - Ativo LP | C19: Derivative financial instruments - Assets LT | D19: =-'BP_Balance Sheet'!D25 -> -98.5 | E19: =-'BP_Balance Sheet'!E25 -> -9.371 | F19: =-'BP_Balance Sheet'!F25 -> -12.871 | G19: =-'BP_Balance Sheet'!G25 -> -11.747 | H19: =-'BP_Balance Sheet'!H25 -> -252.724 | I19: =-'BP_Balance Sheet'!I25 -> -86.148 | J19: =-'BP_Balance Sheet'!J25 -> -506.091 | K19: =-'BP_Balance Sheet'!K25 -> -431.338 | ... T19: =-'BP_Balance Sheet'!T25 -> -150.204
B20: Dívida Bruta Total | C20: Total Gross Debt | D20: =SUM(D9:D11,D14:D19) -> 2665.034 | E20: =SUM(E9:E11,E14:E19) -> 6133.566 | F20: =SUM(F9:F11,F14:F19) -> 7368.034 | G20: =SUM(G9:G11,G14:G19) -> 9202.057 | H20: =SUM(H9:H11,H14:H19) -> 10031.57 | I20: =SUM(I9:I11,I14:I19) -> 10079.042 | J20: =SUM(J9:J11,J14:J19) -> 11056.646 | K20: =SUM(K9:K11,K14:K19) -> 11967.493 | ... T20: =SUM(T9:T11,T14:T19) -> 15968.068
B22: Caixa | C22: Liquidity
B23: Caixas e equivalentes de caixa | C23: Cash and cash equivalents | D23: =-'BP_Balance Sheet'!D9 -> -13.43 | E23: =-'BP_Balance Sheet'!E9 -> -128.178 | F23: =-'BP_Balance Sheet'!F9 -> -60.347 | G23: =-'BP_Balance Sheet'!G9 -> -1219.149 | H23: =-'BP_Balance Sheet'!H9 -> -141.116 | I23: =-'BP_Balance Sheet'!I9 -> -316.311 | J23: =-'BP_Balance Sheet'!J9 -> -73.517 | K23: =-'BP_Balance Sheet'!K9 -> -254.746 | ... S23: =-'BP_Balance Sheet'!S9 -> -174.845 | T23: -185.221
B24: Títulos e valores mobiliários CP | C24: Securities ST | D24: =-'BP_Balance Sheet'!D10 -> -668.444 | E24: =-'BP_Balance Sheet'!E10 -> -3613.327 | F24: =-'BP_Balance Sheet'!F10 -> -1361.474 | G24: =-'BP_Balance Sheet'!G10 -> -847.69 | H24: =-'BP_Balance Sheet'!H10 -> -862.817 | I24: =-'BP_Balance Sheet'!I10 -> -973.218 | J24: =-'BP_Balance Sheet'!J10 -> -1599.3452 | K24: =-'BP_Balance Sheet'!K10 -> -1490.667 | ... S24: =-'BP_Balance Sheet'!S10 -> -4620.097 | T24: -4221.786
B25: Títulos e valores mobiliários LP | C25: Securities LT | D25: =-'BP_Balance Sheet'!D24 -> -6.206 | E25: =-'BP_Balance Sheet'!E24 -> -7.112 | F25: =-'BP_Balance Sheet'!F24 -> -18.452 | G25: =-'BP_Balance Sheet'!G24 -> -18.335 | H25: =-'BP_Balance Sheet'!H24 -> -18.769 | I25: =-'BP_Balance Sheet'!I24 -> -13.04 | J25: =-'BP_Balance Sheet'!J24 -> -10.521 | K25: =-'BP_Balance Sheet'!K24 -> -10.78 | ... S25: =-'BP_Balance Sheet'!S24 -> 0 | T25: 0
B26: Caixa Total | C26: Total Liquidity | D26: =SUM(D23:D25) -> -688.08 | E26: =SUM(E23:E25) -> -3748.617 | F26: =SUM(F23:F25) -> -1440.273 | G26: =SUM(G23:G25) -> -2085.174 | H26: =SUM(H23:H25) -> -1022.702 | I26: =SUM(I23:I25) -> -1302.569 | J26: =SUM(J23:J25) -> -1683.3832 | K26: =SUM(K23:K25) -> -1756.193 | ... T26: =SUM(T23:T25) -> -4407.007
B28: Dívida Líquida | C28: Net Debt | D28: =D20+D26 -> 1976.954 | E28: =E20+E26 -> 2384.949 | F28: =F20+F26 -> 5927.761 | G28: =G20+G26 -> 7116.883 | H28: =H20+H26 -> 9008.868 | I28: =I20+I26 -> 8776.473 | J28: =J20+J26 -> 9373.263 | K28: =K20+K26 -> 10211.3 | ... T28: =T20+T26 -> 11561.061
B30: EBITDA UDM (para fins de covenant) | C30: EBITDA LTM (covenant purpose) | D30: 555.11481 | E30: 858.69483 | F30: 1580.1519 | G30: 1888.3907 | H30: 2165.3664 | I30: 2448.7647 | J30: 2661.6867 | K30: 2887.6359 | L30: 3147.4082 | M30: 3333.0592 | N30: 3501.9332 | O30: 3589.5896 | P30: 3627.6821 | Q30: 3652.7912 | R30: 3741.0971 | S30: 3803.4652 | T30: 3854.1447
B32: Dívida Líquida / EBITDA para fins de convenant | C32: Net Debt/EBITDA for covenant purpose | D32: =D28/D30 -> 3.5613426 | E32: =E28/E30 -> 2.7774116 | F32: =F28/F30 -> 3.7513867 | G32: =G28/G30 -> 3.7687555 | H32: =H28/H30 -> 4.1604359 | I32: =I28/I30 -> 3.5840409 | J32: =J28/J30 -> 3.5215501 | K32: =K28/K30 -> 3.5362146 | ... T32: =T28/T30 -> 2.9996438
B34: * Definição para cálculo da alavancagem para fins de covenants: Divida líquida: inclui os ativos e passivos de derivativos relacionados com as dívidas (MTM) EBITDA UDM: inclui o EBITDA UDM das empresas adquiridas e exclui os efeitos de imparidade de ativos ocorrida nos últimos doze meses, tanto relacionado aos efeitos extraordinários deste trimestre quanto a imparidade do contas a receber (PDD) recorrente UDM, tal como previsto na escritura de nossas debêntures. | C34: * Definition for the calculation of leverage for covenant purposes. Net debt: includes debt-related derivative assets and liabilities (MTM) LTM EBITDA: includes the LTM EBITDA of the acquired companies and excludes the impact of the impairment of assets in the last twelve months, both related to the one-time effects of this year and the impairment of the LTM recurring bad debt provision (PDD) as required by the indenture of our debentures.

Sheet Dados Frota_Fleet Data
B4: As informações mostradas abaixo referem-se somente ao segmento de locação | C4: The information shown below refers to the leasing segment
B5: Vamos - Dados da Frota | C5: Vamos - Fleet Operational Data | D5: 2020 | E5: 1Q21 | F5: 2Q21 | G5: 3Q21 | H5: 4Q21 | I5: 2021 | J5: 1Q22 | K5: 2Q22 | L5: 3Q22 | M5: 4Q22 | N5: 2022 | O5: 1Q23 | P5: 2Q23 | Q5: 3Q23 | R5: 4Q23 | S5: 2023 | T5: 1Q24 | U5: 2Q24 | V5: 3Q24 | W5: 4Q24 | X5: 2024 | Y5: 1Q25 | Z5: 2Q25 | AA5: 3Q25 | AB5: 4Q25 | AC5: 2025 | AD5: 1Q26 | AE5: 2Q26
B7: Número de ativos 1 | C7: Number of assets 1
B8: Início do período | C8: Beginning of period | D8: 13244 | E8: =D21 -> 15128 | F8: =E21 -> 16025 | G8: =F21 -> 18395 | H8: =G21 -> 20384 | I8: =D21 -> 15128 | J8: =I21 -> 23627 | K8: =J21 -> 26859 | L8: =K21 -> 33940 | M8: =L21 -> 38561 | N8: =I21 -> 23627 | O8: =N21 -> 43829 | P8: =O21 -> 45055 | Q8: =P21 -> 45279 | R8: =Q21 -> 45161 | S8: =N21 -> 43829 | T8: =S21 -> 45727 | U8: =T21 -> 49515 | V8: =U21 -> 50384 | W8: =V21 -> 51090 | X8: =S21 -> 45727 | Y8: 51604 | Z8: =Y21 -> 52593 | AA8: =Z21 -> 52544 | AB8: =AA21 -> 52047 | AC8: =X21 -> 51604 | AD8: =AC21 -> 51953 | AE8: =AD21 -> 50980
B9: Transferência de ativos 2 | C9: Assets Transfer 2 | D9: 0 | I9: =D9 -> 0 | P9: 168 | Q9: 234 | R9: 51 | S9: =SUM(O9:R9) -> 453 | T9: 66 | X9: =SUM(T9:W9) -> 66
B10: Total | C10: Total | D10: 13244 | E10: =SUM(E8:E9) -> 15128 | F10: =SUM(F8:F9) -> 16025 | G10: =SUM(G8:G9) -> 18395 | H10: =SUM(H8:H9) -> 20384 | I10: =I8 -> 15128 | J10: =I21 -> 23627 | K10: =J21 -> 26859 | L10: =K21 -> 33940 | M10: =L21 -> 38561 | N10: =I21 -> 23627 | O10: =N21 -> 43829 | P10: =P8-P9 -> 44887 | Q10: =Q8-Q9 -> 45045 | R10: =R8-R9 -> 45110 | S10: =O21 -> 45055 | T10: =T8-T9 -> 45661 | U10: =U8-U9 -> 49515 | V10: =V8-V9 -> 50384 | W10: =W8-W9 -> 51090 | X10: =S21 -> 45727 | Y10: =Y8-Y9 -> 51604 | Z10: =Z8-Z9 -> 52593 | AA10: =AA8-AA9 -> 52544 | AB10: =AB8-AB9 -> 52047 | AC10: =X21 -> 51604 | AD10: =AD8-AD9 -> 51953 | AE10: =AE8-AE9 -> 50980
B11: + Compras Caminhões | C11: + Purchase of trucks | D11: 3299 | E11: 1051 | F11: 2082 | G11: 2101 | H11: 3419 | I11: =SUM(E11:H11) -> 8653 | J11: 3202 | K11: 4079 | L11: 3746 | M11: =4578+443 -> 5021 | N11: =SUM(J11:M12) -> 16048 | O11: =1314+239-29 -> 1524 | P11: 508 | Q11: 652 | R11: 930 | S11: =SUM(O11:R12) -> 3614 | T11: 4163 | U11: 1410 | V11: 1184 | W11: 992 | X11: =SUM(T11:W11) -> 7749 | Y11: 1900 | Z11: 979 | AA11: 1440 | AB11: 1302 | AC11: =SUM(Y11:AB11) -> 5621 | AD11: 748 | AE11: 1913
B12: + Caminhões efeito aquisição Borgato | C12: + Trucks acquisition of Borgato | N12: =SUM(J12:L12) -> 0 | S12: =SUM(L12:N12) -> 0 | X12: =SUM(N12:P12) -> 0 | AC12: =SUM(S12:U12) -> 0
B13: + Caminhões efeito aquisição HM | C13: + Trucks acquisition of HM | K13: 75 | L13: 90 | M13: 0 | N13: =SUM(J13:M13) -> 165 | S13: =SUM(O13:R13) -> 0 | X13: =SUM(T13:W13) -> 0 | AC13: =SUM(Y13:AB13) -> 0
B14: + Caminhões efeito aquisição TRUCKVAN | C14: + Trucks acquisition of TRUCKVAN | N14: =SUM(J14:M14) -> 0 | S14: =SUM(O14:R14) -> 0 | X14: =SUM(T14:W14) -> 0 | AC14: =SUM(Y14:AB14) -> 0
B15: + Compras Máquinas | C15: + Purchase of machinery | D15: 381 | E15: 131 | F15: 500 | G15: 104 | H15: 167 | I15: =SUM(E15:H15) -> 902 | J15: 246 | K15: 573 | L15: 1279 | M15: =1358-443 -> 915 | N15: =SUM(J15:M15) -> 3013 | O15: =801+29 -> 830 | P15: 395 | Q15: 280 | R15: 167 | S15: =SUM(O15:R16) -> 1672 | T15: 357 | U15: 262 | V15: 402 | W15: 374 | X15: =SUM(T15:W15) -> 1395 | Y15: 281 | Z15: 387 | AA15: 108 | AB15: 442 | AC15: =SUM(Y15:AB15) -> 1218 | AD15: 189 | AE15: 195
B16: + Máquinas efeito aquisição Borgato | C16: + Machinery acquisition of Borgato | N16: =SUM(J16:L16) -> 0 | S16: =SUM(O16:Q16) -> 0 | X16: =SUM(Q16:S16) -> 0 | AC16: =SUM(V16:X16) -> 0
B17: + Máquinas efeito aquisição TRUCKVAN | C17: + Machinery acquisition of TRUCKVAN | L17: 20 | M17: 0 | N17: =SUM(J17:M17) -> 20 | S17: =SUM(O17:R17) -> 0 | X17: =SUM(T17:W17) -> 0 | Y17: 0 | AC17: =SUM(Y17:AB17) -> 0
B18: + Máquinas efeito aquisição HM | C18: + Machinery acquisition of HM | K18: 2708 | N18: =SUM(J18:M18) -> 2708 | S18: =SUM(O18:R18) -> 0 | X18: =SUM(T18:W18) -> 0 | Y18: 0 | AC18: =SUM(Y18:AB18) -> 0
B19: - Venda Caminhões | C19: - Trucks sales | D19: 1516 | E19: 269 | F19: 207 | G19: 161 | H19: 326 | I19: =SUM(E19:H19) -> 963 | J19: 199 | K19: 326 | L19: 456 | M19: 637 | N19: =SUM(J19:M19) -> 1618 | O19: 993 | P19: 466 | Q19: 759 | R19: 421 | S19: =SUM(O19:R19) -> 2639 | T19: 594 | U19: 643 | V19: 759 | W19: =692+51 -> 743 | X19: =SUM(T19:W19) -> 2739 | Y19: 1009 | Z19: 1208 | AA19: 1883 | AB19: 1692 | AC19: =SUM(Y19:AB19) -> 5792 | AD19: 1474 | AE19: 1653
B20: - Venda Máquinas | C20: - Machinery sales | D20: 280 | E20: 16 | F20: 5 | G20: 55 | H20: 17 | I20: =SUM(E20:H20) -> 93 | J20: 17 | K20: 28 | L20: 38 | M20: 31 | N20: =SUM(J20:M20) -> 114 | O20: 135 | P20: 45 | Q20: 57 | R20: 59 | S20: =SUM(O20:R20) -> 296 | T20: 72 | U20: 160 | V20: 121 | W20: =160-51 -> 109 | X20: =SUM(T20:W20) -> 462 | Y20: 183 | Z20: 207 | AA20: 162 | AB20: 146 | AC20: =SUM(Y20:AB20) -> 698 | AD20: 436 | AE20: 179
B21: Fim do período - Locação | C21: End of period | D21: 15128 | E21: =E10+SUM(E11:E16)-SUM(E19:E20) -> 16025 | F21: =F10+SUM(F11:F16)-SUM(F19:F20) -> 18395 | G21: =G10+SUM(G11:G16)-SUM(G19:G20) -> 20384 | H21: =H10+SUM(H11:H16)-SUM(H19:H20) -> 23627 | I21: =I8+I11+I15-I19-I20 -> 23627 | J21: =J8+J11+J15-J19-J20 -> 26859 | K21: =K10+K11+K13+K15+K18-K19-K20 -> 33940 | L21: =L10+L11+L13+L15+L18-L19-L20 -> 38561 | M21: =M10+M11+M13+M15+M18-M19-M20 -> 43829 | N21: =N8+N11+N15-N19-N20+N13+N18 -> 43829 | O21: =O8+O11+O15-O19-O20 -> 45055 | P21: =P10+P11+P15-P19-P20 -> 45279 | Q21: =Q10+Q11+Q15-Q19-Q20 -> 45161 | R21: =R10+R11+R15-R19-R20 -> 45727 | S21: =S8+S11+S15-S19-S20+S13+S18-S9 -> 45727 | T21: =T10+T11+T15-T19-T20 -> 49515 | U21: =U10+U11+U15-U19-U20 -> 50384 | V21: =V10+V11+V15-V19-V20 -> 51090 | W21: =W10+W11+W15-W19-W20 -> 51604 | X21: =X8+X11+X15-X19-X20+X13+X18-X9 -> 51604 | Y21: =Y10+Y11+Y15-Y19-Y20 -> 52593 | Z21: =Z10+Z11+Z15-Z19-Z20 -> 52544 | AA21: =AA10+AA11+AA15-AA19-AA20 -> 52047 | AB21: =AB10+AB11+AB15-AB19-AB20 -> 51953 | AC21: =AC8+AC11+AC15-AC19-AC20+AC13+AC18-AC9 -> 51953 | AD21: =AD10+AD11+AD15-AD19-AD20 -> 50980 | AE21: =AE10+AE11+AE15-AE19-AE20 -> 51256
B22: Fim do período - Caminhões | C22: End of period - Trucks | E22: 13575 | F22: 15355 | G22: 17310 | H22: 20403 | I22: =H22 -> 20403 | J22: =I22+J11+J13-J19 -> 23406 | K22: =J22+K11+K13-K19 -> 27234 | L22: =K22+L11+L13-L19 -> 30614 | M22: =L22+M11+M13-M19 -> 34998 | N22: =M22 -> 34998 | O22: =N22+O11+O13-O19 -> 35529 | P22: =O22+P11+P13-P19-P9 -> 35403 | Q22: =P22+Q11+Q13-Q19-Q9 -> 35062 | R22: =Q22+R11+R13-R19-R9 -> 35520 | S22: =R22 -> 35520 | T22: =S22+T11+T13-T19-T9 -> 39023 | U22: =T22+U11+U13-U19-U9 -> 39790 | V22: =U22+V11+V13-V19-V9 -> 40215 | W22: =V22+W11+W13-W19-W9 -> 40464 | X22: =W22 -> 40464 | Y22: 41355 | Z22: 41126 | AA22: 40683 | AB22: 40293 | AC22: =AB22 -> 40293 | AD22: =AC22+AD11-AD19 -> 39567 | AE22: =AD22+AE11-AE19 -> 39827
B23: Fim do período - Máquinas | C23: End of period - Machhinery | E23: 2450 | F23: 3040 | G23: 3074 | H23: 3224 | I23: =H23 -> 3224 | J23: =I23+J15+J18-J20 -> 3453 | K23: =J23+K15+K18-K20 -> 6706 | L23: =K23+L15+L18-L20 -> 7947 | M23: =L23+M15+M18-M20 -> 8831 | N23: =M23 -> 8831 | O23: =N23+O15+O18-O20 -> 9526 | P23: =O23+P15+P18-P20 -> 9876 | Q23: =P23+Q15+Q18-Q20 -> 10099 | R23: =Q23+R15+R18-R20 -> 10207 | S23: =R23 -> 10207 | T23: =S23+T15+T18-T20 -> 10492 | U23: =T23+U15+U18-U20 -> 10594 | V23: =U23+V15+V18-V20 -> 10875 | W23: =V23+W15+W18-W20 -> 11140 | X23: =W23 -> 11140 | Y23: 11238 | Z23: 11418 | AA23: 11364 | AB23: 11660 | AC23: =AB23 -> 11660 | AD23: =AC23+AD15-AD20 -> 11413 | AE23: =AD23+AE15-AE20 -> 11429
B24: Fim do período - Ativos disponíveis para venda | D24: #REF! | E24: #REF! | F24: #REF! | G24: #REF! | H24: #REF! | I24: 0 | J24: 0 | K24: 0 | L24: 0 | M24: 0 | N24: 0 | O24: 0 | P24: 0 | Q24: 4735 | R24: 3640 | S24: 3640 | T24: 3841 | U24: 4619 | V24: 2870 | W24: 2282 | X24: 2282 | Y24: 1950 | Z24: 2453 | AA24: 2383 | AB24: 2519 | AC24: =AB24 -> 2519 | AD24: =SUM(AD25:AD26) -> 2521 | AE24: =SUM(AE25:AE26) -> 2489
B25: Fim do período - Caminhões disponíveis para venda | D25: #REF! | E25: #REF! | F25: #REF! | G25: #REF! | H25: #REF! | I25: #REF! | J25: #REF! | K25: #REF! | L25: #REF! | M25: #REF! | N25: #REF! | O25: #REF! | P25: #REF! | Q25: 4335 | R25: 3206 | S25: 3206 | T25: 3565 | U25: 4300 | V25: 2568 | W25: 1926 | X25: 1926 | Y25: 1553 | Z25: 1923 | AA25: 1721 | AB25: 1674 | AC25: =AB25 -> 1674 | AD25: 1726 | AE25: 1631
B26: Fim do período - Máquinas disponíveis para venda | D26: #REF! | E26: #REF! | F26: #REF! | G26: #REF! | H26: #REF! | I26: #REF! | J26: #REF! | K26: #REF! | L26: #REF! | M26: #REF! | N26: #REF! | O26: #REF! | P26: #REF! | Q26: 400 | R26: 434 | S26: 434 | T26: 276 | U26: 319 | V26: 302 | W26: 356 | X26: 356 | Y26: 397 | Z26: 530 | AA26: 662 | AB26: 845 | AC26: =AB26 -> 845 | AD26: 795 | AE26: 858
B27: Fim do período - Total de ativos | D27: =SUM(D24,D21) -> #REF! | E27: =SUM(E24,E21) -> #REF! | F27: =SUM(F24,F21) -> #REF! | G27: =SUM(G24,G21) -> #REF! | H27: =SUM(H24,H21) -> #REF! | I27: =SUM(I24,I21) -> 23627 | J27: =SUM(J24,J21) -> 26859 | K27: =SUM(K24,K21) -> 33940 | ... AE27: =SUM(AE24,AE21) -> 53745
B28: Fim do período - Caminhões (total) | D28: =SUM(D25,D22) -> #REF! | E28: =SUM(E25,E22) -> #REF! | F28: =SUM(F25,F22) -> #REF! | G28: =SUM(G25,G22) -> #REF! | H28: =SUM(H25,H22) -> #REF! | I28: =SUM(I25,I22) -> #REF! | J28: =SUM(J25,J22) -> #REF! | K28: =SUM(K25,K22) -> #REF! | ... AE28: =SUM(AE25,AE22) -> 41458
B29: Fim do período - Máquinas (total) | D29: =SUM(D26,D23) -> #REF! | E29: =SUM(E26,E23) -> #REF! | F29: =SUM(F26,F23) -> #REF! | G29: =SUM(G26,G23) -> #REF! | H29: =SUM(H26,H23) -> #REF! | I29: =SUM(I26,I23) -> #REF! | J29: =SUM(J26,J23) -> #REF! | K29: =SUM(K26,K23) -> #REF! | ... AE29: =SUM(AE26,AE23) -> 12287
B31: Preço médio de venda (R$ mil) | C31: Average selling price (R$ thousand)
B32: Receita na venda de ativos | C32: Revenue from asset sales | D32: 173566.31 | E32: =E33+E34 -> 42867.99 | F32: =F33+F34 -> 27953 | G32: =G33+G34 -> 30400.01 | H32: =H33+H34 -> 34560.11 | I32: =E32+F32+G32+H32 -> 135781.11 | J32: =J33+J34 -> 46322 | K32: =K33+K34 -> 63399.898 | L32: =L33+L34 -> 83613 | M32: =M33+M34 -> 127747 | N32: =SUM(J32:M32) -> 321081.9 | O32: =O33+O34 -> 220934.94 | P32: =P33+P34 -> 123664.49 | Q32: =Q33+Q34 -> 142818.09 | R32: =R33+R34 -> 122330 | S32: =SUM(O32:R32) -> 609747.52 | T32: =T33+T34 -> 150257 | U32: =U33+U34 -> 182850 | V32: 207284.65 | W32: =W33+W34 -> 164760.33 | X32: =SUM(T32:W32) -> 705151.98 | Y32: =Y33+Y34 -> 290491.51 | Z32: =Z33+Z34 -> 324283.11 | AA32: =AA33+AA34 -> 394947.56 | AB32: =AB33+AB34 -> 326657.93 | AC32: =SUM(Y32:AB32) -> 1336380.1 | AD32: 326076.81 | AE32: ='DRE_Income Statement'!W80*1000 -> 358741.89
B33: Caminhões | C33: Trucks | D33: 151902.45 | E33: 40464.49 | F33: 27188 | G33: 23062.51 | H33: 33095.905 | I33: =E33+F33+G33+H33 -> 123810.91 | J33: 43662 | K33: 53828.408 | L33: 77530 | M33: 115645 | N33: =SUM(J33:M33) -> 290665.41 | O33: =214245219.670001/1000 -> 214245.22 | P33: =121176731/1000 -> 121176.73 | Q33: 138028.75 | R33: 116384 | S33: =SUM(O33:R33) -> 589834.7 | T33: 143169 | U33: 164594 | V33: 189069.86 | W33: 149717.05 | X33: =SUM(T33:W33) -> 646549.91 | Y33: 239224.34 | Z33: 274311.65 | AA33: 355598.23 | AB33: 283680.09 | AC33: =SUM(Y33:AB33) -> 1152814.3 | AD33: 282289.09 | AE33: 335096.34
B34: Máquinas | C34: Machinery | D34: 21663.858 | E34: 2403.5 | F34: 765 | G34: 7337.5 | H34: 1464.2047 | I34: =E34+F34+G34+H34 -> 11970.205 | J34: 2660 | K34: 9571.4899 | L34: 6083 | M34: 12102 | N34: =SUM(J34:M34) -> 30416.49 | O34: =6689717.22/1000 -> 6689.7172 | P34: =2487760/1000 -> 2487.76 | Q34: 4789.3416 | R34: 5946 | S34: =SUM(O34:R34) -> 19912.819 | T34: 7088 | U34: 18256 | V34: 18214.793 | W34: 15043.277 | X34: =SUM(T34:W34) -> 58602.069 | Y34: 51267.165 | Z34: 49971.465 | AA34: 39349.324 | AB34: 42977.845 | AC34: =SUM(Y34:AB34) -> 183565.8 | AD34: 43787.719 | AE34: 23645.546
B36: Preço médio | C36: Average price
B37: Caminhões | C37: Trucks | D37: 103.21214 | E37: =E33/E19 -> 150.42561 | F37: =F33/F19 -> 131.343 | G37: =G33/G19 -> 143.2454 | H37: =H33/H19 -> 101.52118 | I37: =(E37+F37+G37+H37)/4 -> 131.6338 | J37: =J33/J19 -> 219.40704 | K37: =K33/K19 -> 165.11782 | L37: =L33/L19 -> 170.02193 | M37: =M33/M19 -> 181.54631 | N37: =SUM(J37:M37)/4 -> 184.02327 | O37: =O33/O19 -> 215.75551 | P37: =P33/P19 -> 260.0359 | Q37: =Q33/Q19 -> 181.85606 | R37: =R33/R19 -> 276.44656 | S37: =SUM(O37:R37)/4 -> 233.52351 | T37: =T33/T19 -> 241.02525 | U37: =U33/U19 -> 255.97823 | V37: =V33/V19 -> 249.1039 | W37: =W33/W19 -> 201.50343 | X37: =SUM(T37:W37)/4 -> 236.9027 | Y37: 237.09053 | Z37: 228.89939 | AA37: =AA33/AA19 -> 188.84665 | AB37: =AB33/AB19 -> 167.65962 | AC37: =SUM(Y37:AB37)/4 -> 205.62405 | AD37: =AD33/AD19 -> 191.51227 | AE37: =AE33/AE19 -> 202.72011
B38: Máquinas | C38: Machinery | D38: 77.725229 | E38: =E34/E20 -> 150.21875 | F38: =F34/F20 -> 153 | G38: =G34/G20 -> 133.40909 | H38: =H34/H20 -> 86.129688 | I38: =(E38+F38+G38+H38)/4 -> 130.68938 | J38: =J34/J20 -> 156.47059 | K38: =K34/K20 -> 341.83893 | L38: =L34/L20 -> 160.07895 | M38: =M34/M20 -> 390.3871 | N38: =SUM(J38:M38)/4 -> 262.19389 | O38: =O34/O20 -> 49.553461 | P38: =P34/P20 -> 55.283556 | Q38: =Q34/Q20 -> 84.023538 | R38: =R34/R20 -> 100.77966 | S38: =SUM(O38:R38)/4 -> 72.410054 | T38: =T34/T20 -> 98.444444 | U38: =U34/U20 -> 114.1 | V38: =V34/V20 -> 150.53548 | W38: =W34/W20 -> 138.01171 | X38: =SUM(T38:W38)/4 -> 125.27291 | Y38: 280.14844 | Z38: 256.19679 | AA38: =AA34/AA20 -> 242.89706 | AB38: =AB34/AB20 -> 294.3688 | AC38: =SUM(Y38:AB38)/4 -> 268.40278 | AD38: =AD34/AD20 -> 100.43055 | AE38: =AE34/AE20 -> 132.09802
B40: Preço médio de compra (R$ mil) | C40: Average purchase price (R$ thousand)
B41: CAPEX | C41: CAPEX | D41: 1149837.7 | E41: =E44+E45 -> 332962.57 | F41: =720398713.493183/1000 -> 720398.71 | G41: =G44+G45 -> 603252.36 | H41: =H44+H45 -> 981920.47 | I41: =E41+F41+G41+H41 -> 2638534.1 | J41: =J44+J45 -> 1292050 | K41: =K44+K45 -> 1529653.8 | L41: =L44+L45 -> 1985746 | M41: =M44+M45 -> 2527929.8 | N41: =J41+K41+L41+M41 -> 7335379.6 | O41: =O44+O45 -> 646411.03 | P41: =P44+P45 -> 530786.71 | Q41: =Q44+Q45 -> 423456.35 | R41: =R44+R45 -> 773535.83 | S41: =SUM(O41:R41) -> 2374189.9 | T41: =T44+T45 -> 1638417.2 | U41: =U44+U45 -> 1175300 | V41: =V44+V45 -> 645161.84 | W41: =W44+W45 -> 545542.89 | X41: =X43 -> 4004421.9 | Y41: 834604.69 | Z41: 648848.63 | AA41: 604896.41 | AB41: 187181.88 | AC41: =SUM(Y41:AB41) -> 2275531.6 | AD41: =SUM(AD44:AD45) -> 506007.85 | AE41: =SUM(AE44:AE45) -> 655886.9
B42: Transferência de ativos | C42: Assets Transfer | D42: 0 | I42: =D42 -> 0 | N42: 0 | O42: 0 | P42: 0 | Q42: 0 | R42: 0 | S42: 0 | T42: 0 | U42: 0 | V42: 0 | W42: 0 | X42: 0 | Y42: 0 | Z42: 0 | AA42: 0 | AB42: 0
B43: Total | C43: Total | D43: 1149837.7 | E43: =SUM(E41:E42) -> 332962.57 | F43: =SUM(F41:F42) -> 720398.71 | G43: =SUM(G41:G42) -> 603252.36 | H43: =SUM(H41:H42) -> 981920.47 | I43: =SUM(E43:H43) -> 2638534.1 | J43: =SUM(J41:J42) -> 1292050 | K43: =SUM(K41:K42) -> 1529653.8 | L43: =SUM(L41:L42) -> 1985746 | M43: =SUM(M41:M42) -> 2527929.8 | N43: =J43+K43+L43+M43 -> 7335379.6 | O43: =SUM(O41:O42) -> 646411.03 | P43: =SUM(P41:P42) -> 530786.71 | Q43: =SUM(Q41:Q42) -> 423456.35 | R43: =SUM(R41:R42) -> 773535.83 | S43: =O43+P43+Q43+R43 -> 2374189.9 | T43: =SUM(T41:T42) -> 1638417.2 | U43: =SUM(U41:U42) -> 1175300 | V43: =SUM(V41:V42) -> 645161.84 | W43: =SUM(W41:W42) -> 545542.89 | X43: =X44+X45 -> 4004421.9 | Y43: =SUM(Y41:Y42) -> 834604.69 | Z43: =SUM(Z41:Z42) -> 648848.63 | AA43: =SUM(AA41:AA42) -> 604896.41 | AB43: =SUM(AB41:AB42) -> 187181.88 | AC43: =SUM(Y43:AB43) -> 2275531.6 | AD43: =SUM(AD41:AD42) -> 506007.85 | AE43: =SUM(AE41:AE42) -> 655886.9
B44: CAPEX Caminhões | C44: CAPEX Trucks | D44: 950493.98 | E44: =261905720.819998/1000 -> 261905.72 | F44: =558828677.610001/1000 -> 558828.68 | G44: =558228873.680001/1000 -> 558228.87 | H44: 916412.33 | I44: =E44+F44+G44+H44 -> 2295375.6 | J44: =1097804000/1000 -> 1097804 | K44: =1113600127.27001/1000 -> 1113600.1 | L44: 1591231 | M44: 1899816.9 | N44: =K44+J44+L44+M44 -> 5702452 | O44: =385499217.1/1000 -> 385499.22 | P44: 264724.95 | Q44: 253721.76 | R44: 649975.73 | S44: =SUM(O44:R44) -> 1553921.7 | T44: 1435413.3 | U44: 1030643 | V44: 503214.53 | W44: =454337786.629991/1000 -> 454337.79 | X44: =SUM(T44:W44) -> 3423608.6 | Y44: 766424.1 | Z44: 535497.64 | AA44: 547352.48 | AB44: 429630.14 | AC44: =SUM(Y44:AB44) -> 2278904.4 | AD44: 459165 | AE44: 481592.44
B45: CAPEX Máquinas | C45: CAPEX Machinery | D45: 199343.7 | E45: =71056845.9499999/1000 -> 71056.846 | F45: =161478059.603188/1000 -> 161478.06 | G45: =45023482.86/1000 -> 45023.483 | H45: =65508136.25/1000 -> 65508.136 | I45: =E45+F45+G45+H45 -> 343066.52 | J45: 194246 | K45: =416053662.73/1000 -> 416053.66 | L45: =394515034.719997/1000 -> 394515.03 | M45: 628112.91 | N45: =K45+J45+L45+M45 -> 1632927.6 | O45: =260911813.64/1000 -> 260911.81 | P45: 266061.76 | Q45: 169734.58 | R45: 123560.1 | S45: =SUM(O45:R45) -> 820268.26 | T45: 203003.93 | U45: 144657 | V45: 141947.3 | W45: =91205104.6399989/1000 -> 91205.105 | X45: =SUM(T45:W45) -> 580813.34 | Y45: 68180.595 | Z45: 113350.99 | AA45: 57543.927 | AB45: 187181.88 | AC45: =SUM(Y45:AB45) -> 426257.39 | AD45: 46842.846 | AE45: 174294.46
B46: Preço médio | C46: Average price
B47: Caminhões | C47: Trucks | D47: 286.32638 | E47: =E44/E11 -> 249.19669 | F47: =F44/F11 -> 268.40955 | G47: =G44/G11 -> 265.69675 | H47: =H44/H11 -> 268.0352 | I47: =(E47+F47+G47+H47)/4 -> 262.83455 | J47: =J44/J11 -> 342.84947 | K47: =K44/K11 -> 273.00812 | L47: =L44/L11 -> 424.78137 | M47: =M44/M11 -> 378.37421 | N47: =(J47+K47+L47+M47)/4 -> 354.75329 | O47: =O44/O11 -> 252.95224 | P47: =P44/P11 -> 521.1121 | Q47: =Q44/Q11 -> 389.14381 | R47: =R44/R11 -> 698.89863 | S47: =SUM(O47:R47)/4 -> 465.5267 | T47: =T44/T11 -> 344.80261 | U47: =U44/U11 -> 730.95248 | V47: =V44/V11 -> 425.01228 | W47: =W44/W11 -> 458.0018 | X47: =SUM(T47:W47)/4 -> 489.69229 | Y47: =Y44/Y11 -> 403.3811 | Z47: =Z44/Z11 -> 546.98431 | AA47: =AA44/AA11 -> 380.10589 | AB47: =AB44/AB11 -> 329.97707 | AC47: =SUM(Y47:AB47) -> 1660.4484 | AD47: =AD44/AD11 -> 613.85696 | AE47: =AE44/AE11 -> 251.74722
B48: Máquinas 3 | C48: Machinery 3 | D48: 523.50897 | E48: =E45/E15 -> 542.41867 | F48: =F45/F15 -> 322.95612 | G48: =G45/G15 -> 432.9181 | H48: =H45/H15 -> 392.26429 | I48: =(E48+F48+G48+H48)/4 -> 422.6393 | J48: =J45/J15 -> 789.61789 | K48: =K45/K15 -> 726.09714 | L48: =L45/L15 -> 308.45585 | M48: =M45/M15 -> 686.46219 | N48: =(J48+K48+L48+M48)/4 -> 627.65827 | O48: =O45/O15 -> 314.35158 | P48: =P45/P15 -> 673.57408 | Q48: =Q45/Q15 -> 606.19494 | R48: =R45/R15 -> 739.88082 | S48: =SUM(O48:R48)/4 -> 583.50036 | T48: =T45/T15 -> 568.63846 | U48: =U45/U15 -> 552.12595 | V48: =V45/V15 -> 353.10274 | W48: =W45/W15 -> 243.86392 | X48: =SUM(T48:W48)/4 -> 429.43277 | Y48: =Y45/Y15 -> 242.63557 | Z48: =Z45/Z15 -> 292.89661 | AA48: =AA45/AA15 -> 532.81414 | AB48: =AB45/AB15 -> 423.48843 | AC48: =SUM(Y48:AB48) -> 1491.8347 | AD48: =AD45/AD15 -> 247.84574 | AE48: =AE45/AE15 -> 893.81773
B50: 1 Númro de ativos acima descrito não inclui os que estão disponíveis para venda em loja de seminovos. | C50: 1 The number of assets described above does not include those available for sale in used asset stores.
B51: 2 Transferência de ativos que estavam na JSL e que os contratos de locação foram transferidos para a VAMOS. | C51: 2 Transfer of assets that were in JSL and the leases contracts were transferred to VAMOS.
B52: 3 Concentração de máquinas de valor unitário maior no ano de 2016. | C52: 3 Concentration of machines with a larger unit value in 2016.

Sheet Infos Locação_Leasing Data
B4: BoP = Beginning of period/Início do período
B5: EoP = End of period/Final do período
B6: As informações mostradas abaixo referem-se somente ao segmento de locação | C6: The information shown below refers to the leasing segment
B7: (R$ milhões) | C7: (R$ million) | D7: 2020 | E7: 2021 | F7: 2022 | G7: 1Q23 | H7: 2Q23 | I7: 3Q23 | J7: 4Q23 | K7: 2023 | L7: 1Q24 | M7: 2Q24 | N7: 3Q24 | O7: 4Q24 | P7: 2024 | Q7: 1Q25 | R7: 2Q25 | S7: 3Q25 | T7: 4Q25 | U7: 2025 | V7: 1Q26 | W7: 2Q26
B9: Ativos Disponíveis para Locação e Venda | C9: Gross Leasable Assets
B10: Total ativos disponíveis para locação ou venda BoP | C10: Total of assets available for leasing or sale BoP | D10: 124.23862 | E10: =D20 -> 308.29743 | F10: =E20 -> 1165.1802 | G10: =F20 -> 3978.5615 | H10: =G20 -> 3287.1152 | I10: =H20 -> 2973.8464 | J10: =I20 -> 2259.3269 | K10: =F20 -> 3978.5615 | L10: =K20 -> 2272.4199 | M10: =L20 -> 2428.2237 | N10: =M20 -> 2983.732 | O10: =N20 -> 2934.03 | P10: =K20 -> 2272.4199 | Q10: =P20 -> 2845.675 | R10: =Q20 -> 2780.0014 | S10: =R20 -> 3007.9587 | T10: =S20 -> 2676.7538 | U10: =P20 -> 2845.675 | V10: =U20 -> 2497.7476 | W10: =V20 -> 2312.7163
B12: (+) Compra de ativos | C12: (+) Asset purchase | D12: 1146.012 | E12: 2807.946 | F12: 7403.947 | G12: 648.779 | H12: 530.86 | I12: 430.497 | J12: 879.747 | K12: 2489.883 | L12: 1633.949 | M12: 1165.22 | N12: 641.845 | O12: 550.35 | P12: 3991.364 | Q12: 834.462 | R12: 648.84863 | S12: 604.89641 | T12: 619.21431 | U12: =SUM(Q12:T12) -> 2707.4213 | V12: 630.094 | W12: 650.506
B13: (+) Retomada de ativos e término de contrato | C13: (+) Repossessment and end of contracts | D13: 306.70402 | E13: 323.67168 | F13: 619.5213 | G13: 195.497 | H13: 358.22475 | I13: 326.46408 | J13: 306.58712 | K13: 1186.7729 | L13: 405.85924 | M13: 697.75592 | N13: 454.24401 | O13: 360.84283 | P13: 1918.702 | Q13: =SUM(Q14:Q15) -> 467.29585 | R13: =SUM(R14:R15) -> 634.66101 | S13: =SUM(S14:S15) -> 460.52009 | T13: 450.15376 | U13: =SUM(Q13:T13) -> 2012.6307 | V13: =SUM(V14:V15) -> 483.88423 | W13: =SUM(W14:W15) -> 426.79881
B14: Término de contrato (líquido de extensão) | C14: End of contracts (net of extensions) | D14: 306.70402 | E14: 323.67168 | F14: 619.5213 | G14: 80 | H14: 117.22475 | I14: 137.46408 | J14: 94.905116 | K14: 429.59394 | L14: 145.48024 | M14: 250.15592 | N14: 184.04401 | O14: 119.54317 | P14: 699.102 | Q14: 249.90655 | R14: 269.73557 | S14: 209.37682 | T14: 301.79511 | U14: =SUM(Q14:T14) -> 1030.814 | V14: 202.00193 | W14: 237.43203
B15: Devolução antecipada + retomadas | C15: Early terminations + Repossessions | D15: 0 | E15: 0 | F15: 0 | G15: 115.497 | H15: 241 | I15: 189 | J15: 211.682 | K15: 757.179 | L15: 260.379 | M15: 447.6 | N15: 270.2 | O15: 241.44801 | P15: 1219.6 | Q15: 217.3893 | R15: 364.92544 | S15: 251.14327 | T15: 148.35865 | U15: =SUM(Q15:T15) -> 981.81665 | V15: 281.88231 | W15: 189.36679
B17: (-) Implantação (ex extensão) | C17: (-) Deployment (ex. contracts extensions) | D17: -1006.3552 | E17: -2079.6699 | F17: -4830.3241 | G17: -1311.2383 | H17: -1047.2226 | I17: -1207.3216 | J17: -1057.885 | K17: -4623.6675 | L17: -1726.1765 | M17: -1101.3466 | N17: -920.88995 | O17: -854.22383 | P17: -4602.6369 | Q17: -1028.922 | R17: -682.19629 | S17: -883.86622 | T17: -828.15629 | U17: =SUM(Q17:T17) -> -3423.1408 | V17: -761.15556 | W17: -770.92274
B18: (-) Ativos vendidos (custo a valor histórico/bruto) | C18: (-) Asset sales (gross cost) | D18: -262.302 | E18: -195.065 | F18: -379.763 | G18: -224.484 | H18: -155.131 | I18: -264.159 | J18: -115.356 | K18: -759.13 | L18: -157.828 | M18: -206.121 | N18: -224.901 | O18: -145.324 | P18: -734.174 | Q18: -338.50947 | R18: -373.356 | S18: -512.75524 | T18: -420.21796 | U18: =SUM(Q18:T18) -> -1644.8387 | V18: -537.854 | W18: -510.634
B20: (=) Total ativos disponíveis para locação ou venda EoP | C20: (=) Total assets available for rental EoP | D20: 308.29743 | E20: 1165.1802 | F20: 3978.5615 | G20: 3287.1152 | H20: 2973.8464 | I20: 2259.3269 | J20: 2272.4199 | K20: 2272.4199 | L20: 2428.2237 | M20: 2983.732 | N20: 2934.03 | O20: 2845.675 | P20: 2845.675 | Q20: =Q10+Q12+Q13+Q17+Q18 -> 2780.0014 | R20: =R10+R12+R13+R17+R18 -> 3007.9587 | S20: =S10+S12+S13+S17+S18 -> 2676.7538 | T20: =T10+T12+T13+T17+T18 -> 2497.7476 | U20: =T20 -> 2497.7476 | V20: =V10+V12+V13+V17+V18 -> 2312.7163 | W20: =W10+W12+W13+W17+W18 -> 2108.4643
B21: Total de ativos disponíveis para locação (Imobilizado) EoP | C21: Total assets available for leasing (PP&E) EoP | D21: =SUM(D22:D23) -> 249.19343 | E21: =SUM(E22:E23) -> 1087.6032 | F21: =SUM(F22:F23) -> 3762.0285 | G21: =SUM(G22:G23) -> 3047.6042 | H21: =SUM(H22:H23) -> 2661.8774 | I21: =SUM(I22:I23) -> 1912.9589 | J21: =SUM(J22:J23) -> 1858.8739 | K21: =SUM(K22:K23) -> 1858.8739 | ... T21: =SUM(T22:T23) -> 1802.3066 | U21: =T21 -> 1802.3066 | V21: =SUM(V22:V23) -> 1652.1773 | W21: =SUM(W22:W23) -> 1406.4233
B22: Ativos novos disponíveis para locação (Imobilizado) EoP | C22: New assets available for leasing (PP&E) EoP | D22: 192.16313 | E22: 812.62082 | F22: 3457.5865 | G22: 2984 | H22: 2315.3313 | I22: 1620.0359 | J22: 1350.6679 | K22: 1350.6679 | L22: 1555.3705 | M22: 1586.6 | N22: 1241.7 | O22: 936.18704 | P22: =O22 -> 936.18704 | Q22: 850.26452 | R22: 771.42501 | S22: 617.05104 | T22: 466.53981 | U22: =T22 -> 466.53981 | V22: 478.45388 | W22: 327.04871
B23: Ativos usados disponíveis para locação (Imobilizado) EoP | C23: Used assets available for leasing (PP&E) EoP | D23: 57.030306 | E23: 274.98241 | F23: 304.442 | G23: 63.604191 | H23: 346.54608 | I23: 292.92297 | J23: 508.20603 | K23: 508.20603 | L23: 391.44112 | M23: 715.36796 | N23: 917.47002 | O23: 1358.696 | P23: =O23 -> 1358.696 | Q23: =Q20-Q22-Q24 -> 1386.4139 | R23: =R20-R22-R24 -> 1577.3267 | S23: =S20-S22-S24 -> 1371.3111 | T23: =T20-T22-T24 -> 1335.7668 | U23: =T23 -> 1335.7668 | V23: 1173.7234 | W23: 1079.3746
B24: Total de ativos usados em estoque para venda (Estoque Seminovos) EoP | C24: Total used assets available for sale (Used Assets stock) EoP | D24: 59.104 | E24: 77.577 | F24: 216.533 | G24: 239.511 | H24: 311.969 | I24: 346.368 | J24: 413.546 | K24: 413.546 | L24: 481.412 | M24: 681.764 | N24: 774.86 | O24: 550.792 | P24: =O24 -> 550.792 | Q24: 543.323 | R24: 659.207 | S24: 688.39166 | T24: 695.441 | U24: =T24 -> 695.441 | V24: 660.53898 | W24: 702.041
B26: Ativos Contratados a Implantar | C26: Contracted Gross Assets to be deployed
B27: Ativos contratados a implantar BoP | C27: Contracted Gross Assets to be deployed BoP | D27: 516.10838 | E27: 794.75319 | F27: 1360.3333 | G27: 1007.1102 | H27: 1243.9035 | I27: 1252.3344 | J27: 949.86729 | K27: 1007.1102 | L27: 824.11126 | M27: 1087.9684 | N27: 1140.1738 | O27: 857.28383 | P27: 824.11126 | Q27: =P31 -> 883 | R27: =Q31 -> 961.01795 | S27: =R31 -> 984.34963 | T27: =S31 -> 930.71734 | U27: =P31 -> 883 | V27: =U31 -> 636.58472 | W27: =V31 -> 714.01151
B28: (+) Novos Pedidos/Contratos (ex-extensão de contratos) | C28: (+) New contracts (ex. contracts extensions) | D28: 1285 | E28: 2645.25 | F28: 4477.101 | G28: 1548.0315 | H28: 1055.6534 | I28: 904.85453 | J28: 932.129 | K28: 4440.6685 | L28: 1990.0337 | M28: 1153.552 | N28: 638 | O28: 879.94 | P28: 4661.5257 | Q28: 1106.9399 | R28: 705.52797 | S28: 830.23393 | T28: 534.02368 | U28: =SUM(Q28:T28) -> 3176.7255 | V28: 838.58234 | W28: 1326.62
B29: (-) Implantação de ativos novos | C29: (-) New assets Deployment | D29: -1006.3552 | E29: -2079.6699 | F29: -4830.3241 | G29: -1311.2383 | H29: -1047.2226 | I29: -1207.3216 | J29: -1057.885 | K29: -4623.6675 | L29: -1726.1765 | M29: -1095.9466 | N29: -833.80423 | O29: -696.46008 | P29: -4352.3875 | Q29: -874.94591 | R29: -586.70808 | S29: -775.95872 | T29: -763.51561 | U29: =SUM(Q29:T29) -> -3001.1283 | V29: -609.52783 | W29: -610.65109
B30: (-) Implantação de ativos usados - Sempre Novo | C30: (-) Used assets Deployment | D30: 0 | E30: 0 | F30: 0 | G30: 0 | H30: 0 | I30: 0 | J30: 0 | K30: 0 | L30: 0 | M30: -5.4 | N30: -87.085727 | O30: -157.76375 | P30: -250.24948 | Q30: -153.97609 | R30: -95.488208 | S30: -107.9075 | T30: -64.64068 | U30: =SUM(Q30:T30) -> -422.01247 | V30: -151.62773 | W30: -160.27165
B31: (=) Ativos contratados a implantar EoP | C31: (=) Contracted Gross Assets to be deployed EoP | D31: 794.75319 | E31: 1360.3333 | F31: 1007.1102 | G31: 1243.9035 | H31: 1252.3344 | I31: 949.86729 | J31: 824.11126 | K31: 824.11126 | L31: 1087.9684 | M31: 1140.1738 | N31: 857.28383 | O31: 883 | P31: 883 | Q31: =SUM(Q27:Q30) -> 961.01795 | R31: =SUM(R27:R30) -> 984.34963 | S31: =SUM(S27:S30) -> 930.71734 | T31: =SUM(T27:T30) -> 636.58472 | U31: =SUM(U27:U30) -> 636.58472 | V31: =SUM(V27:V30) -> 714.01151 | W31: =SUM(W27:W30) -> 1269.7088
B34: Imobilizado Bruto Locado (Veículos, Máquinas e Equipamentos) | C34: Gross Leased PP&E (Vehicles, Machinery and Equipment)
B35: Imobilizado Bruto Locado (Veículos, Maquinas e Eqtos) BoP | C35: Gross Leased PP&E (Vehicles, Machinery and Equipment) BoP | D35: 1897.517 | E35: =D40 -> 2556.1716 | F35: =E40 -> 4171.4228 | G35: =F40 -> 8548.3295 | H35: =G40 -> 9546.6118 | I35: =H40 -> 10479.891 | J35: =I40 -> 11360.749 | K35: =F40 -> 8548.3295 | L35: =J40 -> 12088.265 | M35: =L40 -> 13403.156 | N35: =M40 -> 13803.081 | O35: =N40 -> 14269.009 | P35: =L35 -> 12088.265 | Q35: =O40 -> 15127.026 | R35: =Q40 -> 15688.076 | S35: =R40 -> 15724.724 | T35: =S40 -> 16125.786 | U35: =P40 -> 15127.026 | V35: =U40 -> 16514.925 | W35: =V40 -> 16656.338
B36: (+) Implantação (ex-extensão de contratos) | C36: (+) Deployment (ex. contracts extensions) | D36: 1006.3552 | E36: 2079.6699 | F36: 4830.3241 | G36: 1311.2383 | H36: 1047.2226 | I36: 1207.3216 | J36: 1057.885 | K36: 4623.6675 | L36: 1726.1765 | M36: 1101.3466 | N36: 920.88995 | O36: 854.22383 | P36: 4602.6369 | Q36: =-Q17 -> 1028.922 | R36: =-R17 -> 682.19629 | S36: =-S17 -> 883.86622 | T36: 828.15629 | U36: =SUM(Q36:T36) -> 3423.1408 | V36: =-V17 -> 761.15556 | W36: =-W17 -> 770.92274
B37: (+) Efeito de aquisições | C37: (+) Additions due to acquisitions | D37: 0 | E37: 0 | F37: 165.916 | G37: 0 | H37: 131.498 | I37: 0 | J37: 0 | K37: 131.498 | L37: 0 | M37: 0 | N37: 0 | O37: 0 | P37: 0 | Q37: =P37 -> 0 | R37: =Q37 -> 0 | S37: =R37 -> 0 | T37: 0 | U37: =SUM(Q37:T37) -> 0 | V37: 0 | W37: 0
B38: (-) Devolução antecipada e término de contrato | C38: (-) Repossession and end of contracts | D38: -306.70402 | E38: -323.67168 | F38: -619.5213 | G38: -195.497 | H38: -358.22475 | I38: -326.46408 | J38: -306.58712 | K38: -1186.7729 | L38: -405.85924 | M38: -697.75592 | N38: -454.24401 | O38: -360.84283 | P38: -1918.702 | Q38: =-Q13 -> -467.29585 | R38: =-R13 -> -634.66101 | S38: =-S13 -> -460.52009 | T38: -450.15376 | U38: =SUM(Q38:T38) -> -2012.6307 | V38: =-V13 -> -483.88423 | W38: =-W13 -> -426.79881
B39: (+/-) Em trânsito/ em conciliação | C39: (+/-) In transit/ in conciliation | D39: -40.996616 | E39: -140.747 | F39: 0.188 | G39: -117.459 | H39: 112.783 | I39: 0.001 | J39: -23.782 | K39: =SUM(G39:J39) -> -28.457 | L39: -5.426 | M39: -3.666 | N39: -0.718 | O39: 364.636 | P39: =SUM(L39:O39) -> 354.826 | Q39: -0.57653425 | R39: -10.886627 | S39: -22.284508 | T39: 11.136991 | U39: =SUM(Q39:T39) -> -22.610678 | V39: -135.85902 | W39: 0.65802278
B40: (=) Imobilizado Bruto Locado (Veículos, Maquinas e Eqtos) EoP | C40: (=) Gross Leased PP&E (Vehicles, Machinery and Equipment) EoP | D40: =SUM(D35:D39) -> 2556.1716 | E40: =SUM(E35:E39) -> 4171.4228 | F40: =SUM(F35:F39) -> 8548.3295 | G40: =SUM(G35:G39) -> 9546.6118 | H40: =SUM(H35:H39) -> 10479.891 | I40: =SUM(I35:I39) -> 11360.749 | J40: =SUM(J35:J39) -> 12088.265 | K40: =SUM(K35:K39) -> 12088.265 | ... W40: =SUM(W35:W39) -> 17001.12
B42: Frota total | C42: Total fleet | D42: =SUM(D43:D44) -> 2864.469 | E42: =SUM(E43:E44) -> 5336.603 | F42: =SUM(F43:F44) -> 12526.891 | G42: =SUM(G43:G44) -> 12949.224 | H42: =SUM(H43:H44) -> 13453.737 | I42: =SUM(I43:I44) -> 13620.076 | J42: =SUM(J43:J44) -> 14360.685 | K42: =SUM(K43:K44) -> 14360.685 | ... T42: =SUM(T43:T44) -> 19012.673 | U42: =T42 -> 19012.673 | V42: =SUM(V43:V44) -> 18969.054 | W42: =SUM(W43:W44) -> 19109.584
B43: Imobilizado Bruto Total (Veículos, Maquinas e Eqtos) EoP | C43: Total PP&E (Vehicles, Machinery and Equipment) EoP | D43: 2805.365 | E43: 5259.026 | F43: 12310.358 | G43: 12709.713 | H43: 13141.768 | I43: 13273.708 | J43: 13947.139 | K43: 13947.139 | L43: 15349.968 | M43: 16105.049 | N43: 16428.179 | O43: 17421.909 | P43: 17421.909 | Q43: =(13736063+4188691)/1000 -> 17924.754 | R43: 18073.476 | S43: 18114.148 | T43: 18317.232 | U43: =T43 -> 18317.232 | V43: 18308.515 | W43: 18407.543
B44: =B24 -> Total de ativos usados em estoque para venda (Estoque Seminovos) EoP | C44: Total used assets available for sale (Used Assets stock) EoP | D44: =D24 -> 59.104 | E44: =E24 -> 77.577 | F44: =F24 -> 216.533 | G44: =G24 -> 239.511 | H44: =H24 -> 311.969 | I44: =I24 -> 346.368 | J44: =J24 -> 413.546 | K44: =K24 -> 413.546 | ... S44: =S24 -> 688.39166 | T44: 695.441 | U44: =T44 -> 695.441 | V44: =V24 -> 660.53898 | W44: =W24 -> 702.041
B46: Taxa de ocupação da frota | C46: Fleet ocuppancy rate | D46: =D40/D42 -> 0.89237187 | E46: =E40/E42 -> 0.78166256 | F46: =F40/F42 -> 0.68239833 | G46: =G40/G42 -> 0.73723428 | H46: =H40/H42 -> 0.7789576 | I46: =I40/I42 -> 0.8341179 | J46: =J40/J42 -> 0.84176103 | K46: =K40/K42 -> 0.84176103 | ... T46: =T40/T42 -> 0.86862723 | U46: =T46 -> 0.86862723 | V46: =V40/V42 -> 0.87807951 | W46: =W40/W42 -> 0.88966456
B47: Imobilizado bruto locado | C47: Gross leased PP&E | D47: =D43-D21 -> 2556.1716 | E47: =E43-E21 -> 4171.4228 | F47: =F43-F21 -> 8548.3295 | G47: =G43-'Infos Locação_Leasing Data'!G21 -> 9662.1088 | H47: =H43-'Infos Locação_Leasing Data'!H21 -> 10479.891 | I47: =I43-'Infos Locação_Leasing Data'!I21 -> 11360.749 | J47: =J43-'Infos Locação_Leasing Data'!J21 -> 12088.265 | K47: =K43-'Infos Locação_Leasing Data'!K21 -> 12088.265 | L47: =L43-'Infos Locação_Leasing Data'!L21 -> 13403.156 | M47: =M43-'Infos Locação_Leasing Data'!M21 -> 13803.081 | N47: =N43-'Infos Locação_Leasing Data'!N21 -> 14269.009 | O47: =O43-O21 -> 15127.026 | P47: =P43-P21 -> 15127.026 | Q47: =Q43-Q21 -> 15688.076 | R47: =R43-R21 -> 15724.724 | S47: =S43-S21 -> 16125.786 | T47: =T43-T21 -> 16514.925 | U47: =T47 -> 16514.925 | V47: =V43-V21 -> 16656.338 | W47: =W43-W21 -> 17001.12
B49: Backlog de Receita dos Ativos Implantados | C49: Revenue Backlog of assets deployed
B50: Backlog BoP | C50: Backlog BoP | D50: 2025.4267 | E50: 2804.7449 | F50: 4861.3174 | G50: 10277.801 | H50: 11427.931 | I50: 11509.242 | J50: 12205.547 | K50: 10277.801 | L50: 12561 | M50: =L57 -> 14041.365 | N50: =M57 -> 14103.702 | O50: =N57 -> 13945.61 | P50: 12561 | Q50: =O57 -> 13632.068 | R50: =Q57 -> 13914.232 | S50: =R57 -> 13230.501 | T50: =S57 -> 13023.77 | U50: =P57 -> 13632.068 | V50: =U57 -> 13050.165 | W50: =V57 -> 12902.118
B51: (+) Receita incremental dos contratos implantados | C51: (+) Backlog Addition | D51: 1509.5328 | E51: 3119.5048 | F51: 7245.4861 | G51: 1973.6421 | H51: 1572.5335 | I51: 1810.9824 | J51: 1666.2652 | K51: 7023.4231 | L51: 2843.321 | M51: 1531.0501 | N51: 1495.9663 | O51: 1577 | P51: =SUM(L51:O51) -> 7447.3375 | Q51: 1658.2647 | R51: 1088.5145 | S51: 1438.0268 | T51: 1349.7063 | U51: =SUM(Q51:T51) -> 5534.5122 | V51: 1001.967 | W51: 1127.6913
B52: (-) Receita realizada | C52: (-) Backlog consumption due to billing | D52: -730.21462 | E52: -1062.9323 | F52: -1829.0023 | G52: -650.26662 | H52: -723.82219 | I52: -775.87772 | J52: -850.93164 | K52: -3000.8982 | L52: -929.95646 | M52: -1018.468 | N52: -1033.3998 | O52: -1062.8732 | P52: =SUM(L52:O52) -> -4044.6975 | Q52: -1061.0938 | R52: -1112.8537 | S52: -1146.4132 | T52: -1186.4405 | U52: =SUM(Q52:T52) -> -4506.8012 | V52: -1179.2491 | W52: -1193.0611
B53: (-) Redução de receita devido à ativos não performando | C53: (-) Backlog loss due to non performing assets | D53: 0 | E53: 0 | F53: 0 | G53: -173.2455 | H53: -767.4 | I53: -338.8 | J53: -459.88067 | K53: -1739.3262 | L53: -433 | M53: -450.24486 | N53: -620.65881 | O53: -827.66788 | P53: =SUM(L53:O53) -> -2331.5716 | Q53: =SUM(Q54:Q56) -> -315.00738 | R53: =SUM(R54:R56) -> -659.39149 | S53: =SUM(S54:S56) -> -498.34502 | T53: =SUM(T54:T56) -> -136.87041 | U53: =SUM(Q53:T53) -> -1609.6143 | V53: =SUM(V54:V56) -> 29.235237 | W53: =SUM(W54:W56) -> -105.90746
B54: Retomada de ativos | C54: Backlog loss due to repossession | D54: 0 | E54: 0 | F54: 0 | G54: -173.2455 | H54: -767.4 | I54: -338.8 | J54: -459.88067 | K54: -1739.3262 | L54: -433 | M54: -450 | N54: -357.647 | O54: -311.66788 | P54: -1552.3149 | Q54: -281.02289 | R54: -439.2296 | S54: -311.15545 | T54: -167.36113 | U54: =SUM(Q54:T54) -> -1198.7691 | V54: -313.12766 | W54: -168.80578
B55: Suspensão de faturamento | C55: Backlog loss due to revenue suspension | D55: 0 | E55: 0 | F55: 0 | G55: 0 | H55: 0 | I55: 0 | J55: 0 | K55: 0 | L55: 0 | M55: 0 | N55: -263 | O55: -126 | P55: -389 | Q55: -33.984494 | R55: -220.16189 | S55: -187.18957 | T55: 30.490723 | U55: =SUM(Q55:T55) -> -410.84523 | V55: 342.3629 | W55: 62.898317
B56: Ajuste Backlog Petrópolis | C56: Petrópolis backlog adjustments | O56: -390 | P56: =O56 -> -390
B57: (=) Backlog EoP | C57: (=) Backlog EoP | D57: 2804.7449 | E57: 4861.3174 | F57: 10277.801 | G57: 11427.931 | H57: 11509.242 | I57: 12205.547 | J57: 12561 | K57: 12561 | L57: =L50+L51+L52+L53 -> 14041.365 | M57: =M50+M51+M52+M53 -> 14103.702 | N57: =N50+N51+N52+N53 -> 13945.61 | O57: =O50+O51+O52+O53 -> 13632.068 | P57: =P50+P51+P52+P53 -> 13632.068 | Q57: =Q50+Q51+Q52+Q53 -> 13914.232 | R57: =R50+R51+R52+R53 -> 13230.501 | S57: =S50+S51+S52+S53 -> 13023.77 | ... W57: =W50+W51+W52+W53 -> 12730.841

Sheet Imobilizado_PP&E
B6: Imobilizado (R$ milhões) | C6: PP&E | D6: 1Q20 | E6: 2Q20 | F6: 3Q20 | G6: 4Q20 | H6: 2020 | I6: 1Q21 | J6: 2Q21 | K6: 3Q21 | L6: 4Q21 | M6: 2021 | N6: 1Q22 | O6: 2Q22 | P6: 3Q22 | Q6: 4Q22 | R6: 2022 | S6: 1Q23 | T6: 2Q23 | U6: 3Q23 | V6: 4Q23 | W6: 2023 | X6: 1Q24 | Y6: 2Q24 | Z6: 3Q24 | AA6: 4Q24 | AB6: 2024 | AC6: 1Q25 | AD6: 2Q25 | AE6: 3Q25 | AF6: 4Q25 | AG6: 2025 | AH6: 1Q26 | AI6: 2Q26
B7: CAMINHÕES (VEÍCULOS) | C7: VEHICLES
B8: CONSOLIDADO: TODAS AS OPERAÇÕES | C8: CONSOLIDATED: ALL OPERATIONS
B9: Imobilizado Bruto BoP | C9: Gross Fixed Assets BoP | D9: 1563.405 | E9: 1657.773 | F9: 1790.101 | G9: 1909.15 | H9: 1563.405 | I9: 2327.161 | J9: 2574.738 | K9: 3129.466 | L9: 3637.084 | M9: 2327.161 | N9: 4495.015 | O9: 5511.406 | P9: 6620.164 | Q9: 8120.159 | R9: 4495.015 | S9: 10072.549 | T9: 10136.663 | U9: 10169.353 | V9: 10161.415 | W9: 10072.549 | X9: 10486.134 | Y9: 11715.044 | Z9: 12436.473 | AA9: 12692.989 | AB9: 10486.134 | AC9: 13231.175 | AD9: =AC15 -> 13783.409 | AE9: =AD15 -> 13934.737 | AF9: =AE15 -> 14004.793 | AG9: =AB15 -> 13231.175 | AH9: =AG15 -> 14159.024 | AI9: =AH15 -> 14258.724
B10: (+) Adições (Capex Release + provisões) | C10: (+) Additions (Capex Release + Provisions) | D10: 188.299 | E10: 187.733 | F10: 138.135 | G10: 430.721 | H10: 944.888 | I10: 291.703 | J10: 602.297 | K10: 535.179 | L10: 927.349 | M10: 2356.528 | N10: 1098.353 | O10: 1211.987 | P10: 1642.529 | Q10: 2093.071 | R10: 6045.94 | S10: 310.586 | T10: 246.254 | U10: 409.048 | V10: 523.641 | W10: 1489.529 | X10: 1435.927 | Y10: 1054.671 | Z10: 528.136 | AA10: 417.039 | AB10: 3435.773 | AC10: 761.776 | AD10: 544.498 | AE10: 528.796 | AF10: 527.116 | AG10: =SUM(AC10:AF10) -> 2362.186 | AH10: 474.409 | AI10: 618.212
B11: (-) Transferências | C11: (-) Transfers | D11: -0.146 | E11: -0.963 | F11: 6.603 | G11: 27.833 | H11: 33.327 | I11: 0.252 | J11: -2.463 | K11: 2.211 | L11: -0.554 | M11: -0.554 | N11: -3.428 | O11: -2.715 | P11: 6.143 | Q11: 0 | R11: 0 | S11: 0 | T11: 0 | U11: -164.104 | V11: 0.01 | W11: -164.094 | X11: 0 | Y11: 0 | Z11: 0 | AA11: 88.097 | AB11: 88.097 | AC11: 9.536 | AD11: 6.814 | AE11: -16.35 | AF11: 0 | AG11: =SUM(AC11:AF11) -> 0 | AH11: 0 | AI11: 0
B12: (-) Transferências para bens destinados a venda (Estoque de Seminovos) | C12: (-) Transfers to assets available for sale (used assets stock) | D12: -93.785 | E12: -54.442 | F12: -23.442 | G12: -40.119 | H12: -211.788 | I12: -43.499 | J12: -45.238 | K12: -29.772 | L12: -68.416 | M12: -186.925 | N12: -76.288 | O12: -99.762 | P12: -145.023 | Q12: -141.589 | R12: -462.662 | S12: -240.565 | T12: -209.563 | U12: -245.676 | V12: -170.546 | W12: -866.35 | X12: -205.571 | Y12: -325.997 | Z12: -262.928 | AA12: 87.046 | AB12: -707.45 | AC12: -216.484 | AD12: -393.474 | AE12: -438.4 | AF12: -367.712 | AG12: =SUM(AC12:AF12) -> -1416.07 | AH12: -362.491 | AI12: -497.375
B13: (-) Baixas | C13: (-) Write-offs | D13: 0 | E13: 0 | F13: -2.247 | G13: -0.424 | H13: -2.671 | I13: -0.879 | J13: 0.132 | K13: 0 | L13: -0.448 | M13: -1.195 | N13: -2.246 | O13: -0.752 | P13: -3.654 | Q13: 0.908 | R13: -5.744 | S13: -5.907 | T13: -4.001 | U13: -7.206 | V13: -28.386 | W13: -45.5 | X13: -1.446 | Y13: -7.245 | Z13: -8.692 | AA13: 4.327 | AB13: -13.056 | AC13: -2.594 | AD13: -6.51 | AE13: -3.99 | AF13: -5.173 | AG13: =SUM(AC13:AF13) -> -18.267 | AH13: -12.218 | AI13: -10.801
B14: (-) Operações descontinuadas (Cisão Concessionárias) | C14: (-) Discontinued operations (Dealerships Spin-off) | D14: 0 | E14: 0 | F14: 0 | G14: 0 | H14: 0 | I14: 0 | J14: 0 | K14: 0 | L14: 0 | M14: 0 | N14: 0 | O14: 0 | P14: 0 | Q14: 0 | R14: 0 | S14: 0 | T14: 0 | U14: 0 | V14: 0 | W14: 0 | X14: 0 | Y14: 0 | Z14: 0 | AA14: -58.323 | AB14: -58.323 | AC14: 0 | AD14: 0 | AE14: 0 | AF14: 0 | AG14: =SUM(AC14:AF14) -> 0 | AH14: 0 | AI14: 0
B15: Imobilizado Bruto EoP | C15: Gross Fixed Assets EoP | D15: 1657.773 | E15: 1790.101 | F15: 1909.15 | G15: 2327.161 | H15: 2327.161 | I15: 2574.738 | J15: 3129.466 | K15: 3637.084 | L15: 4495.015 | M15: 4495.015 | N15: 5511.406 | O15: 6620.164 | P15: 8120.159 | Q15: 10072.549 | R15: 10072.549 | S15: 10136.663 | T15: 10169.353 | U15: 10161.415 | V15: 10486.134 | W15: 10486.134 | X15: 11715.044 | Y15: 12436.473 | Z15: 12692.989 | AA15: 13231.175 | AB15: 13231.175 | AC15: 13783.409 | AD15: =SUM(AD9:AD14) -> 13934.737 | AE15: =SUM(AE9:AE14) -> 14004.793 | AF15: =SUM(AF9:AF14) -> 14159.024 | AG15: =SUM(AG9:AG14) -> 14159.024 | AH15: =SUM(AH9:AH14) -> 14258.724 | AI15: =SUM(AI9:AI14) -> 14368.76
B17: Depreciação acumulada BoP | C17: Accumulated Depreciation BoP | D17: -243.568 | E17: -237.086 | F17: -250.443 | G17: -281.015 | H17: -243.568 | I17: -301.286 | J17: -322.399 | K17: -349.55 | L17: -380.505 | M17: -301.286 | N17: -371.982 | O17: -396.805 | P17: -411.478 | Q17: -449.05 | R17: -371.982 | S17: -472.888 | T17: -495.201 | U17: -537.233 | V17: -590.36 | W17: -472.888 | X17: -612.612 | Y17: -660.632 | Z17: -732.648 | AA17: -791.04 | AB17: -612.612 | AC17: -981.673 | AD17: =AC24 -> -1070.534 | AE17: =AD24 -> -1136.58 | AF17: =AE24 -> -1234.4 | AG17: =AB24 -> -981.673 | AH17: =AG24 -> -1254.215 | AI17: =AH24 -> -1363.397
B18: (-) Adições | C18: (-) Additions | D18: 0 | E18: 0 | F18: 0 | G18: 0 | H18: 0 | I18: 0 | J18: -1.331 | K18: -0.058 | L18: 1.389 | M18: 0 | N18: 0 | O18: 0 | P18: -19.026 | Q18: 0 | R18: -19.026 | S18: 0 | T18: -1.052 | U18: -3.23 | V18: -0.538 | W18: -4.82 | X18: 0 | Y18: 0 | Z18: 0 | AA18: 0 | AB18: 0 | AC18: 0 | AD18: 0 | AE18: 0 | AF18: 0 | AG18: =SUM(AC18:AF18) -> 0 | AH18: 0 | AI18: 0
B19: (+) Transferência | C19: (+) Transfers | D19: 0.068 | E19: 0 | F19: 0.002 | G19: 0 | H19: 0.07 | I19: -0.032 | J19: 2.282 | K19: -0.209 | L19: -2.041 | M19: 0 | N19: 1.276 | O19: 0.715 | P19: -1.991 | Q19: 0 | R19: 0 | S19: 0 | T19: 0 | U19: 0 | V19: 0 | W19: 0 | X19: 0 | Y19: 0 | Z19: 0 | AA19: -142.843 | AB19: -142.843 | AC19: 0.313 | AD19: -0.488 | AE19: 0.175 | AF19: 0 | AG19: =SUM(AC19:AF19) -> 0 | AH19: 0 | AI19: -0.004
B20: (+) Transferências para bens destinados a venda (Estoque de Seminovos) | C20: (-) Transfers to assets available for sale (used assets stock) | D20: 44.192 | E20: 27.777 | F20: 10.023 | G20: 21.946 | H20: 103.938 | I20: 22.711 | J20: 17.723 | K20: 13.586 | L20: 43.627 | M20: 97.647 | N20: 7.392 | O20: 18.899 | P20: 24.791 | Q20: 17.765 | R20: 68.847 | S20: 29.557 | T20: 17.712 | U20: 24.331 | V20: 38.434 | W20: 110.034 | X20: 31.843 | Y20: 14.588 | Z20: 31.048 | AA20: 42.324 | AB20: 119.803 | AC20: 41.464 | AD20: 68.202 | AE20: 49.723 | AF20: 112.222 | AG20: =SUM(AC20:AF20) -> 271.611 | AH20: 50.329 | AI20: 147.646
B21: (+) Baixas | C21: (+) Write-offs | D21: 0 | E21: 0 | F21: 0.952 | G21: 0.134 | H21: 1.086 | I21: 0.225 | J21: 0 | K21: 0 | L21: 0.016 | M21: 0.241 | N21: 0.732 | O21: 0.366 | P21: 0.279 | Q21: 0.306 | R21: 1.683 | S21: 2.754 | T21: 0.627 | U21: 2.32 | V21: 14.532 | W21: 20.233 | X21: 1.346 | Y21: 1.749 | Z21: 3.46 | AA21: -0.969 | AB21: 5.586 | AC21: 1.543 | AD21: 0.806 | AE21: 2.603 | AF21: 1.063 | AG21: =SUM(AC21:AF21) -> 6.015 | AH21: 8.784 | AI21: 1.615
B22: (-) Depreciação | C22: (-) Depreciation | D22: -37.778 | E22: -41.134 | F22: -41.549 | G22: -42.351 | H22: -162.812 | I22: -44.017 | J22: -45.825 | K22: -44.274 | L22: -34.468 | M22: -168.584 | N22: -34.223 | O22: -34.653 | P22: -41.625 | Q22: -41.909 | R22: -152.41 | S22: -54.624 | T22: -59.319 | U22: -76.548 | V22: -74.68 | W22: -265.171 | X22: -81.209 | Y22: -88.353 | Z22: -92.9 | AA22: -107.146 | AB22: -369.608 | AC22: -132.181 | AD22: -134.566 | AE22: -150.321 | AF22: -133.1 | AG22: =SUM(AC22:AF22) -> -550.168 | AH22: -168.295 | AI22: -167.431
B23: (+) Operações descontinuadas (Cisão Concessionárias) | C23: (-) Discontinued operations (Dealerships Spin-off) | D23: 0 | E23: 0 | F23: 0 | G23: 0 | H23: 0 | I23: 0 | J23: 0 | K23: 0 | L23: 0 | M23: 0 | N23: 0 | O23: 0 | P23: 0 | Q23: 0 | R23: 0 | S23: 0 | T23: 0 | U23: 0 | V23: 0 | W23: 0 | X23: 0 | Y23: 0 | Z23: 0 | AA23: 18.001 | AB23: 18.001 | AC23: 0 | AD23: 0 | AE23: 0 | AF23: 0 | AG23: =SUM(AC23:AF23) -> 0 | AH23: 0 | AI23: 0
B24: Depreciação acumulada EoP | C24: Accumulated Depreciation EoP | D24: -237.086 | E24: -250.443 | F24: -281.015 | G24: -301.286 | H24: -301.286 | I24: -322.399 | J24: -349.55 | K24: -380.505 | L24: -371.982 | M24: -371.982 | N24: -396.805 | O24: -411.478 | P24: -449.05 | Q24: -472.888 | R24: -472.888 | S24: -495.201 | T24: -537.233 | U24: -590.36 | V24: -612.612 | W24: -612.612 | X24: -660.632 | Y24: -732.648 | Z24: -791.04 | AA24: -981.673 | AB24: -981.673 | AC24: -1070.534 | AD24: =SUM(AD17:AD23) -> -1136.58 | AE24: =SUM(AE17:AE23) -> -1234.4 | AF24: =SUM(AF17:AF23) -> -1254.215 | AG24: =SUM(AG17:AG23) -> -1254.215 | AH24: =SUM(AH17:AH23) -> -1363.397 | AI24: =SUM(AI17:AI23) -> -1381.571
B26: Imobilizado Líquido EoP | C26: Net Fixed Assets EoP | D26: 1420.687 | E26: 1539.658 | F26: 1628.135 | G26: 2025.875 | H26: 2025.875 | I26: 2252.339 | J26: 2779.916 | K26: 3256.579 | L26: 4123.033 | M26: 4123.033 | N26: 5114.601 | O26: 6208.686 | P26: 7671.109 | Q26: 9599.661 | R26: 9599.661 | S26: 9641.462 | T26: 9632.12 | U26: 9571.055 | V26: 9873.522 | W26: 9873.522 | X26: 11054.412 | Y26: 11703.825 | Z26: 11901.949 | AA26: 12249.502 | AB26: 12249.502 | AC26: 12712.875 | AD26: =AD15+AD24 -> 12798.157 | AE26: =AE15+AE24 -> 12770.393 | AF26: =AF15+AF24 -> 12904.809 | AG26: =AG15+AG24 -> 12904.809 | AH26: =AH15+AH24 -> 12895.327 | AI26: =AI15+AI24 -> 12987.189
B29: CONTROLADORA: LOCADORA | C29: PARENT COMPANY: LEASING
B30: Imobilizado Bruto BoP | C30: Gross Fixed Assets BoP | D30: 1448.947 | E30: 1545.434 | F30: 1674.645 | G30: 1795.399 | H30: 1448.947 | I30: 2209.959 | J30: 2451.551 | K30: 3003.031 | L30: 3498.442 | M30: 2209.959 | N30: 4366.352 | O30: 5386.355 | P30: 6560.938 | Q30: 8043.906 | R30: 4366.352 | S30: 9985.909 | T30: 10051.054 | U30: 10073.145 | V30: 10061.458 | W30: 9985.909 | X30: 10373.717 | Y30: 11596.403 | Z30: 12319.249 | AA30: 12583.139 | AB30: 10373.717 | AC30: 13181.324 | AD30: =AC35 -> 13736.063 | AE30: =AD35 -> 13882.818 | AF30: =AE35 -> 13955.38 | AG30: =AB35 -> 13181.324 | AH30: =AG35 -> 14122.883 | AI30: =AH35 -> 14205.539
B31: (+) Adições (Capex Release + provisões) | C31: (+) Additions (Capex Release + Provisions) | D31: 186.545 | E31: 186.739 | F31: 140.863 | G31: 424.772 | H31: 938.919 | I31: 284.487 | J31: 596.032 | K31: 523.501 | L31: 928.653 | M31: 2332.673 | N31: 1096.871 | O31: 1277.44 | P31: 1628.024 | Q31: 2080.769 | R31: 6083.104 | S31: 308.083 | T31: 231.726 | U31: 398.093 | V31: 506.586 | W31: 1444.488 | X31: 1430.65 | Y31: 1048.841 | Z31: 529.046 | AA31: 417.118 | AB31: 3425.655 | AC31: 761.775 | AD31: 541.934 | AE31: 518.705 | AF31: 535.215 | AG31: =SUM(AC31:AF31) -> 2357.629 | AH31: 456.711 | AI31: 612.264
B32: (-) Transferências | C32: (-) Transfers | D32: -0.146 | E32: -0.963 | F32: 6.603 | G32: 27.833 | H32: 33.327 | I32: 0.252 | J32: 0 | K32: -0.252 | L32: 0 | M32: 0 | N32: 0 | O32: -2.713 | P32: -0.069 | Q32: 2.782 | R32: 0 | S32: 0 | T32: 0 | U32: -164.104 | V32: 0 | W32: -164.104 | X32: 0 | Y32: 0 | Z32: 0 | AA32: 94.021 | AB32: 94.021 | AC32: 9.448 | AD32: -1.705 | AE32: -7.743 | AF32: 0 | AG32: =SUM(AC32:AF32) -> 0 | AH32: 0 | AI32: 0
B33: (-) Transferências para bens destinados a venda (Estoque de Seminovos) | C33: (-) Transfers to assets available for sale (used assets stock) | D33: -89.912 | E33: -56.565 | F33: -25.704 | G33: -38.045 | H33: -210.226 | I33: -43.061 | J33: -44.552 | K33: -27.838 | L33: -60.294 | M33: -175.745 | N33: -76 | O33: -100.144 | P33: -144.929 | Q33: -141.589 | R33: -462.662 | S33: -240.976 | T33: -209.152 | U33: -245.676 | V33: -170.546 | W33: -866.35 | X33: -205.571 | Y33: -325.997 | Z33: -262.928 | AA33: 87.046 | AB33: -707.45 | AC33: -216.484 | AD33: -393.474 | AE33: -438.4 | AF33: -367.712 | AG33: =SUM(AC33:AF33) -> -1416.07 | AH33: -362.491 | AI33: -497.375
B34: (-) Baixas | C34: (-) Write-offs | D34: 0 | E34: 0 | F34: -1.008 | G34: 0 | H34: -1.008 | I34: -0.086 | J34: 0 | K34: 0 | L34: -0.449 | M34: -0.535 | N34: -0.868 | O34: 0 | P34: -0.058 | Q34: 0.041 | R34: -0.885 | S34: -1.962 | T34: -0.483 | U34: 0 | V34: -23.781 | W34: -26.226 | X34: -2.393 | Y34: 0.002 | Z34: -2.228 | AA34: 0 | AB34: -4.619 | AC34: 0 | AD34: 0 | AE34: 0 | AF34: 0 | AG34: =SUM(AC34:AF34) -> 0 | AH34: -11.564 | AI34: -1.497
B35: Imobilizado Bruto EoP | C35: Gross Fixed Assets EoP | D35: 1545.434 | E35: 1674.645 | F35: 1795.399 | G35: 2209.959 | H35: 2209.959 | I35: 2451.551 | J35: 3003.031 | K35: 3498.442 | L35: 4366.352 | M35: 4366.352 | N35: 5386.355 | O35: 6560.938 | P35: 8043.906 | Q35: 9985.909 | R35: 9985.909 | S35: 10051.054 | T35: 10073.145 | U35: 10061.458 | V35: 10373.717 | W35: 10373.717 | X35: 11596.403 | Y35: 12319.249 | Z35: 12583.139 | AA35: 13181.324 | AB35: 13181.324 | AC35: 13736.063 | AD35: =SUM(AD30:AD34) -> 13882.818 | AE35: =SUM(AE30:AE34) -> 13955.38 | AF35: =SUM(AF30:AF34) -> 14122.883 | AG35: =SUM(AG30:AG34) -> 14122.883 | AH35: =SUM(AH30:AH34) -> 14205.539 | AI35: =SUM(AI30:AI34) -> 14318.931
B37: Depreciação acumulada BoP | C37: Accumulated Depreciation BoP | D37: -226.502 | E37: -218.397 | F37: -229.129 | G37: -254.894 | H37: -226.502 | I37: -281.322 | J37: -299.163 | K37: -325.327 | L37: -357.313 | M37: -281.322 | N37: -354.161 | O37: -380.65 | P37: -392.765 | Q37: -455.132 | R37: -354.161 | S37: -478.876 | T37: -496.565 | U37: -532.918 | V37: -580.047 | W37: -478.876 | X37: -595.641 | Y37: -639.421 | Z37: -709.31 | AA37: -768.049 | AB37: -595.641 | AC37: -952.091 | AD37: =AC43 -> -1040.858 | AE37: =AD43 -> -1105.646 | AF37: =AE43 -> -1204.085 | AG37: =AB43 -> -952.091 | AH37: =AG43 -> -1222.709 | AI37: =AH43 -> -1330.177
B38: (-) Adições | C38: (-) Additions | D38: 0 | E38: 0 | F38: 0 | G38: 0 | H38: 0 | I38: 0 | J38: 0 | K38: 0 | L38: 0 | M38: 0 | N38: 0 | O38: 0 | P38: -49.071 | Q38: 0 | R38: -49.071 | S38: 0 | T38: 0 | U38: 0 | V38: 0 | W38: 0 | X38: 0 | Y38: 0 | Z38: 0 | AA38: 0 | AB38: 0 | AC38: 0 | AD38: 0 | AE38: 0 | AF38: 0 | AG38: =SUM(AC38:AF38) -> 0 | AH38: 0 | AI38: 0
B39: (+) Transferência | C39: (+) Transfers | D39: 0.068 | E39: 0 | F39: 0.002 | G39: 0 | H39: 0.07 | I39: -0.04 | J39: 0 | K39: 0 | L39: -0.043 | M39: -0.083 | N39: 0 | O39: 0.716 | P39: -0.016 | Q39: -0.7 | R39: 0 | S39: 0 | T39: 0 | U39: 0 | V39: 0 | W39: 0 | X39: 0 | Y39: 0 | Z39: 0 | AA39: -125.394 | AB39: -125.394 | AC39: 0 | AD39: 0 | AE39: 0 | AF39: 0 | AG39: =SUM(AC39:AF39) -> 0 | AH39: 0 | AI39: -0.004
B40: (+) Transferências para bens destinados a venda (Estoque de Seminovos) | C40: (-) Transfers to assets available for sale (used assets stock) | D40: 41.502 | E40: 26.758 | F40: 10.437 | G40: 11.431 | H40: 90.128 | I40: 22.711 | J40: 17.225 | K40: 10.825 | L40: 33.832 | M40: 84.593 | N40: 7.257 | O40: 18.861 | P40: 24.964 | Q40: 17.765 | R40: 68.847 | S40: 29.557 | T40: 17.712 | U40: 24.331 | V40: 38.434 | W40: 110.034 | X40: 31.843 | Y40: 14.588 | Z40: 31.048 | AA40: 42.324 | AB40: 119.803 | AC40: 41.464 | AD40: 68.202 | AE40: 49.723 | AF40: 112.222 | AG40: =SUM(AC40:AF40) -> 271.611 | AH40: 50.329 | AI40: 147.646
B41: (+) Baixas | C41: (+) Write-offs | D41: 0 | E41: 0 | F41: 0.562 | G41: 1.811 | H41: 2.373 | I41: 0.004 | J41: 0 | K41: 0 | L41: 0.016 | M41: 0.02 | N41: 0.067 | O41: 0 | P41: 0.021 | Q41: 0 | R41: 0.088 | S41: 1.215 | T41: -0.166 | U41: 0 | V41: 15.521 | W41: 16.57 | X41: 0.466 | Y41: 0 | Z41: -0.001 | AA41: 0 | AB41: 0.465 | AC41: 0 | AD41: 0 | AE41: 0 | AF41: 0 | AG41: =SUM(AC41:AF41) -> 0 | AH41: 8.131 | AI41: 0.381
B42: (-) Depreciação | C42: (-) Depreciation | D42: -33.465 | E42: -37.49 | F42: -36.766 | G42: -39.67 | H42: -147.391 | I42: -40.516 | J42: -43.389 | K42: -42.811 | L42: -30.653 | M42: -157.369 | N42: -33.813 | O42: -31.692 | P42: -38.265 | Q42: -40.809 | R42: -144.579 | S42: -48.461 | T42: -53.899 | U42: -71.46 | V42: -69.549 | W42: -243.369 | X42: -76.089 | Y42: -84.477 | Z42: -89.786 | AA42: -100.972 | AB42: -351.324 | AC42: -130.231 | AD42: -132.99 | AE42: -148.162 | AF42: -130.846 | AG42: =SUM(AC42:AF42) -> -542.229 | AH42: -165.928 | AI42: -170.21
B43: Depreciação acumulada EoP | C43: Accumulated Depreciation EoP | D43: -218.397 | E43: -229.129 | F43: -254.894 | G43: -281.322 | H43: -281.322 | I43: -299.163 | J43: -325.327 | K43: -357.313 | L43: -354.161 | M43: -354.161 | N43: -380.65 | O43: -392.765 | P43: -455.132 | Q43: -478.876 | R43: -478.876 | S43: -496.565 | T43: -532.918 | U43: -580.047 | V43: -595.641 | W43: -595.641 | X43: -639.421 | Y43: -709.31 | Z43: -768.049 | AA43: -952.091 | AB43: -952.091 | AC43: -1040.858 | AD43: =SUM(AD37:AD42) -> -1105.646 | AE43: =SUM(AE37:AE42) -> -1204.085 | AF43: =SUM(AF37:AF42) -> -1222.709 | AG43: =SUM(AG37:AG42) -> -1222.709 | AH43: =SUM(AH37:AH42) -> -1330.177 | AI43: =SUM(AI37:AI42) -> -1352.364
B45: Imobilizado Líquido EoP | C45: Net Fixed Assets EoP | D45: 1327.037 | E45: 1445.516 | F45: 1540.505 | G45: 1928.637 | H45: 1928.637 | I45: 2152.388 | J45: 2677.704 | K45: 3141.129 | L45: 4012.191 | M45: 4012.191 | N45: 5005.705 | O45: 6168.173 | P45: 7588.774 | Q45: 9507.033 | R45: 9507.033 | S45: 9554.489 | T45: 9540.227 | U45: 9481.411 | V45: 9778.076 | W45: 9778.076 | X45: 10956.982 | Y45: 11609.939 | Z45: 11815.09 | AA45: 12229.233 | AB45: 12229.233 | AC45: 12695.205 | AD45: =AD35+AD43 -> 12777.172 | AE45: =AE35+AE43 -> 12751.295 | AF45: =AF35+AF43 -> 12900.174 | AG45: =AG35+AG43 -> 12900.174 | AH45: =AH35+AH43 -> 12875.362 | AI45: =AI35+AI43 -> 12966.567
B48: CONSOLIDADO - CONTROLADORA: INDÚSTRIA | C48: CONSOLIDATED - PARENT COMPANY: INDUSTRY/CUSTOMIZATION
B49: Imobilizado Bruto BoP | C49: Gross Fixed Assets BoP | D49: 114.458 | E49: 112.339 | F49: 115.456 | G49: 113.751 | H49: 114.458 | I49: 117.202 | J49: 123.187 | K49: 126.435 | L49: 138.642 | M49: 117.202 | N49: 128.663 | O49: 125.051 | P49: 59.226 | Q49: 76.253 | R49: 128.663 | S49: 86.64 | T49: 85.609 | U49: 96.208 | V49: 99.957 | W49: 86.64 | X49: 112.417 | Y49: 118.641 | Z49: 117.224 | AA49: 109.85 | AB49: 112.417 | AC49: 49.851 | AD49: =AC55 -> 47.346 | AE49: =AD55 -> 51.919 | AF49: =AE55 -> 49.413 | AG49: =AB55 -> 49.851 | AH49: =AG55 -> 36.141 | AI49: =AH55 -> 53.185
B50: (+) Adições (Capex Release + provisões) | C50: (+) Additions (Capex Release + Provisions) | D50: 1.754 | E50: 0.994 | F50: -2.728 | G50: 5.949 | H50: 5.969 | I50: 7.216 | J50: 6.265 | K50: 11.678 | L50: -1.304 | M50: 23.855 | N50: 1.482 | O50: -65.453 | P50: 14.505 | Q50: 12.302 | R50: -37.164 | S50: 2.503 | T50: 14.528 | U50: 10.955 | V50: 17.055 | W50: 45.041 | X50: 5.277 | Y50: 5.83 | Z50: -0.91 | AA50: -0.079 | AB50: 10.118 | AC50: 0.001 | AD50: =AD10-AD31 -> 2.564 | AE50: =AE10-AE31 -> 10.091 | AF50: -8.099 | AG50: =SUM(AC50:AF50) -> 4.557 | AH50: 17.698 | AI50: 5.948
B51: (-) Transferências | C51: (-) Transfers | D51: 0 | E51: 0 | F51: 0 | G51: 0 | H51: 0 | I51: 0 | J51: -2.463 | K51: 2.463 | L51: -0.554 | M51: -0.554 | N51: -3.428 | O51: -0.002 | P51: 6.212 | Q51: -2.782 | R51: 0 | S51: 0 | T51: 0 | U51: 0 | V51: 0.01 | W51: 0.01 | X51: 0 | Y51: 0 | Z51: 0 | AA51: -5.924 | AB51: -5.924 | AC51: 0.088 | AD51: =AD11-AD32 -> 8.519 | AE51: =AE11-AE32 -> -8.607 | AF51: 0 | AG51: =SUM(AC51:AF51) -> 0 | AH51: 0 | AI51: 0
B52: (-) Transferências para bens destinados a venda (Estoque de Seminovos) | C52: (-) Transfers to assets available for sale (used assets stock) | D52: -3.873 | E52: 2.123 | F52: 2.262 | G52: -2.074 | H52: -1.562 | I52: -0.438 | J52: -0.686 | K52: -1.934 | L52: -8.122 | M52: -11.18 | N52: -0.288 | O52: 0.382 | P52: -0.094 | Q52: 0 | R52: 0 | S52: 0.411 | T52: -0.411 | U52: 0 | V52: 0 | W52: 0 | X52: 0 | Y52: 0 | Z52: 0 | AA52: 0 | AB52: 0 | AC52: 0 | AD52: =AD12-AD33 -> 0 | AE52: =AE12-AE33 -> 0 | AF52: 0 | AG52: =SUM(AC52:AF52) -> 0 | AH52: 0 | AI52: 0
B53: (-) Baixas | C53: (-) Write-offs | D53: 0 | E53: 0 | F53: -1.239 | G53: -0.424 | H53: -1.663 | I53: -0.793 | J53: 0.132 | K53: 0 | L53: 0.001 | M53: -0.66 | N53: -1.378 | O53: -0.752 | P53: -3.596 | Q53: 0.867 | R53: -4.859 | S53: -3.945 | T53: -3.518 | U53: -7.206 | V53: -4.605 | W53: -19.274 | X53: 0.947 | Y53: -7.247 | Z53: -6.464 | AA53: 4.327 | AB53: -8.437 | AC53: -2.594 | AD53: =AD13-AD34 -> -6.51 | AE53: =AE13-AE34 -> -3.99 | AF53: -5.173 | AG53: =SUM(AC53:AF53) -> -18.267 | AH53: -0.654 | AI53: -9.304
B54: (-) Operações descontinuadas (Cisão Concessionárias) | C54: (-) Discontinued operations (Dealerships Spin-off) | D54: 0 | E54: 0 | F54: 0 | G54: 0 | H54: 0 | I54: 0 | J54: 0 | K54: 0 | L54: 0 | M54: 0 | N54: 0 | O54: 0 | P54: 0 | Q54: 0 | R54: 0 | S54: 0 | T54: 0 | U54: 0 | V54: 0 | W54: 0 | X54: 0 | Y54: 0 | Z54: 0 | AA54: -58.323 | AB54: -58.323 | AC54: 0 | AD54: =AD23 -> 0 | AE54: =AE23 -> 0 | AF54: 0 | AG54: =SUM(AC54:AF54) -> 0 | AH54: 0 | AI54: 0
B55: Imobilizado Bruto EoP | C55: Gross Fixed Assets EoP | D55: 112.339 | E55: 115.456 | F55: 113.751 | G55: 117.202 | H55: 117.202 | I55: 123.187 | J55: 126.435 | K55: 138.642 | L55: 128.663 | M55: 128.663 | N55: 125.051 | O55: 59.226 | P55: 76.253 | Q55: 86.64 | R55: 86.64 | S55: 85.609 | T55: 96.208 | U55: 99.957 | V55: 112.417 | W55: 112.417 | X55: 118.641 | Y55: 117.224 | Z55: 109.85 | AA55: 49.851 | AB55: 49.851 | AC55: 47.346 | AD55: =SUM(AD49:AD54) -> 51.919 | AE55: =SUM(AE49:AE54) -> 49.413 | AF55: =SUM(AF49:AF54) -> 36.141 | AG55: =SUM(AG49:AG54) -> 36.141 | AH55: =SUM(AH49:AH54) -> 53.185 | AI55: =SUM(AI49:AI54) -> 49.829
B57: Depreciação acumulada BoP | C57: Accumulated Depreciation BoP | D57: -17.066 | E57: -18.689 | F57: -21.314 | G57: -26.121 | H57: -17.066 | I57: -19.964 | J57: -23.236 | K57: -24.223 | L57: -23.192 | M57: -19.964 | N57: -17.821 | O57: -16.155 | P57: -18.713 | Q57: 6.082 | R57: -17.821 | S57: 5.988 | T57: 1.364 | U57: -4.315 | V57: -10.313 | W57: 5.988 | X57: -16.971 | Y57: -21.211 | Z57: -23.338 | AA57: -22.991 | AB57: -16.971 | AC57: -29.582 | AD57: =AC64 -> -29.676 | AE57: =AD64 -> -30.934 | AF57: =AE64 -> -30.315 | AG57: =AB64 -> -29.582 | AH57: =AG64 -> -31.506 | AI57: =AH64 -> -33.22
B58: (-) Adições | C58: (-) Additions | D58: 0 | E58: 0 | F58: 0 | G58: 0 | H58: 0 | I58: 0 | J58: -1.331 | K58: -0.058 | L58: 1.389 | M58: 0 | N58: 0 | O58: 0 | P58: 30.045 | Q58: 0 | R58: 30.045 | S58: 0 | T58: -1.052 | U58: -3.23 | V58: -0.538 | W58: -4.82 | X58: 0 | Y58: 0 | Z58: 0 | AA58: 0 | AB58: 0 | AC58: 0 | AD58: =AD18-AD38 -> 0 | AE58: =AE18-AE38 -> 0 | AF58: 0 | AG58: =SUM(AC58:AF58) -> 0 | AH58: 0 | AI58: 0
B59: (+) Transferência | C59: (+) Transfers | D59: 0 | E59: 0 | F59: 0 | G59: 0 | H59: 0 | I59: 0.008 | J59: 2.282 | K59: -0.209 | L59: -1.998 | M59: 0.083 | N59: 1.276 | O59: -0.001 | P59: -1.975 | Q59: 0.7 | R59: 0 | S59: 0 | T59: 0 | U59: 0 | V59: 0 | W59: 0 | X59: 0 | Y59: 0 | Z59: 0 | AA59: -17.449 | AB59: -17.449 | AC59: 0.313 | AD59: =AD19-AD39 -> -0.488 | AE59: =AE19-AE39 -> 0.175 | AF59: 0 | AG59: =SUM(AC59:AF59) -> 0 | AH59: 0 | AI59: 0
B60: (+) Transferências para bens destinados a venda (Estoque de Seminovos) | C60: (-) Transfers to assets available for sale (used assets stock) | D60: 2.69 | E60: 1.019 | F60: -0.414 | G60: 10.515 | H60: 13.81 | I60: 0 | J60: 0.498 | K60: 2.761 | L60: 9.795 | M60: 13.054 | N60: 0.135 | O60: 0.038 | P60: -0.173 | Q60: 0 | R60: -8.8817842e-16 | S60: 0 | T60: 0 | U60: 0 | V60: 0 | W60: 0 | X60: 0 | Y60: 0 | Z60: 0 | AA60: 0 | AB60: 0 | AC60: 0 | AD60: =AD20-AD40 -> 0 | AE60: =AE20-AE40 -> 0 | AF60: 0 | AG60: =SUM(AC60:AF60) -> 0 | AH60: 0 | AI60: 0
B61: (+) Baixas | C61: (+) Write-offs | D61: 0 | E61: 0 | F61: 0.39 | G61: -1.677 | H61: -1.287 | I61: 0.221 | J61: 0 | K61: 0 | L61: 0 | M61: 0.221 | N61: 0.665 | O61: 0.366 | P61: 0.258 | Q61: 0.306 | R61: 1.595 | S61: 1.539 | T61: 0.793 | U61: 2.32 | V61: -0.989 | W61: 3.663 | X61: 0.88 | Y61: 1.749 | Z61: 3.461 | AA61: -0.969 | AB61: 5.121 | AC61: 1.543 | AD61: =AD21-AD41 -> 0.806 | AE61: =AE21-AE41 -> 2.603 | AF61: 1.063 | AG61: =SUM(AC61:AF61) -> 6.015 | AH61: 0.653 | AI61: 1.234
B62: (-) Depreciação | C62: (-) Depreciation | D62: -4.313 | E62: -3.644 | F62: -4.783 | G62: -2.681 | H62: -15.421 | I62: -3.501 | J62: -2.436 | K62: -1.463 | L62: -3.815 | M62: -11.215 | N62: -0.41 | O62: -2.961 | P62: -3.36 | Q62: -1.1 | R62: -7.831 | S62: -6.163 | T62: -5.42 | U62: -5.088 | V62: -5.131 | W62: -21.802 | X62: -5.12 | Y62: -3.876 | Z62: -3.114 | AA62: -6.174 | AB62: -18.284 | AC62: -1.95 | AD62: =AD22-AD42 -> -1.576 | AE62: =AE22-AE42 -> -2.159 | AF62: -2.254 | AG62: =SUM(AC62:AF62) -> -7.939 | AH62: -2.367 | AI62: 2.779
B63: (+) Operações descontinuadas (Cisão Concessionárias) | C63: (-) Discontinued operations (Dealerships Spin-off) | D63: 0 | E63: 0 | F63: 0 | G63: 0 | H63: 0 | I63: 0 | J63: 0 | K63: 0 | L63: 0 | M63: 0 | N63: 0 | O63: 0 | P63: 0 | Q63: 0 | R63: 0 | S63: 0 | T63: 0 | U63: 0 | V63: 0 | W63: 0 | X63: 0 | Y63: 0 | Z63: 0 | AA63: 18.001 | AB63: 18.001 | AC63: 0 | AD63: =AD23 -> 0 | AE63: =AE23 -> 0 | AF63: 0 | AG63: =SUM(AC63:AF63) -> 0 | AH63: 0 | AI63: 0
B64: Depreciação acumulada EoP | C64: Accumulated Depreciation EoP | D64: -18.689 | E64: -21.314 | F64: -26.121 | G64: -19.964 | H64: -19.964 | I64: -23.236 | J64: -24.223 | K64: -23.192 | L64: -17.821 | M64: -17.821 | N64: -16.155 | O64: -18.713 | P64: 6.082 | Q64: 5.988 | R64: 5.988 | S64: 1.364 | T64: -4.315 | U64: -10.313 | V64: -16.971 | W64: -16.971 | X64: -21.211 | Y64: -23.338 | Z64: -22.991 | AA64: -29.582 | AB64: -29.582 | AC64: -29.676 | AD64: =SUM(AD57:AD63) -> -30.934 | AE64: =SUM(AE57:AE63) -> -30.315 | AF64: =SUM(AF57:AF63) -> -31.506 | AG64: =SUM(AG57:AG63) -> -31.506 | AH64: =SUM(AH57:AH63) -> -33.22 | AI64: =SUM(AI57:AI63) -> -29.207
B66: Imobilizado Líquido EoP | C66: Net Fixed Assets EoP | D66: 93.65 | E66: 94.142 | F66: 87.63 | G66: 97.238 | H66: 97.238 | I66: 99.951 | J66: 102.212 | K66: 115.45 | L66: 110.842 | M66: 110.842 | N66: 108.896 | O66: 40.513 | P66: 82.335 | Q66: 92.628 | R66: 92.628 | S66: 86.973 | T66: 91.893 | U66: 89.644 | V66: 95.446 | W66: 95.446 | X66: 97.43 | Y66: 93.886 | Z66: 86.859 | AA66: 20.269 | AB66: 20.269 | AC66: 17.67 | AD66: =AD55+AD64 -> 20.985 | AE66: =AE55+AE64 -> 19.098 | AF66: =AF55+AF64 -> 4.635 | AG66: =AG55+AG64 -> 4.635 | AH66: =AH55+AH64 -> 19.965 | AI66: =AI55+AI64 -> 20.622
B70: MÁQUINAS & EQUIPAMENTOS | C70: MACHINES AND EQUIPMENT
B71: CONSOLIDADO: TODAS AS OPERAÇÕES | C71: CONSOLIDATED: ALL OPERATIONS
B72: Imobilizado Bruto BoP | C72: Gross Fixed Assets BoP | D72: 462.335 | E72: 508.64 | F72: 549.179 | G72: 572.688 | H72: 462.335 | I72: 565.371 | J72: 630.438 | K72: 749.393 | L72: 818.709 | M72: 565.371 | N72: 866.1 | O72: 1178.236 | P72: 1532.098 | Q72: 2082.476 | R72: 866.1 | S72: 2520.736 | T72: 2853.442 | U72: 3152.97 | V72: 3302.13 | W72: 2520.736 | X72: 3669.692 | Y72: 3847.394 | Z72: 3892.174 | AA72: 3952.121 | AB72: 3669.692 | AC72: 4288.818 | AD72: =AC78 -> 4244.703 | AE72: =AD78 -> 4247.145 | AF72: =AE78 -> 4204.259 | AG72: =AB78 -> 4288.818 | AH72: =AG78 -> 4249.167 | AI72: =AH78 -> 4157.742
B73: (+) Adições (Capex Release + provisões) | C73: (+) Additions (Capex Release + Provisions) | D73: 71.857 | E73: 52.974 | F73: 47.777 | G73: 26.526 | H73: 199.134 | I73: 71.575 | J73: 128.243 | K73: 86.872 | L73: 57.716 | M73: 344.406 | N73: 315.623 | O73: 386.043 | P73: 557.564 | Q73: 452.204 | R73: 1711.434 | S73: 350.002 | T73: 320.975 | U73: 38.61 | V73: 384.223 | W73: 1093.81 | X73: 205.253 | Y73: 129.117 | Z73: 114.861 | AA73: 149.256 | AB73: 598.487 | AC73: 77.328 | AD73: 104.519 | AE73: 54.292 | AF73: 93.568 | AG73: =SUM(AC73:AF73) -> 329.707 | AH73: 49.239 | AI73: 38.522
B74: (-) Transferências | C74: (-) Transfers | D74: 0.146 | E74: 0.963 | F74: -6.603 | G74: -27.833 | H74: -33.327 | I74: 0 | J74: 2.211 | K74: -2.211 | L74: 0.554 | M74: 0.554 | N74: 3.397 | O74: 2.67 | P74: -6.067 | Q74: 0 | R74: 0 | S74: 0 | T74: -0.04 | U74: 164.144 | V74: -0.01 | W74: 164.094 | X74: 0 | Y74: 0 | Z74: 0 | AA74: 239.582 | AB74: 239.582 | AC74: -5.857 | AD74: 0.938 | AE74: 4.919 | AF74: 0 | AG74: =SUM(AC74:AF74) -> 0 | AH74: 0 | AI74: 2.155
B75: (-) Transferências para bens destinados a venda (Estoque de Seminovos) | C75: (-) Transfers to assets available for sale (used assets stock) | D75: -25.698 | E75: -13.398 | F75: -8.736 | G75: -6.055 | H75: -53.887 | I75: -6.077 | J75: -11.499 | K75: -15.345 | L75: -10.879 | M75: -43.8 | N75: -5.92 | O75: -34.553 | P75: -0.622 | Q75: -13.2 | R75: -54.295 | S75: -17.289 | T75: -19.177 | U75: -53.498 | V75: -12.355 | W75: -102.319 | X75: -20.123 | Y75: -84.144 | Z75: -53.559 | AA75: -6.145 | AB75: -163.971 | AC75: -115.133 | AD75: -95.712 | AE75: -102.054 | AF75: -48.565 | AG75: =SUM(AC75:AF75) -> -361.464 | AH75: -140.461 | AI75: -54.761
B76: (-) Baixas | C76: (-) Write-offs | D76: 0 | E76: 0 | F76: -8.929 | G76: 0.045 | H76: -8.884 | I76: -0.431 | J76: 0 | K76: 0 | L76: 0 | M76: -0.431 | N76: -0.964 | O76: -0.298 | P76: -0.497 | Q76: -0.744 | R76: -2.503 | S76: -0.007 | T76: -2.23 | U76: -0.096 | V76: -4.296 | W76: -6.629 | X76: -7.428 | Y76: -0.193 | Z76: -1.355 | AA76: -6.664 | AB76: -15.64 | AC76: -0.453 | AD76: -7.303 | AE76: -0.043 | AF76: -0.095 | AG76: =SUM(AC76:AF76) -> -7.894 | AH76: -0.203 | AI76: -0.122
B77: (-) Operações descontinuadas (Cisão Concessionárias) | C77: (-) Discontinued operations (Dealerships Spin-off) | D77: 0 | E77: 0 | F77: 0 | G77: 0 | H77: 0 | I77: 0 | J77: 0 | K77: 0 | L77: 0 | M77: 0 | N77: 0 | O77: 0 | P77: 0 | Q77: 0 | R77: 0 | S77: 0 | T77: 0 | U77: 0 | V77: 0 | W77: 0 | X77: 0 | Y77: 0 | Z77: 0 | AA77: -39.332 | AB77: -39.332 | AC77: 0 | AD77: 0 | AE77: 0 | AF77: 0 | AG77: =SUM(AC77:AF77) -> 0 | AH77: 0 | AI77: 0
B78: Imobilizado Bruto EoP | C78: Gross Fixed Assets EoP | D78: 508.64 | E78: 549.179 | F78: 572.688 | G78: 565.371 | H78: 565.371 | I78: 630.438 | J78: 749.393 | K78: 818.709 | L78: 866.1 | M78: 866.1 | N78: 1178.236 | O78: 1532.098 | P78: 2082.476 | Q78: 2520.736 | R78: 2520.736 | S78: 2853.442 | T78: 3152.97 | U78: 3302.13 | V78: 3669.692 | W78: 3669.692 | X78: 3847.394 | Y78: 3892.174 | Z78: 3952.121 | AA78: 4288.818 | AB78: 4288.818 | AC78: 4244.703 | AD78: =SUM(AD72:AD77) -> 4247.145 | AE78: =SUM(AE72:AE77) -> 4204.259 | AF78: =SUM(AF72:AF77) -> 4249.167 | AG78: =SUM(AG72:AG77) -> 4249.167 | AH78: =SUM(AH72:AH77) -> 4157.742 | AI78: =SUM(AI72:AI77) -> 4143.536
B80: Depreciação acumulada BoP | C80: Accumulated Depreciation BoP | D80: -50.989 | E80: -51.798 | F80: -65.229 | G80: -72.311 | H80: -50.989 | I80: -96.899 | J80: -117.203 | K80: -142.99 | L80: -157.788 | M80: -96.899 | N80: -172.406 | O80: -194.288 | P80: -196.531 | Q80: -349.179 | R80: -172.406 | S80: -386.685 | T80: -427.177 | U80: -482.4 | V80: -510.569 | W80: -386.685 | X80: -585.772 | Y80: -650.612 | Z80: -689.589 | AA80: -756.991 | AB80: -585.772 | AC80: -1052.748 | AD80: =AC87 -> -1118.123 | AE80: =AD87 -> -1195.9242 | AF80: =AE87 -> -1230.306 | AG80: =AB87 -> -1052.748 | AH80: =AG87 -> -1350.002 | AI80: =AH87 -> -1416.319
B81: (-) Adições | C81: (-) Additions | D81: 0 | E81: 0 | F81: 0 | G81: 0 | H81: 0 | I81: 0 | J81: -5.037 | K81: -0.187 | L81: 5.224 | M81: 0 | N81: 0 | O81: 0 | P81: -118.31 | Q81: 0 | R81: -118.31 | S81: 0 | T81: -1.28 | U81: -0.481 | V81: -0.33 | W81: -2.091 | X81: 0 | Y81: 0 | Z81: 0 | AA81: 0 | AB81: 0 | AC81: 0 | AD81: 0 | AE81: 0 | AF81: 0 | AG81: =SUM(AC81:AF81) -> 0 | AH81: 0 | AI81: 0
B82: (+) Transferência | C82: (+) Transfers | D82: -0.068 | E82: 0 | F82: -0.002 | G82: 0 | H82: -0.07 | I82: 0 | J82: -2.25 | K82: 0.209 | L82: 2.041 | M82: 0 | N82: -1.276 | O82: -0.715 | P82: 1.991 | Q82: 0 | R82: 0 | S82: 0 | T82: 0 | U82: 0 | V82: 0 | W82: 0 | X82: 0 | Y82: 0 | Z82: 0 | AA82: -210.786 | AB82: -210.786 | AC82: -2.463 | AD82: -0.262 | AE82: 2.725 | AF82: 0 | AG82: =SUM(AC82:AF82) -> 0 | AH82: 0 | AI82: 0.004
B83: (+) Transferências para bens destinados a venda (Estoque de Seminovos) | C83: (-) Transfers to assets available for sale (used assets stock) | D83: 16.351 | E83: 8.543 | F83: 8.019 | G83: 2.749 | H83: 35.662 | I83: 4.525 | J83: 10.473 | K83: 14.602 | L83: 1.06 | M83: 30.66 | N83: 3.274 | O83: 28.302 | P83: 0.008 | Q83: 8.741 | R83: 40.325 | S83: 13.315 | T83: 15.816 | U83: 30.798 | V83: 7.349 | W83: 67.278 | X83: 12.47 | Y83: 50.858 | Z83: 29.01 | AA83: -4.921 | AB83: 87.417 | AC83: 37.963 | AD83: 32.521 | AE83: 74.357 | AF83: 1.356 | AG83: =SUM(AC83:AF83) -> 146.197 | AH83: 50.791 | AI83: 23.717
B84: (+) Baixas | C84: (+) Write-offs | D84: 0 | E84: 0 | F84: 7.254 | G84: 0 | H84: 7.254 | I84: 0.143 | J84: 0 | K84: 0 | L84: 0 | M84: 0.143 | N84: 0.417 | O84: 0 | P84: 0.058 | Q84: 0 | R84: 0.475 | S84: 0.005 | T84: 1.187 | U84: 0.099 | V84: 0.356 | W84: 1.647 | X84: 0.796 | Y84: 0.189 | Z84: 1.977 | AA84: 0.384 | AB84: 3.346 | AC84: 0.433 | AD84: 4.206 | AE84: 0.043 | AF84: 0.049 | AG84: =SUM(AC84:AF84) -> 4.731 | AH84: 0.202 | AI84: 0.087
B85: (-) Depreciação | C85: (-) Depreciation | D85: -17.092 | E85: -21.974 | F85: -22.353 | G85: -27.337 | H85: -88.756 | I85: -24.972 | J85: -28.973 | K85: -29.422 | L85: -22.943 | M85: -106.31 | N85: -24.297 | O85: -29.83 | P85: -36.395 | Q85: -46.247 | R85: -136.769 | S85: -53.812 | T85: -70.946 | U85: -58.585 | V85: -82.578 | W85: -265.921 | X85: -78.106 | Y85: -90.024 | Z85: -98.389 | AA85: -100.204 | AB85: -366.723 | AC85: -101.308 | AD85: -114.2662 | AE85: -111.5068 | AF85: -121.101 | AG85: =SUM(AC85:AF85) -> -448.182 | AH85: -117.31 | AI85: -116.855
B86: (+) Operações descontinuadas (Cisão Concessionárias) | C86: (-) Discontinued operations (Dealerships Spin-off) | D86: 0 | E86: 0 | F86: 0 | G86: 0 | H86: 0 | I86: 0 | J86: 0 | K86: 0 | L86: 0 | M86: 0 | N86: 0 | O86: 0 | P86: 0 | Q86: 0 | R86: 0 | S86: 0 | T86: 0 | U86: 0 | V86: 0 | W86: 0 | X86: 0 | Y86: 0 | Z86: 0 | AA86: 19.77 | AB86: 19.77 | AC86: 0 | AD86: 0 | AE86: 0 | AF86: 0 | AG86: =SUM(AC86:AF86) -> 0 | AH86: 0 | AI86: 0
B87: Depreciação acumulada EoP | C87: Accumulated Depreciation EoP | D87: -51.798 | E87: -65.229 | F87: -72.311 | G87: -96.899 | H87: -96.899 | I87: -117.203 | J87: -142.99 | K87: -157.788 | L87: -172.406 | M87: -172.406 | N87: -194.288 | O87: -196.531 | P87: -349.179 | Q87: -386.685 | R87: -386.685 | S87: -427.177 | T87: -482.4 | U87: -510.569 | V87: -585.772 | W87: -585.772 | X87: -650.612 | Y87: -689.589 | Z87: -756.991 | AA87: -1052.748 | AB87: -1052.748 | AC87: -1118.123 | AD87: =SUM(AD80:AD86) -> -1195.9242 | AE87: =SUM(AE80:AE86) -> -1230.306 | AF87: =SUM(AF80:AF86) -> -1350.002 | AG87: =SUM(AG80:AG86) -> -1350.002 | AH87: =SUM(AH80:AH86) -> -1416.319 | AI87: =SUM(AI80:AI86) -> -1509.366
B89: Imobilizado Líquido EoP | C89: Net Fixed Assets EoP | D89: 456.842 | E89: 483.95 | F89: 500.377 | G89: 468.472 | H89: 468.472 | I89: 513.235 | J89: 606.403 | K89: 660.921 | L89: 693.694 | M89: 693.694 | N89: 983.948 | O89: 1335.567 | P89: 1733.297 | Q89: 2134.051 | R89: 2134.051 | S89: 2426.265 | T89: 2670.57 | U89: 2791.561 | V89: 3083.92 | W89: 3083.92 | X89: 3196.782 | Y89: 3202.585 | Z89: 3195.13 | AA89: 3236.07 | AB89: 3236.07 | AC89: 3126.58 | AD89: =AD78+AD87 -> 3051.2208 | AE89: =AE78+AE87 -> 2973.953 | AF89: =AF78+AF87 -> 2899.165 | AG89: =AG78+AG87 -> 2899.165 | AH89: =AH78+AH87 -> 2741.423 | AI89: =AI78+AI87 -> 2634.17
B92: CONTROLADORA: LOCADORA | C92: PARENT COMPANY: LEASING
B93: Imobilizado Bruto BoP | C93: Gross Fixed Assets BoP | D93: 448.57 | E93: 515.705 | F93: 566.289 | G93: 592.803 | H93: 448.57 | I93: 595.406 | J93: 658.988 | K93: 770.831 | L93: 847.144 | M93: 595.406 | N93: 892.674 | O93: 1200.664 | P93: 1524.862 | Q93: 1893.877 | R93: 892.674 | S93: 2324.449 | T93: 2658.659 | U93: 3068.623 | V93: 3212.25 | W93: 2324.449 | X93: 3573.422 | Y93: 3753.565 | Z93: 3785.8 | AA93: 3845.04 | AB93: 3573.422 | AC93: 4240.585 | AD93: =AC98 -> 4188.691 | AE93: =AD98 -> 4190.658 | AF93: =AE98 -> 4158.768 | AG93: =AB98 -> 4240.585 | AH93: =AG98 -> 4194.349 | AI93: =AH98 -> 4102.976
B94: (+) Adições (Capex Release + provisões) | C94: (+) Additions (Capex Release + Provisions) | D94: 72.082 | E94: 56.179 | F94: 46.905 | G94: 31.927 | H94: 207.093 | I94: 69.957 | J94: 119.198 | K94: 90.722 | L94: 55.482 | M94: 335.359 | N94: 314.094 | O94: 355.63 | P94: 370.006 | Q94: 447.029 | R94: 1486.759 | S94: 340.696 | T94: 430.632 | U94: 32.405 | V94: 373.16 | W94: 1176.893 | X94: 203.299 | Y94: 116.379 | Z94: 112.799 | AA94: 133.296 | AB94: 565.773 | AC94: 72.687 | AD94: 103.273 | AE94: 61.721 | AF94: 84.146 | AG94: =SUM(AC94:AF94) -> 321.827 | AH94: 49.291 | AI94: 38.242
B95: (-) Transferências | C95: (-) Transfers | D95: 0.146 | E95: 0.963 | F95: -6.603 | G95: -27.833 | H95: -33.327 | I95: 0 | J95: 0 | K95: 0 | L95: 0 | M95: 0 | N95: 0 | O95: 2.713 | P95: 0.069 | Q95: -2.782 | R95: 0 | S95: 0 | T95: 0 | U95: 164.104 | V95: 0 | W95: 164.104 | X95: 0 | Y95: 0 | Z95: 0 | AA95: 268.394 | AB95: 268.394 | AC95: -9.448 | AD95: 1.005 | AE95: 8.443 | AF95: 0 | AG95: =SUM(AC95:AF95) -> 0 | AH95: 0 | AI95: 2.155
B96: (-) Transferências para bens destinados a venda (Estoque de Seminovos) | C96: (-) Transfers to assets available for sale (used assets stock) | D96: -5.093 | E96: -6.558 | F96: -5.014 | G96: -1.491 | H96: -18.156 | I96: -6.077 | J96: -7.355 | K96: -14.409 | L96: -9.952 | M96: -37.793 | N96: -5.14 | O96: -34.145 | P96: -1.06 | Q96: -13.675 | R96: -54.02 | S96: -6.486 | T96: -18.437 | U96: -52.882 | V96: -11.988 | W96: -89.793 | X96: -20.123 | Y96: -84.144 | Z96: -53.559 | AA96: -6.145 | AB96: -163.971 | AC96: -115.133 | AD96: -95.712 | AE96: -102.054 | AF96: -48.565 | AG96: =SUM(AC96:AF96) -> -361.464 | AH96: -140.461 | AI96: -54.761
B97: (-) Baixas | C97: (-) Write-offs | D97: 0 | E97: 0 | F97: -8.774 | G97: 0 | H97: -8.774 | I97: -0.298 | J97: 0 | K97: 0 | L97: 0 | M97: -0.298 | N97: -0.964 | O97: 0 | P97: 0 | Q97: 0 | R97: -0.964 | S97: 0 | T97: -2.231 | U97: 0 | V97: 0 | W97: -2.231 | X97: -3.033 | Y97: 0 | Z97: 0 | AA97: 0 | AB97: -3.033 | AC97: 0 | AD97: -6.599 | AE97: 0 | AF97: 0 | AG97: =SUM(AC97:AF97) -> -6.599 | AH97: -0.203 | AI97: 0
B98: Imobilizado Bruto EoP | C98: Gross Fixed Assets EoP | D98: 515.705 | E98: 566.289 | F98: 592.803 | G98: 595.406 | H98: 595.406 | I98: 658.988 | J98: 770.831 | K98: 847.144 | L98: 892.674 | M98: 892.674 | N98: 1200.664 | O98: 1524.862 | P98: 1893.877 | Q98: 2324.449 | R98: 2324.449 | S98: 2658.659 | T98: 3068.623 | U98: 3212.25 | V98: 3573.422 | W98: 3573.422 | X98: 3753.565 | Y98: 3785.8 | Z98: 3845.04 | AA98: 4240.585 | AB98: 4240.585 | AC98: 4188.691 | AD98: =SUM(AD93:AD97) -> 4190.658 | AE98: =SUM(AE93:AE97) -> 4158.768 | AF98: =SUM(AF93:AF97) -> 4194.349 | AG98: =SUM(AG93:AG97) -> 4194.349 | AH98: =SUM(AH93:AH97) -> 4102.976 | AI98: =SUM(AI93:AI97) -> 4088.612
B100: Depreciação acumulada BoP | C100: Accumulated Depreciation BoP | D100: -84.337 | E100: -98.529 | F100: -113.181 | G100: -122.804 | H100: -84.337 | I100: -143.131 | J100: -162.136 | K100: -182.358 | L100: -198.383 | M100: -143.131 | N100: -218.307 | O100: -238.403 | P100: -239.511 | Q100: -304.082 | R100: -218.307 | S100: -338.052 | T100: -381.836 | U100: -431.904 | V100: -457.541 | W100: -338.052 | X100: -531.356 | Y100: -596.121 | Z100: -629.763 | AA100: -695.03 | AB100: -531.356 | AC100: -1035.545 | AD100: =AC106 -> -1098.939 | AE100: =AD106 -> -1175.454 | AF100: =AE106 -> -1209.809 | AG100: =AB106 -> -1035.545 | AH100: =AG106 -> -1327.889 | AI100: =AH106 -> -1393.12
B101: (-) Adições | C101: (-) Additions | D101: 0 | E101: 0 | F101: 0 | G101: 0 | H101: 0 | I101: 0 | J101: 0 | K101: 0 | L101: 0 | M101: 0 | N101: 0 | O101: 0 | P101: -29.852 | Q101: 0 | R101: -29.852 | S101: 0 | T101: 0 | U101: 0 | V101: 0 | W101: 0 | X101: 0 | Y101: 0 | Z101: 0 | AA101: 0 | AB101: 0 | AC101: 0 | AD101: 0 | AE101: 0 | AF101: 0 | AG101: =SUM(AC101:AF101) -> 0 | AH101: 0 | AI101: 0
B102: (+) Transferência | C102: (+) Transfers | D102: -0.068 | E102: 0 | F102: -0.002 | G102: 0 | H102: -0.07 | I102: 0 | J102: 0 | K102: 0 | L102: 0.043 | M102: 0.043 | N102: 0 | O102: -0.716 | P102: 0 | Q102: 0.716 | R102: 0 | S102: 0 | T102: 0 | U102: 0 | V102: 0 | W102: 0 | X102: 0 | Y102: 0 | Z102: 0 | AA102: -237.085 | AB102: -237.085 | AC102: 0 | AD102: -2.248 | AE102: 2.248 | AF102: 0 | AG102: =SUM(AC102:AF102) -> 0 | AH102: 0 | AI102: 0.004
B103: (+) Transferências para bens destinados a venda (Estoque de Seminovos) | C103: (-) Transfers to assets available for sale (used assets stock) | D103: 0.82 | E103: 4.208 | F103: 2.858 | G103: 2.812 | H103: 10.698 | I103: 4.525 | J103: 6.948 | K103: 11.706 | L103: 1.818 | M103: 24.997 | N103: 2.559 | O103: 28.301 | P103: 0.249 | Q103: 9.216 | R103: 40.325 | S103: 2.52 | T103: 14.104 | U103: 30.797 | V103: 7.349 | W103: 54.77 | X103: 12.47 | Y103: 50.858 | Z103: 29.01 | AA103: -4.921 | AB103: 87.417 | AC103: 37.963 | AD103: 32.521 | AE103: 74.357 | AF103: 1.356 | AG103: =SUM(AC103:AF103) -> 146.197 | AH103: 50.791 | AI103: 23.717
B104: (+) Baixas | C104: (+) Write-offs | D104: 0 | E104: 0 | F104: 7.381 | G104: -0.127 | H104: 7.254 | I104: 0.143 | J104: 0 | K104: 0 | L104: 0 | M104: 0.143 | N104: 0.417 | O104: 0 | P104: 0 | Q104: 0 | R104: 0.417 | S104: 0 | T104: 1.16 | U104: 0 | V104: 0 | W104: 1.16 | X104: 0.796 | Y104: 0 | Z104: 0 | AA104: 0 | AB104: 0.796 | AC104: 0 | AD104: 4.218 | AE104: -0.001 | AF104: 0.12 | AG104: =SUM(AC104:AF104) -> 4.337 | AH104: 0.202 | AI104: 0
B105: (-) Depreciação | C105: (-) Depreciation | D105: -14.944 | E105: -18.86 | F105: -19.86 | G105: -23.012 | H105: -76.676 | I105: -23.673 | J105: -27.17 | K105: -27.731 | L105: -21.785 | M105: -100.359 | N105: -23.072 | O105: -28.693 | P105: -34.968 | Q105: -43.902 | R105: -130.635 | S105: -46.304 | T105: -65.332 | U105: -56.434 | V105: -81.164 | W105: -249.234 | X105: -78.031 | Y105: -84.5 | Z105: -94.277 | AA105: -98.509 | AB105: -355.317 | AC105: -101.357 | AD105: -111.006 | AE105: -110.959 | AF105: -119.556 | AG105: =SUM(AC105:AF105) -> -442.878 | AH105: -116.224 | AI105: -113.203
B106: Depreciação acumulada EoP | C106: Accumulated Depreciation EoP | D106: -98.529 | E106: -113.181 | F106: -122.804 | G106: -143.131 | H106: -143.131 | I106: -162.136 | J106: -182.358 | K106: -198.383 | L106: -218.307 | M106: -218.307 | N106: -238.403 | O106: -239.511 | P106: -304.082 | Q106: -338.052 | R106: -338.052 | S106: -381.836 | T106: -431.904 | U106: -457.541 | V106: -531.356 | W106: -531.356 | X106: -596.121 | Y106: -629.763 | Z106: -695.03 | AA106: -1035.545 | AB106: -1035.545 | AC106: -1098.939 | AD106: =SUM(AD100:AD105) -> -1175.454 | AE106: =SUM(AE100:AE105) -> -1209.809 | AF106: =SUM(AF100:AF105) -> -1327.889 | AG106: =SUM(AG100:AG105) -> -1327.889 | AH106: =SUM(AH100:AH105) -> -1393.12 | AI106: =SUM(AI100:AI105) -> -1482.602
B108: Imobilizado Líquido EoP | C108: Net Fixed Assets EoP | D108: 417.176 | E108: 453.108 | F108: 469.999 | G108: 452.275 | H108: 452.275 | I108: 496.852 | J108: 588.473 | K108: 648.761 | L108: 674.367 | M108: 674.367 | N108: 962.261 | O108: 1285.351 | P108: 1589.795 | Q108: 1986.397 | R108: 1986.397 | S108: 2276.823 | T108: 2636.719 | U108: 2754.709 | V108: 3042.066 | W108: 3042.066 | X108: 3157.444 | Y108: 3156.037 | Z108: 3150.01 | AA108: 3205.04 | AB108: 3205.04 | AC108: 3089.752 | AD108: =AD98+AD106 -> 3015.204 | AE108: =AE98+AE106 -> 2948.959 | AF108: =AF98+AF106 -> 2866.46 | AG108: =AG98+AG106 -> 2866.46 | AH108: =AH98+AH106 -> 2709.856 | AI108: =AI98+AI106 -> 2606.01
B111: CONSOLIDADO - CONTROLADORA: INDÚSTRIA | C111: CONSOLIDATED - PARENT COMPANY: INDUSTRY/CUSTOMIZATION
B112: Imobilizado Bruto BoP | C112: Gross Fixed Assets BoP | D112: 13.765 | E112: -7.065 | F112: -17.11 | G112: -20.115 | H112: 13.765 | I112: -30.035 | J112: -28.55 | K112: -21.438 | L112: -28.435 | M112: -30.035 | N112: -26.574 | O112: -22.428 | P112: 7.236 | Q112: 188.599 | R112: -26.574 | S112: 196.287 | T112: 194.783 | U112: 84.347 | V112: 89.88 | W112: 196.287 | X112: 96.27 | Y112: 93.829 | Z112: 106.374 | AA112: 107.081 | AB112: 96.27 | AC112: 48.233 | AD112: =AC118 -> 56.012 | AE112: =AD118 -> 56.487 | AF112: =AE118 -> 45.491 | AG112: =AB118 -> 48.233 | AH112: =AG118 -> 54.818 | AI112: =AH118 -> 54.766
B113: (+) Adições (Capex Release + provisões) | C113: (+) Additions (Capex Release + Provisions) | D113: -0.225 | E113: -3.205 | F113: 0.872 | G113: -5.401 | H113: -7.959 | I113: 1.618 | J113: 9.045 | K113: -3.85 | L113: 2.234 | M113: 9.047 | N113: 1.529 | O113: 30.413 | P113: 187.558 | Q113: 5.175 | R113: 224.675 | S113: 9.306 | T113: -109.657 | U113: 6.205 | V113: 11.063 | W113: -83.083 | X113: 1.954 | Y113: 12.738 | Z113: 2.062 | AA113: 15.96 | AB113: 32.714 | AC113: 4.641 | AD113: =AD73-AD94 -> 1.246 | AE113: =AE73-AE94 -> -7.429 | AF113: =AF73-AF94 -> 9.422 | AG113: =SUM(AC113:AF113) -> 7.88 | AH113: -0.052 | AI113: 0.28
B114: (-) Transferências | C114: (-) Transfers | D114: 0 | E114: 0 | F114: 0 | G114: 0 | H114: 0 | I114: 0 | J114: 2.211 | K114: -2.211 | L114: 0.554 | M114: 0.554 | N114: 3.397 | O114: -0.043 | P114: -6.136 | Q114: 2.782 | R114: 0 | S114: 0 | T114: -0.04 | U114: 0.04 | V114: -0.01 | W114: -0.01 | X114: 0 | Y114: 0 | Z114: 0 | AA114: -28.812 | AB114: -28.812 | AC114: 3.591 | AD114: =AD74-AD95 -> -0.067 | AE114: =AE74-AE95 -> -3.524 | AF114: =AF74-AF95 -> 0 | AG114: =SUM(AC114:AF114) -> 0 | AH114: 0 | AI114: 0
B115: (-) Transferências para bens destinados a venda (Estoque de Seminovos) | C115: (-) Transfers to assets available for sale (used assets stock) | D115: -20.605 | E115: -6.84 | F115: -3.722 | G115: -4.564 | H115: -35.731 | I115: 0 | J115: -4.144 | K115: -0.936 | L115: -0.927 | M115: -6.007 | N115: -0.78 | O115: -0.408 | P115: 0.438 | Q115: 0.475 | R115: -0.275 | S115: -10.803 | T115: -0.74 | U115: -0.616 | V115: -0.367 | W115: -12.526 | X115: 0 | Y115: 0 | Z115: 0 | AA115: 0 | AB115: 0 | AC115: 0 | AD115: =AD75-AD96 -> 0 | AE115: =AE75-AE96 -> 0 | AF115: =AF75-AF96 -> 0 | AG115: =SUM(AC115:AF115) -> 0 | AH115: 0 | AI115: 0
B116: (-) Baixas | C116: (-) Write-offs | D116: 0 | E116: 0 | F116: -0.155 | G116: 0.045 | H116: -0.11 | I116: -0.133 | J116: 0 | K116: 0 | L116: 0 | M116: -0.133 | N116: 0 | O116: -0.298 | P116: -0.497 | Q116: -0.744 | R116: -1.539 | S116: -0.007 | T116: 0.001 | U116: -0.096 | V116: -4.296 | W116: -4.398 | X116: -4.395 | Y116: -0.193 | Z116: -1.355 | AA116: -6.664 | AB116: -12.607 | AC116: -0.453 | AD116: =AD76-AD97 -> -0.704 | AE116: =AE76-AE97 -> -0.043 | AF116: =AF76-AF97 -> -0.095 | AG116: =SUM(AC116:AF116) -> -1.295 | AH116: 0 | AI116: -0.122
B117: (-) Operações descontinuadas (Cisão Concessionárias) | C117: (-) Discontinued operations (Dealerships Spin-off) | D117: 0 | E117: 0 | F117: 0 | G117: 0 | H117: 0 | I117: 0 | J117: 0 | K117: 0 | L117: 0 | M117: 0 | N117: 0 | O117: 0 | P117: 0 | Q117: 0 | R117: 0 | S117: 0 | T117: 0 | U117: 0 | V117: 0 | W117: 0 | X117: 0 | Y117: 0 | Z117: 0 | AA117: -39.332 | AB117: -39.332 | AC117: 0 | AD117: =AD86 -> 0 | AE117: =AE86 -> 0 | AF117: =AF86 -> 0 | AG117: =SUM(AC117:AF117) -> 0 | AH117: 0 | AI117: 0
B118: Imobilizado Bruto EoP | C118: Gross Fixed Assets EoP | D118: -7.065 | E118: -17.11 | F118: -20.115 | G118: -30.035 | H118: -30.035 | I118: -28.55 | J118: -21.438 | K118: -28.435 | L118: -26.574 | M118: -26.574 | N118: -22.428 | O118: 7.236 | P118: 188.599 | Q118: 196.287 | R118: 196.287 | S118: 194.783 | T118: 84.347 | U118: 89.88 | V118: 96.27 | W118: 96.27 | X118: 93.829 | Y118: 106.374 | Z118: 107.081 | AA118: 48.233 | AB118: 48.233 | AC118: 56.012 | AD118: =SUM(AD112:AD117) -> 56.487 | AE118: =SUM(AE112:AE117) -> 45.491 | AF118: =SUM(AF112:AF117) -> 54.818 | AG118: =SUM(AG112:AG117) -> 54.818 | AH118: =SUM(AH112:AH117) -> 54.766 | AI118: =SUM(AI112:AI117) -> 54.924
B120: Depreciação acumulada BoP | C120: Accumulated Depreciation BoP | D120: 33.348 | E120: 46.731 | F120: 47.952 | G120: 50.493 | H120: 33.348 | I120: 46.232 | J120: 44.933 | K120: 39.368 | L120: 40.595 | M120: 46.232 | N120: 45.901 | O120: 44.115 | P120: 42.98 | Q120: -45.097 | R120: 45.901 | S120: -48.633 | T120: -45.341 | U120: -50.496 | V120: -53.028 | W120: -48.633 | X120: -54.416 | Y120: -54.491 | Z120: -59.826 | AA120: -61.961 | AB120: -54.416 | AC120: -17.203 | AD120: =AC127 -> -19.184 | AE120: =AD127 -> -20.4702 | AF120: =AE127 -> -20.497 | AG120: =AB127 -> -17.203 | AH120: =AG127 -> -22.113 | AI120: =AH127 -> -23.199
B121: (-) Adições | C121: (-) Additions | D121: 0 | E121: 0 | F121: 0 | G121: 0 | H121: 0 | I121: 0 | J121: -5.037 | K121: -0.187 | L121: 5.224 | M121: 0 | N121: 0 | O121: 0 | P121: -88.458 | Q121: 0 | R121: -88.458 | S121: 0 | T121: -1.28 | U121: -0.481 | V121: -0.33 | W121: -2.091 | X121: 0 | Y121: 0 | Z121: 0 | AA121: 0 | AB121: 0 | AC121: 0 | AD121: =AD81-AD101 -> 0 | AE121: =AE81-AE101 -> 0 | AF121: =AF81-AF101 -> 0 | AG121: =SUM(AC121:AF121) -> 0 | AH121: 0 | AI121: 0
B122: (+) Transferência | C122: (+) Transfers | D122: 0 | E122: 0 | F122: 0 | G122: 0 | H122: 0 | I122: 0 | J122: -2.25 | K122: 0.209 | L122: 1.998 | M122: -0.043 | N122: -1.276 | O122: 0.001 | P122: 1.991 | Q122: -0.716 | R122: 0 | S122: 0 | T122: 0 | U122: 0 | V122: 0 | W122: 0 | X122: 0 | Y122: 0 | Z122: 0 | AA122: 26.299 | AB122: 26.299 | AC122: -2.463 | AD122: =AD82-AD102 -> 1.986 | AE122: =AE82-AE102 -> 0.477 | AF122: =AF82-AF102 -> 0 | AG122: =SUM(AC122:AF122) -> 0 | AH122: 0 | AI122: 0
B123: (+) Transferências para bens destinados a venda (Estoque de Seminovos) | C123: (-) Transfers to assets available for sale (used assets stock) | D123: 15.531 | E123: 4.335 | F123: 5.161 | G123: -0.063 | H123: 24.964 | I123: 0 | J123: 3.525 | K123: 2.896 | L123: -0.758 | M123: 5.663 | N123: 0.715 | O123: 0.001 | P123: -0.241 | Q123: -0.475 | R123: -3.5527137e-15 | S123: 10.795 | T123: 1.712 | U123: 0.001 | V123: 0 | W123: 12.508 | X123: 0 | Y123: 0 | Z123: 0 | AA123: 0 | AB123: 0 | AC123: 0 | AD123: =AD83-AD103 -> 0 | AE123: =AE83-AE103 -> 0 | AF123: =AF83-AF103 -> 0 | AG123: =SUM(AC123:AF123) -> 0 | AH123: 0 | AI123: 0
B124: (+) Baixas | C124: (+) Write-offs | D124: 0 | E124: 0 | F124: -0.127 | G124: 0.127 | H124: 0 | I124: 0 | J124: 0 | K124: 0 | L124: 0 | M124: 0 | N124: 0 | O124: 0 | P124: 0.058 | Q124: 0 | R124: 0.058 | S124: 0.005 | T124: 0.027 | U124: 0.099 | V124: 0.356 | W124: 0.487 | X124: 0 | Y124: 0.189 | Z124: 1.977 | AA124: 0.384 | AB124: 2.55 | AC124: 0.433 | AD124: =AD84-AD104 -> -0.012 | AE124: =AE84-AE104 -> 0.044 | AF124: =AF84-AF104 -> -0.071 | AG124: =SUM(AC124:AF124) -> 0.394 | AH124: 0 | AI124: 0.087
B125: (-) Depreciação | C125: (-) Depreciation | D125: -2.148 | E125: -3.114 | F125: -2.493 | G125: -4.325 | H125: -12.08 | I125: -1.299 | J125: -1.803 | K125: -1.691 | L125: -1.158 | M125: -5.951 | N125: -1.225 | O125: -1.137 | P125: -1.427 | Q125: -2.345 | R125: -6.134 | S125: -7.508 | T125: -5.614 | U125: -2.151 | V125: -1.414 | W125: -16.687 | X125: -0.075 | Y125: -5.524 | Z125: -4.112 | AA125: -1.695 | AB125: -11.406 | AC125: 0.049 | AD125: =AD85-AD105 -> -3.2602 | AE125: =AE85-AE105 -> -0.5478 | AF125: =AF85-AF105 -> -1.545 | AG125: =SUM(AC125:AF125) -> -5.304 | AH125: -1.086 | AI125: -3.652
B126: (+) Operações descontinuadas (Cisão Concessionárias) | C126: (-) Discontinued operations (Dealerships Spin-off) | D126: 0 | E126: 0 | F126: 0 | G126: 0 | H126: 0 | I126: 0 | J126: 0 | K126: 0 | L126: 0 | M126: 0 | N126: 0 | O126: 0 | P126: 0 | Q126: 0 | R126: 0 | S126: 0 | T126: 0 | U126: 0 | V126: 0 | W126: 0 | X126: 0 | Y126: 0 | Z126: 0 | AA126: 19.77 | AB126: 19.77 | AC126: 0 | AD126: =AD86 -> 0 | AE126: =AE86 -> 0 | AF126: =AF86 -> 0 | AG126: =SUM(AC126:AF126) -> 0 | AH126: 0 | AI126: 0
B127: Depreciação acumulada EoP | C127: Accumulated Depreciation EoP | D127: 46.731 | E127: 47.952 | F127: 50.493 | G127: 46.232 | H127: 46.232 | I127: 44.933 | J127: 39.368 | K127: 40.595 | L127: 45.901 | M127: 45.901 | N127: 44.115 | O127: 42.98 | P127: -45.097 | Q127: -48.633 | R127: -48.633 | S127: -45.341 | T127: -50.496 | U127: -53.028 | V127: -54.416 | W127: -54.416 | X127: -54.491 | Y127: -59.826 | Z127: -61.961 | AA127: -17.203 | AB127: -17.203 | AC127: -19.184 | AD127: =SUM(AD120:AD126) -> -20.4702 | AE127: =SUM(AE120:AE126) -> -20.497 | AF127: =SUM(AF120:AF126) -> -22.113 | AG127: =SUM(AG120:AG126) -> -22.113 | AH127: =SUM(AH120:AH126) -> -23.199 | AI127: =SUM(AI120:AI126) -> -26.764
...

Sheet Ativos disponíveis para venda
B6: Ativos disponíveis para venda (R$ milhões) | C6: PP&E (R$ million) | D6: 1Q20 | E6: 2Q20 | F6: 3Q20 | G6: 4Q20 | H6: 2020 | I6: 1Q21 | J6: 2Q21 | K6: 3Q21 | L6: 4Q21 | M6: 2021 | N6: 1Q22 | O6: 2Q22 | P6: 3Q22 | Q6: 4Q22 | R6: 2022 | S6: 1Q23 | T6: 2Q23 | U6: 3Q23 | V6: 4Q23 | W6: 2023 | X6: 1Q24 | Y6: 2Q24 | Z6: 3Q24 | AA6: 4Q24 | AB6: 2024 | AC6: 1Q25 | AD6: 2Q25 | AE6: 3Q25 | AF6: 4Q25 | AG6: 2025 | AH6: 1Q26 | AI6: 2Q26
B7: CAMINHÕES (VEÍCULOS) | C7: VEHICLES
B8: CONSOLIDADO: TODAS AS OPERAÇÕES | C8: CONSOLIDATED: ALL OPERATIONS
B9: Ativos mantidos para venda BoP | C9: Gross Fixed Assets BoP | D9: 108.433 | E9: =D17 -> 125.287 | F9: =E17 -> 137.777 | G9: =F17 -> 94.323 | H9: =D9 -> 108.433 | I9: =G17 -> 73.49 | J9: =I17 -> 63.823 | K9: =J17 -> 74.467 | L9: =K17 -> 67.083 | M9: =I9 -> 73.49 | N9: =L17 -> 80.009 | O9: =N17 -> 91.749 | P9: =O17 -> 128.3 | Q9: =P17 -> 235.451 | R9: =N9 -> 80.009 | S9: =Q17 -> 261.815 | T9: =S17 -> 293.922 | U9: =T17 -> 403.641 | V9: =U17 -> 430.758 | W9: =S9 -> 261.815 | X9: =V17 -> 440.348 | Y9: =X17 -> 490.747 | Z9: =Y17 -> 637.199 | AA9: =Z17 -> 712.867 | AB9: =X9 -> 440.348 | AC9: =AA17 -> 438.541 | AD9: =AC17 -> 391.962 | AE9: =AD17 -> 489.413 | AF9: =AE17 -> 502.523 | AG9: =AB17 -> 438.541 | AH9: =AF17 -> 510.524 | AI9: =AH17 -> 383.755
B10: (+) Bens transferidos do imobilizado | C10: (+) Assets transferred from PP&E | D10: 93.785 | E10: =148.227-D10 -> 54.442 | F10: =171.669-SUM(D10:E10) -> 23.442 | G10: =211.788-SUM(D10:F10) -> 40.119 | H10: =SUM(D10:G10) -> 211.788 | I10: =43.499 -> 43.499 | J10: =88.737-I10 -> 45.238 | K10: =118.509-SUM(I10:J10) -> 29.772 | L10: =186.925-SUM(I10:K10) -> 68.416 | M10: =SUM(I10:L10) -> 186.925 | N10: 76.288 | O10: 99.762 | P10: 145.023 | Q10: 141.589 | R10: =SUM(N10:Q10) -> 462.662 | S10: 240.565 | T10: 209.563 | U10: 245.676 | V10: 170.546 | W10: =SUM(S10:V10) -> 866.35 | X10: 205.571 | Y10: 325.997 | Z10: 262.928 | AA10: -87.046 | AB10: =SUM(X10:AA10) -> 707.45 | AC10: 216.484 | AD10: 393.474 | AE10: 438.4 | AF10: 367.712 | AG10: =SUM(AC10:AF10) -> 1416.07 | AH10: 362.491 | AI10: 497.375
B11: (-) Bens baixados por venda | C11: (-) Assets written off due to sale | D11: -76.931 | E11: =-118.883-D11 -> -41.952 | F11: =-185.779-SUM(D11:E11) -> -66.896 | G11: =-246.731-SUM(D11:F11) -> -60.952 | H11: =SUM(D11:G11) -> -246.731 | I11: =-53.166 -> -53.166 | J11: =-87.76-I11 -> -34.594 | K11: =-124.916-SUM(I11:J11) -> -37.156 | L11: =-180.406-SUM(I11:K11) -> -55.49 | M11: =SUM(I11:L11) -> -180.406 | N11: -36.332 | O11: -60.482 | P11: -68.817 | Q11: -115.225 | R11: =SUM(N11:Q11) -> -280.856 | S11: -208.458 | T11: -99.844 | U11: -218.559 | V11: -160.956 | W11: =SUM(S11:V11) -> -687.817 | X11: -155.172 | Y11: -175.877 | Z11: -188.77 | AA11: -107.781 | AB11: =SUM(X11:AA11) -> -627.6 | AC11: -264.643 | AD11: -296.077 | AE11: -425.292 | AF11: -359.711 | AG11: =SUM(AC11:AF11) -> -1345.723 | AH11: -489.26 | AI11: -450.678
B12: Bens baixados por venda intercompany | C12: (-) Assets written off by intercompany sale | D12: 0 | E12: =0-D12 -> 0 | F12: =0-SUM(D12:E12) -> 0 | G12: =0-SUM(D12:F12) -> 0 | H12: =SUM(D12:G12) -> 0 | I12: =0 -> 0 | J12: =0-I12 -> 0 | K12: =0-SUM(I12:J12) -> 0 | L12: 0 | M12: =SUM(I12:L12) -> 0 | N12: -28.216 | O12: -2.729 | P12: =0-SUM(N12:O12) -> 30.945 | Q12: =0-SUM(N12:P12) -> 0 | R12: =SUM(N12:Q12) -> 0 | S12: 0 | T12: 0 | U12: 0 | V12: 0 | W12: =SUM(S12:V12) -> 0 | X12: 0 | Y12: 0 | Z12: 0 | AA12: 0 | AB12: =SUM(X12:AA12) -> 0 | AC12: 0 | AD12: 0 | AE12: 0 | AF12: 0 | AG12: =SUM(AC12:AF12) -> 0 | AH12: 0 | AI12: 0
B13: (-) Provisão para redução ao valor recuperável (impairment) | C13: (-) Provision for impairment (impairment loss) | D13: 0 | E13: =0-D13 -> 0 | F13: =0-SUM(D13:E13) -> 0 | G13: =0-SUM(D13:F13) -> 0 | H13: =SUM(D13:G13) -> 0 | I13: =0 -> 0 | J13: =0-I13 -> 0 | K13: =0-SUM(I13:J13) -> 0 | L13: 0 | M13: =SUM(I13:L13) -> 0 | N13: 0 | O13: =0-N13 -> 0 | P13: =0-SUM(N13:O13) -> 0 | Q13: =0-SUM(N13:P13) -> 0 | R13: =SUM(N13:Q13) -> 0 | S13: 0 | T13: =0-S13 -> 0 | U13: =0-SUM(S13:T13) -> 0 | V13: 0 | W13: =SUM(S13:V13) -> 0 | X13: 0 | Y13: -3.668 | Z13: 1.51 | AA13: 0.001 | AB13: =SUM(X13:AA13) -> -2.157 | AC13: 0 | AD13: 0 | AE13: 0 | AF13: 0 | AG13: =SUM(AC13:AF13) -> 0 | AH13: 0 | AI13: 0
B14: (-) Reversão das eliminações de lucro não realizado (ii) | C14: (-) Reversal of eliminations of unrealized profit (ii) | D14: 0 | E14: =0-D14 -> 0 | F14: =0-SUM(D14:E14) -> 0 | G14: =0-SUM(D14:F14) -> 0 | H14: =SUM(D14:G14) -> 0 | I14: =0 -> 0 | J14: =0-I14 -> 0 | K14: =0-SUM(I14:J14) -> 0 | L14: 0 | M14: =SUM(I14:L14) -> 0 | N14: 0 | O14: =0-N14 -> 0 | P14: =0-SUM(N14:O14) -> 0 | Q14: =0-SUM(N14:P14) -> 0 | R14: =SUM(N14:Q14) -> 0 | S14: 0 | T14: =0-S14 -> 0 | U14: =0-SUM(S14:T14) -> 0 | V14: 0 | W14: =SUM(S14:V14) -> 0 | X14: 0 | Y14: =0-X14 -> 0 | Z14: =0-SUM(X14:Y14) -> 0 | AA14: -79.5 | AB14: =SUM(X14:AA14) -> -79.5 | AC14: 0 | AD14: 0 | AE14: 0 | AF14: 0 | AG14: =SUM(AC14:AF14) -> 0 | AH14: 0 | AI14: 0
B15: (+) Reversão da provisão para redução ao valor recuperável (impairment) | C15: (+) Reversal of provision for impairment (impairment) | D15: 0 | E15: =0-D15 -> 0 | F15: =0-SUM(D15:E15) -> 0 | G15: =0-SUM(D15:F15) -> 0 | H15: =SUM(D15:G15) -> 0 | I15: =0 -> 0 | J15: =0-I15 -> 0 | K15: =0-SUM(I15:J15) -> 0 | L15: 0 | M15: =SUM(I15:L15) -> 0 | N15: 0 | O15: =0-N15 -> 0 | P15: =0-SUM(N15:O15) -> 0 | Q15: =0-SUM(N15:P15) -> 0 | R15: =SUM(N15:Q15) -> 0 | S15: 0 | T15: =0-S15 -> 0 | U15: =0-SUM(S15:T15) -> 0 | V15: 0 | W15: =SUM(S15:V15) -> 0 | X15: 0 | Y15: =0-X15 -> 0 | Z15: =0-SUM(X15:Y15) -> 0 | AA15: =0-SUM(X15:Z15) -> 0 | AB15: =SUM(X15:AA15) -> 0 | AC15: 0 | AD15: =0-AC15 -> 0 | AE15: =0-SUM(AC15:AD15) -> 0 | AF15: =0-SUM(AC15:AE15) -> 0 | AG15: =SUM(AC15:AF15) -> 0 | AH15: =0-SUM(AE15:AG15) -> 0 | AI15: 0
B16: Outras adições e baixas | C16: Other additions and removals | D16: 0 | E16: =0-D16 -> 0 | F16: =0-SUM(D16:E16) -> 0 | G16: =0-SUM(D16:F16) -> 0 | H16: =SUM(D16:G16) -> 0 | I16: =0 -> 0 | J16: =0-I16 -> 0 | K16: =0-SUM(I16:J16) -> 0 | L16: 0 | M16: =SUM(I16:L16) -> 0 | N16: 0 | O16: =0-N16 -> 0 | P16: =0-SUM(N16:O16) -> 0 | Q16: =0-SUM(N16:P16) -> 0 | R16: =SUM(N16:Q16) -> 0 | S16: 0 | T16: =0-S16 -> 0 | U16: =0-SUM(S16:T16) -> 0 | V16: 0 | W16: =SUM(S16:V16) -> 0 | X16: 0 | Y16: =0-X16 -> 0 | Z16: =0-SUM(X16:Y16) -> 0 | AA16: =0-SUM(X16:Z16) -> 0 | AB16: =SUM(X16:AA16) -> 0 | AC16: 1.58 | AD16: 0.054 | AE16: 0.002 | AF16: 0 | AG16: =SUM(AC16:AF16) -> 1.636 | AH16: 0 | AI16: 0
B17: Ativos mantidos para venda EoP | C17: Gross Fixed Assets EoP | D17: =SUM(D9:D16) -> 125.287 | E17: =SUM(E9:E16) -> 137.777 | F17: =SUM(F9:F16) -> 94.323 | G17: =SUM(G9:G16) -> 73.49 | H17: =SUM(H9:H16) -> 73.49 | I17: =SUM(I9:I16) -> 63.823 | J17: =SUM(J9:J16) -> 74.467 | K17: =SUM(K9:K16) -> 67.083 | ... AI17: =SUM(AI9:AI16) -> 430.452
B19: Depreciação acumulada BoP | C19: Accumulated Depreciation BoP | D19: -48.219 | E19: =D24 -> -52.214 | F19: =E24 -> -63.876 | G19: =F24 -> -45.667 | H19: =D19 -> -48.219 | I19: =-37.021 -> -37.021 | J19: =I24 -> -38.756 | K19: =J24 -> -40.268 | L19: =K24 -> -37.239 | M19: =H24 -> -37.021 | N19: -47.825 | O19: =N24 -> -44.756 | P19: =O24 -> -44.205 | Q19: =P24 -> -55.887 | R19: =M24 -> -47.825 | S19: =Q24 -> -54.43 | T19: =S24 -> -58.066 | U19: =T24 -> -74.387 | V19: =U24 -> -39.648 | W19: =R24 -> -54.43 | X19: =V24 -> -61.108 | Y19: =X24 -> -71.812 | Z19: =Y24 -> -43.95 | AA19: =Z24 -> -49.914 | AB19: =W24 -> -61.108 | AC19: =AA24 -> -63.044 | AD19: =AC24 -> -58.839 | AE19: =AD24 -> -78.062 | AF19: =AE24 -> -90.609 | AG19: =AB24 -> -63.044 | AH19: =AF24 -> -92.881 | AI19: =AH24 -> -74.834
